Workbook

Sheet 1. Curiculum Benchmark - Tổng h
I1: CHƯƠNG TRÌNH ĐÀO TẠO: MÃ NGÀNH: TRÌNH ĐỘ ĐÀO TẠO: KHOA QUẢN LÝ CTĐT:
I2: Chương trình đào tạo đối sánh (trong nước) Đại học Công nghệ, Đại học Quốc gia Hà Nội: https://uet.vnu.edu.vn/chuong-trinh-dao-tao-nganh-cong-nghe-thong-tin-3/ | N2: Chương trình đào tạo quốc tế Bachelor of Science in Computer Science and Engineering of MIT Electrical Engineering & Computer Science Department: https://www.eecs.mit.edu/academics/undergraduate-programs/curriculum/6-3-computer-science-and-engineering/ | AG2: Chuẩn nghề Nghiệp liên quan trong nước (TCVN - Thắng) | AP2: Chuẩn nghề Nghiệp liên quan quốc tế (chuẩn ACM - Thắng) | AQ2: Nhu cầu Nhà sử dụng lao động
A6: Mapping với các chuẩn quốc tế ACM và ASIIN
A7: A | B7: Nhóm các HP đáp ứng các tiêu chuẩn
A8: TT | B8: Mã học phần | C8: Học phần | D8: Học kỳ | E8: Khối kiến thức/ Khối học tập | F8: Số tín chỉ | G8: Bắt buộc/ lựa chọn bắt buộc/ lựa chọn tự do
A9: 1 | C9: Triết học Mác Lênin | D9: Kỳ 1 | E9: Giáo dục Đại cương | F9: 3 | G9: Bắt buộc
C10: Giải tích 1 | D10: Kỳ 1 | E10: Giáo dục Đại cương | F10: 3 | G10: Bắt buộc
C11: Tin học cơ sở 1 | D11: Kỳ 1 | E11: Giáo dục Đại cương | F11: 2 | G11: Bắt buộc
C12: Đại số | D12: Kỳ 1 | E12: Giáo dục Đại cương | F12: 3 | G12: Bắt buộc
C13: Kinh tế chính trị Mác Lênin | D13: Kỳ 2 | E13: Giáo dục Đại cương | F13: 2 | G13: Bắt buộc
C14: Tiếng Anh (Course 1) | D14: Kỳ 2 | E14: Giáo dục Đại cương | F14: 4 | G14: Bắt buộc
C15: Giải tích 2 | D15: Kỳ 2 | E15: Giáo dục Đại cương | F15: 3 | G15: Bắt buộc
B16: INT1155 | C16: Tin học cơ sở 2 | D16: Kỳ 2 | E16: Giáo dục Đại cương | F16: 2 | G16: Bắt buộc
C17: Kỹ thuật số | D17: Kỳ 2 | E17: Giáo dục Đại cương | F17: 2 | G17: Bắt buộc
C18: Pháp luật đại cương | D18: Kỳ 2 | E18: Giáo dục Đại cương | F18: 2 | G18: Bắt buộc
C19: Chủ nghĩa xã hội khoa học | D19: Kỳ 3 | E19: Giáo dục Đại cương | F19: 2 | G19: Bắt buộc
C20: Tiếng Anh (Course 2) | D20: Kỳ 3 | E20: Giáo dục Đại cương | F20: 4 | G20: Bắt buộc
B21: INT1358 | C21: Toán rời rạc 1 | D21: Kỳ 3 | E21: Cơ sở ngành | F21: 3 | G21: Bắt buộc
C22: Xác suất thống kê | D22: Kỳ 3 | E22: Giáo dục Đại cương | F22: 3 | G22: Bắt buộc
B23: ELE1330 | C23: Xử lý tín hiệu số | D23: Kỳ 3 | E23: Cơ sở ngành | F23: 2 | G23: Bắt buộc
B24: INT1339 | C24: Ngôn ngữ lập trình C++ | D24: Kỳ 3 | E24: Cơ sở ngành | F24: 3 | G24: Bắt buộc
C25: Kỹ năng mềm 1 | D25: Kỳ 3 | E25: Giáo dục Đại cương | G25: Lựa chọn tự do
C26: Tư tưởng Hồ Chí Minh | D26: Kỳ 4 | E26: Giáo dục Đại cương | F26: 2 | G26: Bắt buộc
C27: Tiếng Anh (Course 3) | D27: Kỳ 4 | E27: Giáo dục Đại cương | F27: 4 | G27: Bắt buộc
B28: INT130145 | C28: Kiến trúc máy tính | D28: Kỳ 4 | E28: Cơ sở ngành | F28: 3 | G28: Bắt buộc
B29: INT1359 | C29: Toán rời rạc 2 | D29: Kỳ 4 | E29: Cơ sở ngành | F29: 3 | G29: Bắt buộc
B30: INT1306 | C30: Cấu trúc dữ liệu và giải thuật | D30: Kỳ 4 | E30: Cơ sở ngành | F30: 3 | G30: Bắt buộc
B31: ELE1319 | C31: Lý thuyết thông tin | D31: Kỳ 4 | E31: Cơ sở ngành | F31: 3 | G31: Bắt buộc
C32: Kỹ năng mềm 2 | D32: Kỳ 4 | E32: Giáo dục Đại cương | G32: Lựa chọn tự do
C33: Lịch sử Đảng cộng sản Việt Nam | D33: Kỳ 5 | E33: Giáo dục Đại cương | F33: 2 | G33: Bắt buộc
B34: INT13162 | C34: Lập trình với Python | D34: Kỳ 5 | E34: Cơ sở ngành | F34: 3 | G34: Bắt buộc
B35: INT1319 | C35: Hệ điều hành | D35: Kỳ 5 | E35: Cơ sở ngành | F35: 3 | G35: Bắt buộc
B36: INT1336 | C36: Mạng máy tính | D36: Kỳ 5 | E36: Cơ sở ngành | F36: 3 | G36: Bắt buộc
B37: INT1332 | C37: Lập trình hướng đối tượng | D37: Kỳ 5 | E37: Cơ sở ngành | F37: 3 | G37: Bắt buộc
B38: INT1313 | C38: Cơ sở dữ liệu | D38: Kỳ 5 | E38: Cơ sở ngành | F38: 3 | G38: Bắt buộc
C39: Tiếng Anh (Course 3 Plus) | D39: Kỳ 5 | E39: Giáo dục Đại cương | F39: 2 | G39: Bắt buộc
B40: INT1434 | C40: Lập trình web | D40: Kỳ 6 | E40: Chuyên ngành | F40: 3 | G40: Bắt buộc
B41: INT1303 | C41: An toàn và bảo mật hệ thống thông tin | D41: Kỳ 6 | E41: Cơ sở ngành | F41: 3 | G41: Bắt buộc
B42: INT1340 | C42: Nhập môn công nghệ phần mềm | D42: Kỳ 6 | E42: Cơ sở ngành | F42: 3 | G42: Bắt buộc
B43: INT1341 | C43: Nhập môn trí tuệ nhân tạo | D43: Kỳ 6 | E43: Cơ sở ngành | F43: 3 | G43: Bắt buộc
B44: INT14148 | C44: Cơ sở dữ liệu phân tán | D44: Kỳ 6 | E44: Chuyên ngành | F44: 3 | G44: Bắt buộc
B45: INT13147 | C45: Thực tập cơ sở | D45: Kỳ 6 | E45: Cơ sở ngành | F45: 4 | G45: Bắt buộc
C46: Kỹ năng mềm 3 | D46: Kỳ 6 | E46: Giáo dục Đại cương | G46: Lựa chọn tự do
B47: INT1314 | C47: Xử lí ảnh | D47: Kỳ 7 | E47: Chuyên ngành | F47: 3 | G47: Bắt buộc
B48: INT1450 | C48: Quản lí dự án phần mềm | D48: Kỳ 7 | E48: Cơ sở ngành | F48: 3 | G48: Bắt buộc
B49: INT1342 | C49: Phân tích và thiết kế HTTT | D49: Kỳ 7 | E49: Cơ sở ngành | F49: 3 | G49: Bắt buộc
C50: Chọn theo chuyên ngành | D50: Kỳ 7 | E50: Chuyên ngành | F50: 3 | G50: Bắt buộc
B51: INT14151 | C51: Phát triển hệ thống thông minh | D51: Kỳ 7 | E51: Chuyên ngành | F51: 3 | G51: Bắt buộc
B52: INT14149 | C52: IOT và ứng dụng | D52: Kỳ 7 | E52: Chuyên ngành | F52: 3 | G52: Bắt buộc
C53: Môn tự chọn 1 (chọn 1 trong 12 môn bên dưới) | D53: Kỳ 7 | E53: Chuyên ngành | F53: 3 | G53: Lựa chọn bắt buộc
C54: Môn tự chọn 2 (chọn 1 trong 12 môn bên dưới) | D54: Kỳ 7 | E54: Chuyên ngành | F54: 3 | G54: Lựa chọn bắt buộc
C55: Môn tự chọn 3 (chọn 1 trong 12 môn bên dưới) | D55: Kỳ 8 | E55: Chuyên ngành | F55: 3 | G55: Lựa chọn bắt buộc
B56: INT1447 | C56: Phát triển phần mềm hướng Agent | D56: Kỳ 8 | E56: Chuyên ngành | F56: 3 | G56: Lựa chọn bắt buộc
B57: INT1460 | C57: Tương tác người máy | D57: Kỳ 8 | E57: Chuyên ngành | F57: 3 | G57: Lựa chọn bắt buộc
B58: INT14101 | C58: Cấu trúc dữ liệu và giải thuật nâng cao trên Java | D58: Kỳ 8 | E58: Chuyên ngành | F58: 3 | G58: Lựa chọn bắt buộc
B59: INT14152 | C59: Xây dựng phần mềm an toàn | D59: Kỳ 8 | E59: Chuyên ngành | F59: 3 | G59: Lựa chọn bắt buộc
B60: INT1433 | C60: Lập trình mạng | D60: Kỳ 8 | E60: Chuyên ngành | F60: 3 | G60: Lựa chọn bắt buộc
B61: INT1421 | C61: Hệ trợ giúp quyết định | D61: Kỳ 8 | E61: Chuyên ngành | F61: 3 | G61: Lựa chọn bắt buộc
B62: INT1404 | C62: Các hệ thống dựa trên tri thức | D62: Kỳ 8 | E62: Chuyên ngành | F62: 3 | G62: Lựa chọn bắt buộc
B63: INT1418 | C63: Hệ cơ sở dữ liệu đa phương tiện | D63: Kỳ 8 | E63: Chuyên ngành | F63: 3 | G63: Lựa chọn bắt buộc
B64: INT14181 | C64: Quản trị nghiệp vụ thông minh | D64: Kỳ 8 | E64: Chuyên ngành | F64: 3 | G64: Lựa chọn bắt buộc
B65: INT1445 | C65: Phát triển hệ thống thông tin quản lý | D65: Kỳ 8 | E65: Chuyên ngành | F65: 3 | G65: Lựa chọn bắt buộc
B66: INT14150 | C66: Nhập môn khoa học dữ liệu | D66: Kỳ 8 | E66: Chuyên ngành | F66: 3 | G66: Lựa chọn bắt buộc
C67: Chọn theo chuyên ngành | D67: Kỳ 8 | E67: Chuyên ngành | F67: 3 | G67: Bắt buộc
B68: INT14178 | C68: Phân tích yêu cầu phần mềm | D68: Kỳ 8 | E68: Chuyên ngành | F68: 3 | G68: Bắt buộc
B69: INT1461 | C69: Xây dựng các hệ thống nhúng | D69: Kỳ 8 | E69: Chuyên ngành | F69: 3 | G69: Bắt buộc
C70: Chọn theo chuyên ngành | D70: Kỳ 8 | E70: Chuyên ngành | F70: 3 | G70: Bắt buộc
B71: INT1427 | C71: Kiến trúc và thiết kế phần mềm | D71: Kỳ 8 | E71: Chuyên ngành | F71: 3 | G71: Bắt buộc
B72: INT1405 | C72: Các hệ thống phân tán | D72: Kỳ 8 | E72: Chuyên ngành | F72: 3 | G72: Bắt buộc
C73: Chọn theo chuyên ngành | D73: Kỳ 8 | E73: Chuyên ngành | F73: 3 | G73: Bắt buộc
B74: INT1416 | C74: Đảm bảo chất lượng phần mềm | D74: Kỳ 8 | E74: Chuyên ngành | F74: 3 | G74: Bắt buộc
B75: INT1422 | C75: Kho dữ liệu và khai phá dữ liệu | D75: Kỳ 8 | E75: Chuyên ngành | F75: 3 | G75: Bắt buộc
C76: Chọn theo chuyên ngành | D76: Kỳ 8 | E76: Chuyên ngành | F76: 3 | G76: Bắt buộc
B77: INT1449 | C77: Phát triển ứng dụng cho thiết bị di động | D77: Kỳ 8 | E77: Chuyên ngành | F77: 3 | G77: Bắt buộc
B78: INT1445 | C78: Phát triển hệ thống thương mại điện tử | D78: Kỳ 8 | E78: Chuyên ngành | F78: 3 | G78: Bắt buộc
C79: Phương pháp luận NCKH | D79: Kỳ 8 | E79: Giáo dục Đại cương | F79: 3 | G79: Bắt buộc
B80: INT | C80: Thực tập tốt nghiệp | D80: Kỳ 9 | E80: Tốt nghiệp | F80: 6 | G80: Bắt buộc
B81: INT | C81: Đồ án tốt nghiệp | D81: Kỳ 9 | E81: Tốt nghiệp | F81: 6 | G81: Bắt buộc
A83: B | B83: Nhóm đáp ứng 1 phần tiêu chuẩn
A85: C | B85: Nhóm không đáp ứng tiêu chuẩn nào
C86: Giáo dục thể chất 1 | D86: Kỳ 1 | E86: Giáo dục Đại cương | G86: Bắt buộc
C87: Giáo dục quốc phòng | D87: Kỳ 1 | E87: Giáo dục Đại cương | G87: Bắt buộc
C88: Vật lý ứng dụng | D88: Kỳ 2 | E88: Giáo dục Đại cương | F88: 4 | G88: Bắt buộc
C89: Giáo dục thể chất 2 | D89: Kỳ 2 | E89: Giáo dục Đại cương | G89: Bắt buộc
A92: D | B92: Các tiêu chuẩn/tiêu chí và số lượng HP đáp ứng
A93: TT | B93: Tiêu chuẩn | C93: Tiêu chí | D93: Số HP đáp ứng
B94: 1 | C94: 1.1 | D94: 51
B95: 2 | C95: 2.1 | D95: 48
C96: 2.2 | D96: 41
C97: 2.3 | D97: 41
C98: 2.4 | D98: 10
B99: 3 | C99: 3.1 | D99: 13
B100: 4 | C100: 4.1 | D100: 31
C101: 4.2 | D101: 31
B102: 5 | C102: 5.1 | D102: 25
B103: 6 | C103: 6.1 | D103: 13
C104: 6.2 | D104: 13
A108: ĐỐI SANH VỚI CÁC NHÓM NGÀNH/TRƯỜNG
A109: A | B109: Các môn trùng với các ngành cùng Cluster (ngành ATTT)
B110: Mã học phần | C110: Học phần | D110: Học kỳ | E110: Khối kiến thức/ Khối học tập | F110: Số tín chỉ | G110: Bắt buộc/ lựa chọn bắt buộc/ lựa chọn tự do
...

Sheet C.M. Nghị quyết 57 revised
H1: Link trích dẫn: https://thuvienphapluat.vn/van-ban/Cong-nghe-thong-tin/Nghi-quyet-57-NQ-TW-2024-dot-pha-phat-trien-khoa-hoc-cong-nghe-doi-moi-sang-tao-637245.aspx
H2: I. Quan điểm chỉ đạo | M2: II. Mục tiêu đến 2030 | R2: II. Tầm nhìn đến 2045 | U2: III. Nhiệm vụ, giải pháp
A3: STT | B3: Mã học phần | C3: Học phần | D3: Học kỳ | E3: Khối kiến thức/ Khối học tập | F3: Số tín chỉ | G3: Bắt buộc/ lựa chọn bắt buộc/ lựa chọn tự do | H3: 1. Phát triển khoa học, công nghệ, đổi mới sáng tạo và chuyển đổi số là đột phá quan trọng hàng đầu; Phát triển nhanh lực lượng sản xuất hiện đại, hoàn thiện quan hệ sản xuất, đổi mới phương thức quản trị quốc gia | I3: 2. Tăng cường sự lãnh đạo toàn diện của Đảng, phát huy sức mạnh tổng hợp của cả hệ thống chính trị, sự tham gia tích cực của doanh nhân, doanh nghiệp và Nhân dân đối với phát triển khoa học, công nghệ, đổi mới sáng tạo và chuyển đổi số quốc gia; Cách mạng sâu sắc, toàn diện trên tất cả các lĩnh vực; Người dân và doanh nghiệp là trung tâm, là chủ thể, nguồn lực, động lực chính; nhà khoa học là nhân tố then chốt; Nhà nước giữ vai trò dẫn dắt, thúc đẩy. | J3: 3. Thể chế, nhân lực, hạ tầng, dữ liệu và công nghệ chiến lược là những nội dung trọng tâm, cốt lõi, trong đó thể chế là điều kiện tiên quyết; Đổi mới tư duy xây dựng pháp luật bảo đảm yêu cầu quản lý và khuyến khích đổi mới sáng tạo; Chú trọng bảo đảm nguồn nhân lực trình độ cao cho phát triển khoa học, công nghệ, đổi mới sáng tạo và chuyển đổi số quốc gia; Phát triển hạ tầng, nhất là hạ tầng số, công nghệ số; Làm giàu, khai thác tối đa tiềm năng của dữ liệu, đưa dữ liệu thành tư liệu sản xuất chính; Thúc đẩy phát triển nhanh cơ sở dữ liệu lớn, công nghiệp dữ liệu, kinh tế dữ liệu. | K3: 4. Phát triển nhanh và bền vững, từng bước tự chủ về công nghệ, nhất là công nghệ chiến lược; Phát huy tối đa tiềm năng, trí tuệ Việt Nam gắn với nhanh chóng tiếp thu, hấp thụ, làm chủ và ứng dụng thành tựu khoa học, công nghệ tiên tiến của thế giới; Đẩy mạnh nghiên cứu ứng dụng, chú trọng nghiên cứu cơ bản | L3: 5. Bảo đảm chủ quyền quốc gia trên không gian mạng; bảo đảm an ninh mạng, an ninh dữ liệu, an toàn thông tin của tổ chức và cá nhân là yêu cầu xuyên suốt. | M3: 6. Tiềm lực, trình độ khoa học, công nghệ và đổi mới sáng tạo đạt mức tiên tiến ở nhiều lĩnh vực quan trọng: Việt Nam thuộc nhóm 3 nước dẫn đầu Đông Nam Á, nhóm 50 nước đứng đầu thế giới về năng lực cạnh tranh số và chỉ số phát triển Chính phủ điện tử; nhóm 3 nước dẫn đầu khu vực Đông Nam Á về nghiên cứu và phát triển trí tuệ nhân tạo, trung tâm phát triển một số ngành, lĩnh vực công nghiệp công nghệ số mà Việt Nam có lợi thế; Tối thiểu có 5 doanh nghiệp công nghệ số ngang tầm các nước tiên tiến. | N3: 7. Đóng góp của năng suất nhân tố tổng hợp (TFP) vào tăng trưởng kinh tế ở mức trên 55%; tỉ trọng xuất khẩu sản phẩm công nghệ cao trên tổng giá trị hàng hoá xuất khẩu đạt tối thiểu 50%; Quy mô kinh tế số đạt tối thiểu 30% GDP; Tỉ lệ sử dụng dịch vụ công trực tuyến của người dân và doanh nghiệp đạt trên 80%; Giao dịch không dùng tiền mặt đạt 80%; Tỉ lệ doanh nghiệp có hoạt động đổi mới sáng tạo đạt trên 40% trong tổng số doanh nghiệp; Khoa học, công nghệ và đổi mới sáng tạo góp phần quan trọng xây dựng, phát triển giá trị văn hoá, xã hội, con người Việt Nam, đóng góp vào chỉ số phát triển con người (HDI) duy trì trên 0,7. | O3: 8. Kinh phí chi cho nghiên cứu phát triển (R&D) đạt 2% GDP; Ít nhất 3% tổng chi ngân sách hằng năm cho phát triển khoa học, công nghệ, đổi mới sáng tạo, chuyển đổi số quốc gia; Gắn kết chặt chẽ giữa nghiên cứu - ứng dụng - đào tạo; Nguồn nhân lực nghiên cứu khoa học, phát triển công nghệ, đổi mới sáng tạo đạt 12 người trên một vạn dân; Có từ 40 - 50 tổ chức khoa học và công nghệ được xếp hạng khu vực và thế giới; Số lượng công bố khoa học quốc tế tăng trung bình 10%/năm; Số lượng đơn đăng ký sáng chế, văn bằng bảo hộ sáng chế tăng trung bình 16 - 18%/năm, tỉ lệ khai thác thương mại đạt 8 - 10%. | P3: 9. Hạ tầng công nghệ số tiên tiến, hiện đại, dung lượng siêu lớn, băng thông siêu rộng ngang tầm các nước tiên tiến; Từng bước làm chủ một số công nghệ chiến lược, công nghệ số như: Trí tuệ nhân tạo, Internet vạn vật (IoT), dữ liệu lớn, điện toán đám mây, chuỗi khối, bán dẫn, công nghệ lượng tử, nano, thông tin di động 5G, 6G, thông tin vệ tinh...; Phủ sóng 5G toàn quốc; Hoàn thành xây dựng đô thị thông minh đối với các thành phố trực thuộc Trung ương và một số tỉnh. Thu hút thêm ít nhất 3 tổ chức, doanh nghiệp công nghệ hàng đầu thế giới đặt trụ sở, đầu tư nghiên cứu, sản xuất tại Việt Nam. | Q3: 10. Quản lý nhà nước từ Trung ương đến địa phương trên môi trường số, kết nối và vận hành thông suốt giữa các cơ quan; Hoàn thành xây dựng, kết nối, chia sẻ đồng bộ cơ sở dữ liệu quốc gia, cơ sở dữ liệu các ngành; Khai thác và sử dụng có hiệu quả tài nguyên số, dữ liệu số, hình thành sàn giao dịch dữ liệu; Phát triển Chính phủ số, kinh tế số, xã hội số, công dân số, công nghiệp văn hoá số đạt mức cao của thế giới; Việt Nam thuộc nhóm các nước dẫn đầu về an toàn, an ninh không gian mạng, an ninh dữ liệu và bảo vệ dữ liệu. | R3: 11. Khoa học, công nghệ, đổi mới sáng tạo và chuyển đổi số phát triển vững chắc, góp phần đưa Việt Nam trở thành nước phát triển, có thu nhập cao. | S3: 12. Việt Nam có quy mô kinh tế số đạt tối thiểu 50% GDP; là một trong các trung tâm công nghiệp công nghệ số của khu vực và thế giới; thuộc nhóm 30 nước dẫn đầu thế giới về đổi mới sáng tạo, chuyển đổi số. Tỉ lệ doanh nghiệp công nghệ số tương đương các nước phát triển; tối thiểu có 10 doanh nghiệp công nghệ số ngang tầm các nước tiên tiến. | T3: 13. Thu hút thêm ít nhất 5 tổ chức, doanh nghiệp công nghệ hàng đầu thế giới đặt trụ sở, đầu tư nghiên cứu, sản xuất tại Việt Nam. | U3: 14. Nâng cao nhận thức, đột phá về đổi mới tư duy, xác định quyết tâm chính trị mạnh mẽ, quyết liệt lãnh đạo, chỉ đạo, tạo xung lực mới, khí thế mới trong toàn xã hội về phát triển khoa học, công nghệ, đổi mới sáng tạo và chuyển đổi số quốc gia - Nhận thức đầy đủ tầm quan trọng và quán triệt sâu sắc các quan điểm, chủ trương, chính sách của Đảng, Nhà nước về chuyển đổi số, phát triển khoa học, công nghệ, đổi mới sáng tạo - Người đứng đầu phải trực tiếp phụ trách, chỉ đạo; cán bộ, đảng viên phải gương mẫu thực hiện - Nhiệm vụ chuyển đổi số, phát triển khoa học, công nghệ, đổi mới sáng tạo được xác định cụ thể trong chương trình, kế hoạch công tác hằng năm của cơ quan - Bố trí phù hợp số lượng cán bộ có trình độ chuyên môn khoa học kỹ thuật trong cấp uỷ các cấp - Phát huy tinh thần sáng tạo, dám nghĩ, dám làm, dám chịu trách nhiệm của đội ngũ cán bộ, đảng viên trong phát triển khoa học, công nghệ, đổi mới sáng tạo và chuyển đổi số. - Tuyên truyền, giáo dục hiệu quả để nâng cao nhận thức, quyết tâm, phát triển khoa học, công nghệ và đổi mới sáng tạo, thực hiện chuyển đổi số trong cả hệ thống chính trị. - Triển khai sâu rộng phong trào "học tập số", phổ cập, nâng cao kiến thức khoa học, công nghệ, kiến thức số. - Mở rộng đa dạng các hình thức tôn vinh, biểu dương, khen thưởng kịp thời, xứng đáng các nhà khoa học, nhà sáng chế, các doanh nghiệp, tổ chức, cá nhân có thành tích trong phát triển khoa học, công nghệ, đổi mới sáng tạo và chuyển đổi số | V3: 15. Hoàn thiện thể chế; xoá bỏ mọi tư tưởng, quan niệm, rào cản đang cản trở sự phát triển; đưa thể chế thành một lợi thế cạnh tranh trong phát triển khoa học, công nghệ, đổi mới sáng tạo và chuyển đổi số - Phát triển giáo dục và đào tạo; khoa học và công nghệ, đổi mới sáng tạo, chuyển đổi số quốc gia - Hoàn thiện các quy định pháp luật - Thí điểm đối với những vấn đề thực tiễn mới đặt ra; Chấp nhận rủi ro, đầu tư mạo hiểm và độ trễ trong nghiên cứu khoa học, phát triển công nghệ, đổi mới sáng tạo; Để doanh nghiệp thử nghiệm công nghệ; Miễn trừ trách nhiệm trong trường hợp thử nghiệm công nghệ mới, mô hình kinh doanh mới mà có thiệt hại về kinh tế do nguyên nhân khách quan; Hình thành các quỹ đầu tư mạo hiểm cho khởi nghiệp sáng tạo, ươm tạo công nghệ và chuyển đổi số - Nâng cao hiệu quả quản lý nhà nước về khoa học, công nghệ, đổi mới sáng tạo và chuyển đổi số; Phát triển các viện nghiên cứu, trường đại học; Kết hợp chặt chẽ giữa nghiên cứu, ứng dụng và đào tạo; Sáp nhập, giải thể các tổ chức khoa học và công nghệ hoạt động không hiệu quả; Hỗ trợ, phát triển các tổ chức nghiên cứu khoa học và công nghệ công lập hoạt động hiệu quả; Giao quyền tự chủ, tự chịu trách nhiệm, thuê chuyên gia; Khuyến khích các tổ chức nghiên cứu, nhà khoa học thành lập và tham gia điều hành doanh nghiệp dựa trên kết quả nghiên cứu. - Thu hút, sử dụng có hiệu quả mọi nguồn lực đầu tư cho phát triển khoa học, công nghệ, đổi mới sáng tạo, chuyển đổi số quốc gia; Ngân sách chi cho nghiên cứu, phát triển khoa học, công nghệ thực hiện theo cơ chế quỹ; Khuyến khích mua sắm công đối với các sản phẩm, hàng hoá là kết quả nghiên cứu khoa học do doanh nghiệp trong nước tạo ra; Nghiên cứu, tiếp cận, mua các bí mật công nghệ, học hỏi, sao chép các công nghệ tiên tiến của nước ngoài. | W3: 16. Tăng cường đầu tư, hoàn thiện hạ tầng cho khoa học, công nghệ, đổi mới sáng tạo và chuyển đổi số quốc gia - Ban hành Chương trình phát triển công nghệ và công nghiệp chiến lược; Quỹ đầu tư phát triển công nghiệp chiến lược (quốc phòng, không gian, năng lượng, môi trường, công nghệ sinh học, trí tuệ nhân tạo, vật liệu tiên tiến, bán dẫn, công nghệ lượng tử, robot và tự động hoá…); Nghiên cứu, phát triển, ứng dụng, chuyển giao công nghệ chiến lược; It nhất 15% ngân sách sự nghiệp khoa học chi phục vụ nghiên cứu công nghệ chiến lược; Hợp tác công tư về công nghệ chiến lược. - Ban hành các chiến lược nghiên cứu, ứng dụng khoa học, công nghệ khai thác, phát triển không gian: biển, ngầm, vũ trụ. Phát triển hạ tầng, bảo đảm an ninh năng lượng; Quản lý, khai thác, sử dụng hiệu quả tài nguyên khoáng sản - Phát triển các trung tâm nghiên cứu, thử nghiệm, phòng thí nghiệm cho công nghệ chiến lược và khoa học, công nghệ. - Ứng dụng, phát triển công nghệ số; Đầu tư, mua, thuê sản phẩm, dịch vụ số, đào tạo, phát triển, thu hút tổ chức, cá nhân, doanh nghiệp hoạt động chuyển đổi số, phát triển sản phẩm công nghệ số, công nghiệp an ninh mạng; Xây dựng, dùng chung các nền tảng số quốc gia, vùng; Thúc đẩy hệ sinh thái kinh tế số - Hợp tác công tư về hạ tầng số; Phát triển hạ tầng viễn thông, Internet, truyền dẫn dữ liệu vệ tinh, mạng cáp quang, mạng di động; Phát triển hạ tầng vật lý số, hạ tầng tiện ích số; tích hợp cảm biến, ứng dụng công nghệ số. Phát triển ngành công nghiệp IoT - Đầu tư, xây dựng trung tâm dữ liệu, điện toán; Doanh nghiệp nước ngoài đặt trung tâm dữ liệu, điện toán tại Việt Nam; Hình thành hạ tầng lưu trữ, tính toán đạt tiêu chuẩn; Hoàn thành, phát huy Trung tâm dữ liệu quốc gia; vùng; Xây dựng dữ liệu quốc gia, bộ, ngành, địa phương. Dữ liệu thành nguồn tài nguyên tư liệu sản xuất; Xác lập quyền sở hữu, kinh doanh dữ liệu và phân phối giá trị từ dữ liệu; Phát triển kinh tế dữ liệu, thị trường dữ liệu và các sàn giao dịch dữ liệu; Xây dựng các cơ sở dữ liệu lớn có chủ quyền của Việt Nam; Hình thành ngành công nghiệp dữ liệu lớn của Việt Nam. Phát triển ứng dụng trí tuệ nhân tạo dựa trên dữ liệu lớn | X3: 17. Phát triển, trọng dụng nhân lực chất lượng cao, nhân tài đáp ứng yêu cầu phát triển khoa học, công nghệ, đổi mới sáng tạo và chuyển đổi số quốc gia - Đầu tư, đổi mới, nâng cao chất lượng giáo dục, đào tạo, bảo đảm nguồn nhân lực chất lượng cao; Có cơ chế, chính sách hấp dẫn thu hút học sinh, sinh viên giỏi theo học toán học, vật lý, sinh học, hoá học, kỹ thuật và công nghệ then chốt; Xây dựng, triển khai các chương trình đào tạo tài năng; Ban hành cơ chế thu hút người Việt Nam ở nước ngoài, người nước ngoài có trình độ cao về Việt Nam làm việc, sinh sống. Có cơ chế nhập quốc tịch, sở hữu nhà, đất, thu nhập, môi trường làm việc nhằm thu hút, trọng dụng, giữ chân các nhà khoa học đầu ngành, các chuyên gia, các "tổng công trình sư" trong và ngoài nước có khả năng tổ chức, điều hành, chỉ huy, triển khai các nhiệm vụ trọng điểm quốc gia về khoa học và công nghệ, đổi mới sáng tạo, chuyển đổi số, phát triển công nghệ trí tuệ nhân tạo và đào tạo nguồn nhân lực. Xây dựng, kết nối, phát triển mạng lưới chuyên gia, nhà khoa học trong nước, quốc tế. - Xây dựng trường, trung tâm đào tạo tiên tiến chuyên sâu về trí tuệ nhân tạo. Có cơ chế hợp tác công tư đào tạo nhân lực công nghệ số; Xây dựng nền tảng giáo dục, đào tạo trực tuyến, mô hình giáo dục đại học số, nâng cao năng lực số trong xã hội. - Phát triển đội ngũ giảng viên, các nhà khoa học đáp ứng việc giảng dạy lĩnh vực khoa học cơ bản, công nghệ chip bán dẫn, vi mạch, kỹ thuật, công nghệ then chốt; hợp tác với các đại học nước ngoài; đổi mới chương trình đào tạo theo chuẩn quốc tế, hiện đại hoá phương thức đào tạo và ứng dụng công nghệ tiên tiến, nhất là trí tuệ nhân tạo. | Y3: 18. Đẩy mạnh chuyển đổi số, ứng dụng khoa học, công nghệ, đổi mới sáng tạo trong hoạt động của các cơ quan trong hệ thống chính trị; nâng cao hiệu quả quản trị quốc gia, hiệu lực quản lý nhà nước trên các lĩnh vực, bảo đảm quốc phòng và an ninh - Đưa hoạt động của các cơ quan hệ thống chính trị lên môi trường số; Xây dựng nền tảng số dùng chung quốc gia, phát triển hệ thống giám sát, điều hành thông minh quản lý công; Đổi mới giải quyết thủ tục hành chính, cung cấp dịch vụ công không phụ thuộc địa giới hành chính; nâng cao chất lượng dịch vụ công trực tuyến, dịch vụ số, cung cấp dịch vụ công trực tuyến toàn trình, cá nhân hoá và dựa trên dữ liệu; giám sát, đánh giá và trách nhiệm giải trình của cơ quan nhà nước, người có thẩm quyền. Thu hút, tuyển dụng, giữ chân nhân lực khoa học, công nghệ, chuyển đổi số. - Phát triển các nền tảng số an toàn và tăng cường ứng dụng công nghệ số, hình thành công dân số; Phát triển mạng xã hội Việt Nam, xây dựng xã hội số an toàn, lành mạnh; Phát triển văn hoá số, xây dựng bộ quy tắc ứng xử trên không gian mạng, giảm thiểu tác động tiêu cực của công nghệ số; Xây dựng nền tảng số nhằm giám sát, thu thập dữ liệu tài nguyên, môi trường. - Bảo đảm an toàn, an ninh mạng và chủ quyền quốc gia trên nền tảng số và không gian mạng; an ninh, an toàn dữ liệu hợp pháp của tổ chức, cá nhân, doanh nghiệp và chủ quyền an ninh dữ liệu quốc gia. Hiện đại hoá vũ khí, trang bị kỹ thuật quân sự, an ninh. Ứng dụng công nghệ số trong chỉ huy, điều hành tác chiến vũ trang, làm chủ công nghệ cao trong quốc phòng, an ninh; Ngăn chặn tội phạm; Xây dựng, phát huy sức mạnh thế trận chiến tranh nhân dân, thế trận lòng dân. | Z3: 19. Thúc đẩy mạnh mẽ hoạt động khoa học, công nghệ, đổi mới sáng tạo và chuyển đổi số trong doanh nghiệp - Có các chính sách ưu đãi, khuyến khích doanh nghiệp đầu tư cho chuyển đổi số, nghiên cứu, ứng dụng khoa học, đổi mới công nghệ; Chuyển giao tri thức, đào tạo nhân lực khoa học, công nghệ, đổi mới sáng tạo thông qua doanh nghiệp có vốn đầu tư trực tiếp nước ngoài (FDI); Hỗ trợ doanh nghiệp công nghệ trong nước đầu tư ra nước ngoài. - Có chính sách khuyến khích tinh thần khởi nghiệp về khoa học, công nghệ, đổi mới sáng tạo và chuyển đổi số, chính sách hỗ trợ khởi nghiệp, thu hút các doanh nghiệp trong và ngoài nước khởi nghiệp tại Việt Nam. - Có cơ chế, chính sách hỗ trợ hình thành và phát triển một số doanh nghiệp công nghệ số chiến lược trong nước quy mô lớn để phát triển hạ tầng số, dẫn dắt chuyển đổi số quốc gia và đủ năng lực cạnh tranh quốc tế; cơ chế đặt hàng, giao nhiệm vụ cho các doanh nghiệp công nghệ số thực hiện các nhiệm vụ trọng điểm về chuyển đổi số; cơ chế ưu đãi về đất đai, tín dụng, thuế trong nghiên cứu, thử nghiệm, ứng dụng, phát triển, sản xuất sản phẩm, dịch vụ công nghệ số. Phát triển một số khu công nghiệp công nghệ số. Thúc đẩy doanh nghiệp tái đầu tư hạ tầng, đầu tư nghiên cứu và phát triển (R&D). - Tiêu dùng sản phẩm, dịch vụ trên môi trường số, bảo đảm kinh tế số các ngành, lĩnh vực đạt 70% kinh tế số; đẩy mạnh sản xuất thông minh trong: Nông nghiệp, thương mại, tài chính, giáo dục, y tế, giao thông, logistics. | AA3: 20. Tăng cường hợp tác quốc tế trong phát triển khoa học, công nghệ, đổi mới sáng tạo và chuyển đổi số Hợp tác nghiên cứu khoa học, phát triển công nghệ với các quốc gia có trình độ khoa học và công nghệ, chuyển đổi số phát triển, nhất là các lĩnh vực trí tuệ nhân tạo, công nghệ sinh học, công nghệ lượng tử, bán dẫn, năng lượng nguyên tử và các công nghệ chiến lược khác. Có chính sách mua, chuyển giao công nghệ tiên tiến. Tham gia xây dựng các quy tắc, tiêu chuẩn quốc tế về các công nghệ mới bảo đảm an toàn và cùng có lợi. Thúc đẩy nâng cao năng lực và chuyển giao công nghệ trong các thoả thuận quốc tế, điều ước quốc tế mà Việt Nam là thành viên tham gia. | AB3: Count All
A4: 1 | C4: Triết học Mác Lênin | D4: Kỳ 1 | E4: Giáo dục Đại cương | F4: 3 | G4: Bắt buộc | H4: Đáp ứng tốt cho tiêu chí với các kiến thức như: Các kiến thức khoa học triết học giúp phát triển nhanh lực lượng sản xuất hiện đại, hoàn thiện quan hệ sản xuất | I4: Đáp ứng tốt cho tiêu chí với các kiến thức như: Mối quan hệ giữa giai cấp – dân tộc – nhân loại đóng góp cho toàn bộ tiêu chí | J4: Đáp ứng tốt cho tiêu chí với các kiến thức như: Mối quan hệ biện chứng giữa tồn tại xã hội và ý thức xã hội đóng góp cho kiến thức về thể chế | M4: Đáp ứng tốt cho tiêu chí với các kiến thức như: Các kiến thức khoa học triết học đóng góp cho tiềm lực, trình độ khoa học, công nghệ và đổi mới sáng tạo | R4: Đáp ứng tốt cho tiêu chí với các kiến thức như: Các kiến thức khoa học triết học | V4: Đáp ứng tốt cho tiêu chí với các kiến thức như: Nội dung môn học đóng góp vào phát triển khoa học và công nghệ, đổi mới sáng tạo, chuyển đổi số | X4: Đáp ứng tốt cho tiêu chí với các kiến thức như: Đóng góp chung vào nội dung phát triển, trọng dụng nhân lực chất lượng cao, nhân tài đáp ứng yêu cầu phát triển khoa học, công nghệ, đổi mới sáng tạo và chuyển đổi số | AB4: =COUNTA(H4:AA4) -> 7
A5: 2 | C5: Giải tích 1 | D5: Kỳ 1 | E5: Giáo dục Đại cương | F5: 3 | G5: Bắt buộc | H5: Đáp ứng tốt cho tiêu chí với các kiến thức như: Các kiến thức khoa học cơ bản về giải tích góp phần phát triển khoa học, công nghệ, đổi mới sáng tạo và chuyển đổi số | K5: Đáp ứng tốt cho tiêu chí với các kiến thức như: Các kiến thức khoa học cơ bản về giải tích đóng góp cho nghiên cứu cơ bản và ứng dụng | M5: Đáp ứng tốt cho tiêu chí với các kiến thức như: Các kiến thức khoa học cơ bản về giải tích đóng góp cho tiềm lực, trình độ khoa học, công nghệ và đổi mới sáng tạo | R5: Đáp ứng tốt cho tiêu chí với các kiến thức như: Các kiến thức khoa học cơ bản về giải tích | V5: Đáp ứng tốt cho tiêu chí với các kiến thức như: Nội dung môn học đóng góp vào phát triển khoa học và công nghệ, đổi mới sáng tạo, chuyển đổi số | X5: Đáp ứng tốt cho tiêu chí với các kiến thức như: Đóng góp chung vào nội dung phát triển, trọng dụng nhân lực chất lượng cao, nhân tài đáp ứng yêu cầu phát triển khoa học, công nghệ, đổi mới sáng tạo và chuyển đổi số | AB5: =COUNTA(H5:AA5) -> 6
A6: 3 | C6: Tin học cơ sở 1 | D6: Kỳ 1 | E6: Giáo dục Đại cương | F6: 2 | G6: Bắt buộc | H6: Đáp ứng tốt cho tiêu chí với các kiến thức như: Các kiến thức cơ sở về điện toán giúp phát triển khoa học, công nghệ, đổi mới sáng tạo và chuyển đổi số | K6: Đáp ứng tốt cho tiêu chí với các kiến thức như: Đóng góp cho nghiên cứu ứng dụng | L6: Đáp ứng tốt cho tiêu chí với các kiến thức như: Virus máy tính và phương pháp phòng chống | M6: Đáp ứng tốt cho tiêu chí với các kiến thức như: Các kiến thức cơ sở về điện toán đóng góp cho năng lực cạnh tranh số và chỉ số phát triển Chính phủ điện tử | Q6: Đáp ứng tốt cho tiêu chí với các kiến thức như: Nội dung môn học đóng góp vào phát triển Chính phủ số, kinh tế số, xã hội số, công dân số, công nghiệp văn hoá số | R6: Đáp ứng tốt cho tiêu chí với các kiến thức như: Các kiến thức cơ sở về điện toán | V6: Đáp ứng tốt cho tiêu chí với các kiến thức như: Nội dung môn học đóng góp vào phát triển khoa học và công nghệ, đổi mới sáng tạo, chuyển đổi số | X6: Đáp ứng tốt cho tiêu chí với các kiến thức như: Đóng góp chung vào nội dung phát triển, trọng dụng nhân lực chất lượng cao, nhân tài đáp ứng yêu cầu phát triển khoa học, công nghệ, đổi mới sáng tạo và chuyển đổi số | Y6: Đáp ứng tốt cho tiêu chí với các kiến thức như: Đóng góp chung vào nội dung đẩy mạnh chuyển đổi số, hình thành công dân số, phát triển văn hóa số. | AB6: =COUNTA(H6:AA6) -> 9
A7: 4 | C7: Đại số | D7: Kỳ 1 | E7: Giáo dục Đại cương | F7: 3 | G7: Bắt buộc | H7: Đáp ứng tốt cho tiêu chí với các kiến thức như: Các kiến thức cơ bản về đại số làm nền tảng phát triển khoa học, công nghệ, đổi mới sáng tạo và chuyển đổi số | K7: Đáp ứng tốt cho tiêu chí với các kiến thức như: Các kiến thức cơ bản về đại số đóng góp cho nghiên cứu cơ bản và ứng dụng | M7: Đáp ứng tốt cho tiêu chí với các kiến thức như: Các kiến thức cơ bản về đại số đóng góp cho tiềm lực, trình độ khoa học, công nghệ và đổi mới sáng tạo | R7: Đáp ứng tốt cho tiêu chí với các kiến thức như: Các kiến thức cơ bản về đại số | V7: Đáp ứng tốt cho tiêu chí với các kiến thức như: Nội dung môn học đóng góp vào phát triển khoa học và công nghệ, đổi mới sáng tạo, chuyển đổi số | X7: Đáp ứng tốt cho tiêu chí với các kiến thức như: Đóng góp chung vào nội dung phát triển, trọng dụng nhân lực chất lượng cao, nhân tài đáp ứng yêu cầu phát triển khoa học, công nghệ, đổi mới sáng tạo và chuyển đổi số | AB7: =COUNTA(H7:AA7) -> 6
A8: 5 | C8: Giáo dục thể chất 1 | D8: Kỳ 1 | E8: Giáo dục Đại cương | G8: Bắt buộc | H8: Đáp ứng tốt cho tiêu chí với các kiến thức như: Các kiến thức khoa học giáo dục thể chất góp phần phát triển nhanh lực lượng sản xuất hiện đại | M8: Đáp ứng tốt cho tiêu chí với các kiến thức như: Các kiến thức khoa học giáo dục thể chất đóng góp cho tiềm lực, trình độ khoa học, công nghệ và đổi mới sáng tạo | R8: Đáp ứng tốt cho tiêu chí với các kiến thức như: Các kiến thức khoa học giáo dục thể chất | X8: Đáp ứng tốt cho tiêu chí với các kiến thức như: Đóng góp chung vào nội dung phát triển, trọng dụng nhân lực chất lượng cao, nhân tài đáp ứng yêu cầu phát triển khoa học, công nghệ, đổi mới sáng tạo và chuyển đổi số | AB8: =COUNTA(H8:AA8) -> 4
A9: 6 | C9: Giáo dục quốc phòng | D9: Kỳ 1 | E9: Giáo dục Đại cương | G9: Bắt buộc | H9: Đáp ứng tốt cho tiêu chí với các kiến thức như: Các kiến thức giáo dục quốc phòng góp phần đổi mới phương thức quản trị quốc gia | I9: Đáp ứng tốt cho tiêu chí với các kiến thức như: Công tác quốc phòng, an ninh, lực lượng vũ trang đóng góp vào tăng cường sự lãnh đạo toàn diện của Đảng, phát huy sức mạnh tổng hợp của cả hệ thống chính trị | R9: Đáp ứng tốt cho tiêu chí với các kiến thức như: Các kiến thức giáo dục quốc phòng | X9: Đáp ứng tốt cho tiêu chí với các kiến thức như: Đóng góp chung vào nội dung phát triển, trọng dụng nhân lực chất lượng cao, nhân tài đáp ứng yêu cầu phát triển khoa học, công nghệ, đổi mới sáng tạo và chuyển đổi số | AB9: =COUNTA(H9:AA9) -> 4
A10: 7 | C10: Kinh tế chính trị Mác Lênin | D10: Kỳ 2 | E10: Giáo dục Đại cương | F10: 2 | G10: Bắt buộc | H10: Đáp ứng tốt cho tiêu chí với các kiến thức như: Các kiến thức cơ bản về kinh tế chính trị góp phần phát triển nhanh lực lượng sản xuất hiện đại, hoàn thiện quan hệ sản xuất, đổi mới phương thức quản trị quốc gia | I10: Đáp ứng tốt cho tiêu chí với các kiến thức như: Vai trò của các chủ thể tham gia thị trường đóng góp cho yêu cầu cách mạng sâu sắc, toàn diện trên tất cả các lĩnh vực; người dân và doanh nghiệp là trung tâm, là chủ thể, nguồn lực, động lực chính; nhà khoa học là nhân tố then chốt; Nhà nước giữ vai trò dẫn dắt, thúc đẩy. | J10: Đáp ứng tốt cho tiêu chí với các kiến thức như: Hoàn thiện thể chế kinh tế thị trường định hướng XHCN ở Việt Nam đóng góp cho kiến thức về thể chế | M10: Đáp ứng tốt cho tiêu chí với các kiến thức như: Các kiến thức cơ bản về kinh tế chính trị đóng góp vào tiềm lực, trình độ khoa học, công nghệ và đổi mới sáng tạo | R10: Đáp ứng tốt cho tiêu chí với các kiến thức như: Các kiến thức cơ bản về kinh tế chính trị | V10: Đáp ứng tốt cho tiêu chí với các kiến thức như: Nội dung môn học đóng góp vào hoàn thiện thể chế, phát triển khoa học và công nghệ, đổi mới sáng tạo, chuyển đổi số | X10: Đáp ứng tốt cho tiêu chí với các kiến thức như: Đóng góp chung vào nội dung phát triển, trọng dụng nhân lực chất lượng cao, nhân tài đáp ứng yêu cầu phát triển khoa học, công nghệ, đổi mới sáng tạo và chuyển đổi số | AB10: =COUNTA(H10:AA10) -> 7
A11: 8 | C11: Tiếng Anh (Course 1) | D11: Kỳ 2 | E11: Giáo dục Đại cương | F11: 4 | G11: Bắt buộc | H11: Đáp ứng tốt cho tiêu chí với các kiến thức như: Các kiến thức ngoại ngữ, ngôn ngữ học góp phần phát triển nhanh lực lượng sản xuất hiện đại | R11: Đáp ứng tốt cho tiêu chí với các kiến thức như: Các kiến thức ngoại ngữ, ngôn ngữ học | X11: Đáp ứng tốt cho tiêu chí với các kiến thức như: Đóng góp chung vào nội dung phát triển, trọng dụng nhân lực chất lượng cao, nhân tài đáp ứng yêu cầu phát triển khoa học, công nghệ, đổi mới sáng tạo và chuyển đổi số | AB11: =COUNTA(H11:AA11) -> 3
A12: 9 | C12: Giải tích 2 | D12: Kỳ 2 | E12: Giáo dục Đại cương | F12: 3 | G12: Bắt buộc | H12: Đáp ứng tốt cho tiêu chí với các kiến thức như: Kiến thức khoa học cơ bản toán học giải tích góp phần phát triển khoa học, công nghệ, đổi mới sáng tạo và chuyển đổi số | K12: Đáp ứng tốt cho tiêu chí với các kiến thức như: Kiến thức khoa học cơ bản toán học giải tích đóng góp cho nghiên cứu cơ bản và ứng dụng | M12: Đáp ứng tốt cho tiêu chí với các kiến thức như: Kiến thức khoa học cơ bản toán học giải tích đóng góp vào tiềm lực, trình độ khoa học, công nghệ và đổi mới sáng tạo | R12: Đáp ứng tốt cho tiêu chí với các kiến thức như: Kiến thức khoa học cơ bản toán học giải tích | V12: Đáp ứng tốt cho tiêu chí với các kiến thức như: Nội dung môn học đóng góp vào phát triển khoa học và công nghệ, đổi mới sáng tạo, chuyển đổi số | X12: Đáp ứng tốt cho tiêu chí với các kiến thức như: Đóng góp chung vào nội dung phát triển, trọng dụng nhân lực chất lượng cao, nhân tài đáp ứng yêu cầu phát triển khoa học, công nghệ, đổi mới sáng tạo và chuyển đổi số | AB12: =COUNTA(H12:AA12) -> 6
A13: 10 | C13: Vật lý ứng dụng | D13: Kỳ 2 | E13: Giáo dục Đại cương | F13: 4 | G13: Bắt buộc | H13: Đáp ứng tốt cho tiêu chí với các kiến thức như: Kiến thức cơ bản về vật lý ứng dụng góp phần phát triển khoa học, công nghệ, đổi mới sáng tạo | K13: Đáp ứng tốt cho tiêu chí với các kiến thức như: Kiến thức cơ bản về vật lý ứng dụng đóng góp cho cả nghiên cứu cơ bản và ứng dụng | M13: Đáp ứng tốt cho tiêu chí với các kiến thức như: Kiến thức cơ bản về vật lý ứng dụng đóng góp vào tiềm lực, trình độ khoa học, công nghệ và đổi mới sáng tạo | R13: Đáp ứng tốt cho tiêu chí với các kiến thức như: Kiến thức cơ bản về vật lý ứng dụng | V13: Đáp ứng tốt cho tiêu chí với các kiến thức như: Nội dung môn học đóng góp vào phát triển khoa học và công nghệ, đổi mới sáng tạo, chuyển đổi số | X13: Đáp ứng tốt cho tiêu chí với các kiến thức như: Đóng góp chung vào nội dung phát triển, trọng dụng nhân lực chất lượng cao, nhân tài đáp ứng yêu cầu phát triển khoa học, công nghệ, đổi mới sáng tạo và chuyển đổi số | AB13: =COUNTA(H13:AA13) -> 6
A14: 11 | B14: INT1155 | C14: Tin học cơ sở 2 | D14: Kỳ 2 | E14: Giáo dục Đại cương | F14: 2 | G14: Bắt buộc | H14: Đáp ứng tốt cho tiêu chí với các kiến thức như: Giới thiệu ngôn ngữ lập trình làm nền tảng phát triển khoa học, công nghệ, đổi mới sáng tạo và chuyển đổi số | K14: Đáp ứng tốt cho tiêu chí với các kiến thức như: Cơ bản về lập trình đóng góp cho nghiên cứu ứng dụng | M14: Đáp ứng tốt cho tiêu chí với các kiến thức như: Cơ bản về lập trình đóng góp vào phát triển một số ngành, lĩnh vực công nghiệp công nghệ số mà Việt Nam có lợi thế | R14: Đáp ứng tốt cho tiêu chí với các kiến thức như: Cơ bản về lập trình | V14: Đáp ứng tốt cho tiêu chí với các kiến thức như: Nội dung môn học đóng góp vào phát triển khoa học và công nghệ, đổi mới sáng tạo, chuyển đổi số | X14: Đáp ứng tốt cho tiêu chí với các kiến thức như: Đóng góp chung vào nội dung phát triển, trọng dụng nhân lực chất lượng cao, nhân tài đáp ứng yêu cầu phát triển khoa học, công nghệ, đổi mới sáng tạo và chuyển đổi số | Y14: Đáp ứng tốt cho tiêu chí với các kiến thức như: Đóng góp chung vào nội dung đẩy mạnh chuyển đổi số, hình thành công dân số, phát triển văn hóa số. | AB14: =COUNTA(H14:AA14) -> 7
A15: 12 | C15: Kỹ thuật số | D15: Kỳ 2 | E15: Giáo dục Đại cương | F15: 2 | G15: Bắt buộc | H15: Đáp ứng tốt cho tiêu chí với các kiến thức như: Kiến thức cơ bản về kỹ thuật số góp phần phát triển khoa học, công nghệ, đổi mới sáng tạo và chuyển đổi số | K15: Đáp ứng tốt cho tiêu chí với các kiến thức như: Các kiến thức khoa học cơ bản và ứng dụng | M15: Đáp ứng tốt cho tiêu chí với các kiến thức như: Kiến thức cơ bản về kỹ thuật số đóng góp vào tiềm lực, trình độ khoa học, công nghệ và đổi mới sáng tạo | R15: Đáp ứng tốt cho tiêu chí với các kiến thức như: Kiến thức cơ bản về kỹ thuật số | V15: Đáp ứng tốt cho tiêu chí với các kiến thức như: Nội dung môn học đóng góp vào phát triển khoa học và công nghệ, đổi mới sáng tạo, chuyển đổi số | X15: Đáp ứng tốt cho tiêu chí với các kiến thức như: Đóng góp chung vào nội dung phát triển, trọng dụng nhân lực chất lượng cao, nhân tài đáp ứng yêu cầu phát triển khoa học, công nghệ, đổi mới sáng tạo và chuyển đổi số | Y15: Đáp ứng tốt cho tiêu chí với các kiến thức như: Đóng góp chung vào nội dung đẩy mạnh chuyển đổi số, hình thành công dân số, phát triển văn hóa số. | AB15: =COUNTA(H15:AA15) -> 7
A16: 13 | C16: Pháp luật đại cương | D16: Kỳ 2 | E16: Giáo dục Đại cương | F16: 2 | G16: Bắt buộc | H16: Đáp ứng tốt cho tiêu chí với các kiến thức như: Kiến thức cơ bản về pháp luật góp phần phát triển nhanh lực lượng sản xuất hiện đại, hoàn thiện quan hệ sản xuất, đổi mới phương thức quản trị quốc gia | J16: Đáp ứng tốt cho tiêu chí với các kiến thức như: Thể chế, hệ thống pháp luật đóng góp cho kiến thức về thể chế, tư duy xây dựng pháp luật | R16: Đáp ứng tốt cho tiêu chí với các kiến thức như: Kiến thức cơ bản về pháp luật | V16: Đáp ứng tốt cho tiêu chí với các kiến thức như: Nội dung môn học đóng góp vào hoàn thiện các quy định của pháp luật | X16: Đáp ứng tốt cho tiêu chí với các kiến thức như: Đóng góp chung vào nội dung phát triển, trọng dụng nhân lực chất lượng cao, nhân tài đáp ứng yêu cầu phát triển khoa học, công nghệ, đổi mới sáng tạo và chuyển đổi số | AB16: =COUNTA(H16:AA16) -> 5
A17: 14 | C17: Giáo dục thể chất 2 | D17: Kỳ 2 | E17: Giáo dục Đại cương | G17: Bắt buộc | H17: Đáp ứng tốt cho tiêu chí với các kiến thức như: Các kiến thức khoa học giáo dục thể chất góp phần phát triển nhanh lực lượng sản xuất hiện đại | M17: Đáp ứng tốt cho tiêu chí với các kiến thức như: Các kiến thức khoa học giáo dục thể chất đóng góp vào tiềm lực, trình độ khoa học, công nghệ và đổi mới sáng tạo | R17: Đáp ứng tốt cho tiêu chí với các kiến thức như: Các kiến thức khoa học giáo dục thể chất | X17: Đáp ứng tốt cho tiêu chí với các kiến thức như: Đóng góp chung vào nội dung phát triển, trọng dụng nhân lực chất lượng cao, nhân tài đáp ứng yêu cầu phát triển khoa học, công nghệ, đổi mới sáng tạo và chuyển đổi số | AB17: =COUNTA(H17:AA17) -> 4
C18: Chủ nghĩa xã hội khoa học | D18: Kỳ 3 | E18: Giáo dục Đại cương | F18: 2 | G18: Bắt buộc | H18: Đáp ứng tốt cho tiêu chí với các kiến thức như: Các kiến thức cơ bản về chủ nghĩa xã hội khoa học góp phần hoàn thiện quan hệ sản xuất, đổi mới phương thức quản trị quốc gia | I18: Đáp ứng tốt cho tiêu chí với các kiến thức như: Lý luận quan hệ giai cấp v.v. đóng góp cho toàn bộ tiêu chí | J18: Đáp ứng tốt cho tiêu chí với các kiến thức như: Phương hướng xây dựng chủ nghĩa xã hội ở Việt Nam hiện nay đóng góp cho kiến thức về thể chế | M18: Đáp ứng tốt cho tiêu chí với các kiến thức như: Các kiến thức cơ bản về chủ nghĩa xã hội khoa học đóng góp vào tiềm lực, trình độ khoa học, công nghệ và đổi mới sáng tạo | R18: Đáp ứng tốt cho tiêu chí với các kiến thức như: Các kiến thức cơ bản về chủ nghĩa xã hội khoa học | V18: Đáp ứng tốt cho tiêu chí với các kiến thức như: Nội dung môn học đóng góp vào hoàn thiện thể chế, phát triển khoa học và công nghệ, đổi mới sáng tạo, chuyển đổi số | X18: Đáp ứng tốt cho tiêu chí với các kiến thức như: Đóng góp chung vào nội dung phát triển, trọng dụng nhân lực chất lượng cao, nhân tài đáp ứng yêu cầu phát triển khoa học, công nghệ, đổi mới sáng tạo và chuyển đổi số | AB18: =COUNTA(H18:AA18) -> 7
C19: Tiếng Anh (Course 2) | D19: Kỳ 3 | E19: Giáo dục Đại cương | F19: 4 | G19: Bắt buộc | H19: Đáp ứng tốt cho tiêu chí với các kiến thức như: Các kiến thức ngoại ngữ, ngôn ngữ học góp phần phát triển nhanh lực lượng sản xuất hiện đại | R19: Đáp ứng tốt cho tiêu chí với các kiến thức như: Các kiến thức ngoại ngữ, ngôn ngữ học | X19: Đáp ứng tốt cho tiêu chí với các kiến thức như: Đóng góp chung vào nội dung phát triển, trọng dụng nhân lực chất lượng cao, nhân tài đáp ứng yêu cầu phát triển khoa học, công nghệ, đổi mới sáng tạo và chuyển đổi số | AB19: =COUNTA(H19:AA19) -> 3
A20: 15 | B20: INT1358 | C20: Toán rời rạc 1 | D20: Kỳ 3 | E20: Cơ sở ngành | F20: 3 | G20: Bắt buộc | H20: Đáp ứng tốt cho tiêu chí với các kiến thức như: Kiến thức cơ bản về toán rời rạc góp phần phát triển khoa học, công nghệ, đổi mới sáng tạo và chuyển đổi số | K20: Đáp ứng tốt cho tiêu chí với các kiến thức như: Các kiến thức khoa học cơ bản và ứng dụng | M20: Đáp ứng tốt cho tiêu chí với các kiến thức như: Kiến thức cơ bản về toán rời rạc đóng góp vào tiềm lực, trình độ khoa học, công nghệ và đổi mới sáng tạo | R20: Đáp ứng tốt cho tiêu chí với các kiến thức như: Kiến thức cơ bản về toán rời rạc | V20: Đáp ứng tốt cho tiêu chí với các kiến thức như: Nội dung môn học đóng góp vào phát triển khoa học và công nghệ, đổi mới sáng tạo, chuyển đổi số | X20: Đáp ứng tốt cho tiêu chí với các kiến thức như: Đóng góp chung vào nội dung phát triển, trọng dụng nhân lực chất lượng cao, nhân tài đáp ứng yêu cầu phát triển khoa học, công nghệ, đổi mới sáng tạo và chuyển đổi số | Y20: Đáp ứng tốt cho tiêu chí với các kiến thức như: Đóng góp chung vào nội dung đẩy mạnh chuyển đổi số, hình thành công dân số, phát triển văn hóa số. | AB20: =COUNTA(H20:AA20) -> 7
A21: 16 | C21: Xác suất thống kê | D21: Kỳ 3 | E21: Giáo dục Đại cương | F21: 3 | G21: Bắt buộc | H21: Đáp ứng tốt cho tiêu chí với các kiến thức như: Các kiến thức cơ bản về xác suất thống kê góp phần phát triển khoa học, công nghệ, đổi mới sáng tạo | K21: Đáp ứng tốt cho tiêu chí với các kiến thức như: Các kiến thức khoa học cơ bản và ứng dụng | M21: Đáp ứng tốt cho tiêu chí với các kiến thức như: Các kiến thức cơ bản về xác suất thống kê đóng góp vào tiềm lực, trình độ khoa học, công nghệ và đổi mới sáng tạo | R21: Đáp ứng tốt cho tiêu chí với các kiến thức như: Kiến thức cơ bản về xác suất thống kê | V21: Đáp ứng tốt cho tiêu chí với các kiến thức như: Nội dung môn học đóng góp vào phát triển khoa học và công nghệ, đổi mới sáng tạo, chuyển đổi số | X21: Đáp ứng tốt cho tiêu chí với các kiến thức như: Đóng góp chung vào nội dung phát triển, trọng dụng nhân lực chất lượng cao, nhân tài đáp ứng yêu cầu phát triển khoa học, công nghệ, đổi mới sáng tạo và chuyển đổi số | AB21: =COUNTA(H21:AA21) -> 6
A22: 17 | B22: ELE1330 | C22: Xử lý tín hiệu số | D22: Kỳ 3 | E22: Cơ sở ngành | F22: 2 | G22: Bắt buộc | H22: Đáp ứng tốt cho tiêu chí với các kiến thức như: Các kiến thức cơ bản về xử lý tín hiệu số góp phần phát triển khoa học, công nghệ, đổi mới sáng tạo và chuyển đổi số | K22: Đáp ứng tốt cho tiêu chí với các kiến thức như: Các kiến thức khoa học cơ bản và ứng dụng | M22: Đáp ứng tốt cho tiêu chí với các kiến thức như: Các kiến thức cơ bản về xử lý tín hiệu số đóng góp vào tiềm lực, trình độ khoa học, công nghệ và đổi mới sáng tạo | R22: Đáp ứng tốt cho tiêu chí với các kiến thức như: Các kiến thức cơ bản về xử lý tín hiệu số | V22: Đáp ứng tốt cho tiêu chí với các kiến thức như: Nội dung môn học đóng góp vào phát triển khoa học và công nghệ, đổi mới sáng tạo, chuyển đổi số | X22: Đáp ứng tốt cho tiêu chí với các kiến thức như: Đóng góp chung vào nội dung phát triển, trọng dụng nhân lực chất lượng cao, nhân tài đáp ứng yêu cầu phát triển khoa học, công nghệ, đổi mới sáng tạo và chuyển đổi số | Y22: Đáp ứng tốt cho tiêu chí với các kiến thức như: Đóng góp chung vào nội dung đẩy mạnh chuyển đổi số, hình thành công dân số, phát triển văn hóa số. | AB22: =COUNTA(H22:AA22) -> 7
A23: 18 | B23: INT1339 | C23: Ngôn ngữ lập trình C++ | D23: Kỳ 3 | E23: Cơ sở ngành | F23: 3 | G23: Bắt buộc | H23: Đáp ứng tốt cho tiêu chí với các kiến thức như: Lập trình hướng đối tượng góp phần phát triển khoa học, công nghệ, đổi mới sáng tạo và chuyển đổi số | K23: Đáp ứng tốt cho tiêu chí với các kiến thức như: Các kiến thức về ứng dụng | M23: Đáp ứng tốt cho tiêu chí với các kiến thức như: Lập trình hướng đối tượng đóng góp vào phát triển một số ngành, lĩnh vực công nghiệp công nghệ số | R23: Đáp ứng tốt cho tiêu chí với các kiến thức như: Lập trình hướng đối tượng | V23: Đáp ứng tốt cho tiêu chí với các kiến thức như: Nội dung môn học đóng góp vào phát triển khoa học và công nghệ, đổi mới sáng tạo, chuyển đổi số | X23: Đáp ứng tốt cho tiêu chí với các kiến thức như: Đóng góp chung vào nội dung phát triển, trọng dụng nhân lực chất lượng cao, nhân tài đáp ứng yêu cầu phát triển khoa học, công nghệ, đổi mới sáng tạo và chuyển đổi số | Y23: Đáp ứng tốt cho tiêu chí với các kiến thức như: Đóng góp chung vào nội dung đẩy mạnh chuyển đổi số, hình thành công dân số, phát triển văn hóa số. | AB23: =COUNTA(H23:AA23) -> 7
A24: 19 | C24: Kỹ năng mềm 1 | D24: Kỳ 3 | E24: Giáo dục Đại cương | G24: Lựa chọn tự do | X24: Đáp ứng tốt cho tiêu chí với các kiến thức như: Đóng góp chung vào nội dung phát triển, trọng dụng nhân lực chất lượng cao, nhân tài đáp ứng yêu cầu phát triển khoa học, công nghệ, đổi mới sáng tạo và chuyển đổi số | AB24: =COUNTA(H24:AA24) -> 1
A25: 20 | C25: Tư tưởng Hồ Chí Minh | D25: Kỳ 4 | E25: Giáo dục Đại cương | F25: 2 | G25: Bắt buộc | H25: Đáp ứng tốt cho tiêu chí với các kiến thức như: Tư tưởng Hồ Chí Minh đóng góp cho toàn bộ tiêu chí | I25: Đáp ứng tốt cho tiêu chí với các kiến thức như: Tư tưởng Hồ Chí Minh về đại đoàn kết dân tộc v.v. đóng góp cho toàn bộ tiêu chí | J25: Đáp ứng tốt cho tiêu chí với các kiến thức như: Tư tưởng Hồ Chí Minh về đại đoàn kết dân tộc đóng góp cho kiến thức về thể chế, nhân lực | R25: Đáp ứng tốt cho tiêu chí với các kiến thức như: Tư tưởng Hồ Chí Minh | U25: Đáp ứng tốt cho tiêu chí với các kiến thức như: Môn học đóng góp chung cho nội dung nâng cao nhận thức, đột phá về đổi mới tư duy, xác định quyết tâm chính trị mạnh mẽ, quyết liệt lãnh đạo, chỉ đạo, tạo xung lực mới, khí thế mới trong toàn xã hội về phát triển khoa học, công nghệ, đổi mới sáng tạo và chuyển đổi số quốc gia | V25: Đáp ứng tốt cho tiêu chí với các kiến thức như: Nội dung môn học đóng góp vào hoàn thiện thể chế | X25: Đáp ứng tốt cho tiêu chí với các kiến thức như: Đóng góp chung vào nội dung phát triển, trọng dụng nhân lực chất lượng cao, nhân tài đáp ứng yêu cầu phát triển khoa học, công nghệ, đổi mới sáng tạo và chuyển đổi số | AB25: =COUNTA(H25:AA25) -> 7
A26: 21 | C26: Tiếng Anh (Course 3) | D26: Kỳ 4 | E26: Giáo dục Đại cương | F26: 4 | G26: Bắt buộc | H26: Đáp ứng tốt cho tiêu chí với các kiến thức như: Các kiến thức ngoại ngữ, ngôn ngữ học góp phần phát triển nhanh lực lượng sản xuất hiện đại | R26: Đáp ứng tốt cho tiêu chí với các kiến thức như: Các kiến thức ngoại ngữ, ngôn ngữ học | X26: Đáp ứng tốt cho tiêu chí với các kiến thức như: Đóng góp chung vào nội dung phát triển, trọng dụng nhân lực chất lượng cao, nhân tài đáp ứng yêu cầu phát triển khoa học, công nghệ, đổi mới sáng tạo và chuyển đổi số | AB26: =COUNTA(H26:AA26) -> 3
A27: 22 | B27: INT130145 | C27: Kiến trúc máy tính | D27: Kỳ 4 | E27: Cơ sở ngành | F27: 3 | G27: Bắt buộc | H27: Đáp ứng tốt cho tiêu chí với các kiến thức như: Kiến thức cơ bản về kiến trúc và tổ chức máy tính đóng góp cho việc phát triển khoa học, công nghệ, đổi mới sáng tạo và chuyển đổi số | K27: Đáp ứng tốt cho tiêu chí với các kiến thức như: Các kiến thức khoa học cơ bản và ứng dụng | M27: Đáp ứng tốt cho tiêu chí với các kiến thức như: Kiến thức cơ bản về kiến trúc và tổ chức máy tính đóng góp vào năng lực cạnh tranh số và chỉ số phát triển Chính phủ điện tử | R27: Đáp ứng tốt cho tiêu chí với các kiến thức như: Kiến thức cơ bản về kiến trúc và tổ chức máy tính | V27: Đáp ứng tốt cho tiêu chí với các kiến thức như: Nội dung môn học đóng góp vào phát triển khoa học và công nghệ, đổi mới sáng tạo, chuyển đổi số | X27: Đáp ứng tốt cho tiêu chí với các kiến thức như: Đóng góp chung vào nội dung phát triển, trọng dụng nhân lực chất lượng cao, nhân tài đáp ứng yêu cầu phát triển khoa học, công nghệ, đổi mới sáng tạo và chuyển đổi số | Y27: Đáp ứng tốt cho tiêu chí với các kiến thức như: Đóng góp chung vào nội dung đẩy mạnh chuyển đổi số, hình thành công dân số, phát triển văn hóa số. | AB27: =COUNTA(H27:AA27) -> 7
A28: 23 | B28: INT1359 | C28: Toán rời rạc 2 | D28: Kỳ 4 | E28: Cơ sở ngành | F28: 3 | G28: Bắt buộc | H28: Đáp ứng tốt cho tiêu chí với các kiến thức như: Các kiến thức về lý thuyết đồ thị đóng góp cho việc phát triển khoa học, công nghệ, đổi mới sáng tạo và chuyển đổi số | K28: Đáp ứng tốt cho tiêu chí với các kiến thức như: Các kiến thức khoa học cơ bản và ứng dụng | M28: Đáp ứng tốt cho tiêu chí với các kiến thức như: Các kiến thức về lý thuyết đồ thị đóng góp vào tiềm lực, trình độ khoa học, công nghệ và đổi mới sáng tạo | R28: Đáp ứng tốt cho tiêu chí với các kiến thức như: Các kiến thức về lý thuyết đồ thị | V28: Đáp ứng tốt cho tiêu chí với các kiến thức như: Nội dung môn học đóng góp vào phát triển khoa học và công nghệ, đổi mới sáng tạo, chuyển đổi số | X28: Đáp ứng tốt cho tiêu chí với các kiến thức như: Đóng góp chung vào nội dung phát triển, trọng dụng nhân lực chất lượng cao, nhân tài đáp ứng yêu cầu phát triển khoa học, công nghệ, đổi mới sáng tạo và chuyển đổi số | Y28: Đáp ứng tốt cho tiêu chí với các kiến thức như: Đóng góp chung vào nội dung đẩy mạnh chuyển đổi số, hình thành công dân số, phát triển văn hóa số. | AB28: =COUNTA(H28:AA28) -> 7
A29: 24 | B29: INT1306 | C29: Cấu trúc dữ liệu và giải thuật | D29: Kỳ 4 | E29: Cơ sở ngành | F29: 3 | G29: Bắt buộc | H29: Đáp ứng tốt cho tiêu chí với các kiến thức như: Kiến thức cấu trúc dữ liệu và giải thuật đóng góp cho việc phát triển khoa học, công nghệ, đổi mới sáng tạo và chuyển đổi số | K29: Đáp ứng tốt cho tiêu chí với các kiến thức như: Các kiến thức khoa học về ứng dụng | M29: Đáp ứng tốt cho tiêu chí với các kiến thức như: Kiến thức cấu trúc dữ liệu và giải thuật đóng góp vào phát triển một số ngành, lĩnh vực công nghiệp công nghệ số | R29: Đáp ứng tốt cho tiêu chí với các kiến thức như: Kiến thức cấu trúc dữ liệu và giải thuật | V29: Đáp ứng tốt cho tiêu chí với các kiến thức như: Nội dung môn học đóng góp vào phát triển khoa học và công nghệ, đổi mới sáng tạo, chuyển đổi số | X29: Đáp ứng tốt cho tiêu chí với các kiến thức như: Đóng góp chung vào nội dung phát triển, trọng dụng nhân lực chất lượng cao, nhân tài đáp ứng yêu cầu phát triển khoa học, công nghệ, đổi mới sáng tạo và chuyển đổi số | Y29: Đáp ứng tốt cho tiêu chí với các kiến thức như: Đóng góp chung vào nội dung đẩy mạnh chuyển đổi số, hình thành công dân số, phát triển văn hóa số. | AB29: =COUNTA(H29:AA29) -> 7
A30: 25 | B30: ELE1319 | C30: Lý thuyết thông tin | D30: Kỳ 4 | E30: Cơ sở ngành | F30: 3 | G30: Bắt buộc | H30: Đáp ứng tốt cho tiêu chí với các kiến thức như: Đóng góp cho việc phát triển khoa học, công nghệ, đổi mới sáng tạo và chuyển đổi số | K30: Đáp ứng tốt cho tiêu chí với các kiến thức như: Các kiến thức khoa học cơ bản và ứng dụng | M30: Đáp ứng tốt cho tiêu chí với các kiến thức như: Xây dựng nền tảng cho hợp tác quốc tế ở các lĩnh vực xử lý thông tin trong các khối, giải mã ngưỡng dựa trên hệ tổng kiểm tra trực giao, giải mã theo thuật toán chia dịch vòng, bộ lọc phối hợp v.v. đóng góp vào tiềm lực, trình độ khoa học, công nghệ và đổi mới sáng tạo | R30: Đáp ứng tốt cho tiêu chí với các kiến thức như: Xây dựng nền tảng cho hợp tác quốc tế ở các lĩnh vực xử lý thông tin trong các khối, giải mã ngưỡng dựa trên hệ tổng kiểm tra trực giao, giải mã theo thuật toán chia dịch vòng, bộ lọc phối hợp v.v. | V30: Đáp ứng tốt cho tiêu chí với các kiến thức như: Nội dung môn học đóng góp vào phát triển khoa học và công nghệ, đổi mới sáng tạo, chuyển đổi số | X30: Đáp ứng tốt cho tiêu chí với các kiến thức như: Đóng góp chung vào nội dung phát triển, trọng dụng nhân lực chất lượng cao, nhân tài đáp ứng yêu cầu phát triển khoa học, công nghệ, đổi mới sáng tạo và chuyển đổi số | Y30: Đáp ứng tốt cho tiêu chí với các kiến thức như: Đóng góp chung vào nội dung đẩy mạnh chuyển đổi số, hình thành công dân số, phát triển văn hóa số. | AB30: =COUNTA(H30:AA30) -> 7
A31: 26 | C31: Kỹ năng mềm 2 | D31: Kỳ 4 | E31: Giáo dục Đại cương | G31: Lựa chọn tự do | X31: Đáp ứng tốt cho tiêu chí với các kiến thức như: Đóng góp chung vào nội dung phát triển, trọng dụng nhân lực chất lượng cao, nhân tài đáp ứng yêu cầu phát triển khoa học, công nghệ, đổi mới sáng tạo và chuyển đổi số | AB31: =COUNTA(H31:AA31) -> 1
A32: 27 | C32: Lịch sử Đảng cộng sản Việt Nam | D32: Kỳ 5 | E32: Giáo dục Đại cương | F32: 2 | G32: Bắt buộc | H32: Đáp ứng tốt cho tiêu chí với các kiến thức như: Lãnh đạo công cuộc đổi mới, đẩy mạnh công nghiệp hóa, hiện đại hóa đất nước và hội nhập quốc tế đóng góp cho toàn bộ tiêu chí | I32: Đáp ứng tốt cho tiêu chí với các kiến thức như: Kinh nghiệm, bài học kinh nghiệm lãnh đạo đất nước qua các thời kỳ v.v. đóng góp cho toàn bộ tiêu chí | J32: Đáp ứng tốt cho tiêu chí với các kiến thức như: Xây dựng thể chế, đào tạo bồi dưỡng các thế hệ lãnh đạo v.v. đóng góp cho kiến thức về thể chế, nhân lực | R32: Đáp ứng tốt cho tiêu chí với các kiến thức như: Lãnh đạo công cuộc đổi mới, đẩy mạnh công nghiệp hóa, hiện đại hóa đất nước và hội nhập quốc tế | U32: Đáp ứng tốt cho tiêu chí với các kiến thức như: Môn học đóng góp chung cho nội dung nâng cao nhận thức, đột phá về đổi mới tư duy, xác định quyết tâm chính trị mạnh mẽ, quyết liệt lãnh đạo, chỉ đạo, tạo xung lực mới, khí thế mới trong toàn xã hội về phát triển khoa học, công nghệ, đổi mới sáng tạo và chuyển đổi số quốc gia | V32: Đáp ứng tốt cho tiêu chí với các kiến thức như: Nội dung môn học đóng góp vào hoàn thiện thể chế | X32: Đáp ứng tốt cho tiêu chí với các kiến thức như: Đóng góp chung vào nội dung phát triển, trọng dụng nhân lực chất lượng cao, nhân tài đáp ứng yêu cầu phát triển khoa học, công nghệ, đổi mới sáng tạo và chuyển đổi số | AB32: =COUNTA(H32:AA32) -> 7
A33: 28 | B33: INT13162 | C33: Lập trình với Python | D33: Kỳ 5 | E33: Cơ sở ngành | F33: 3 | G33: Bắt buộc | H33: Đáp ứng tốt cho tiêu chí với các kiến thức như: Lập trình, ứng dụng Python trong phát triển web, AI, và khoa học dữ liệu đóng góp cho việc phát triển khoa học, công nghệ, đổi mới sáng tạo và chuyển đổi số | K33: Đáp ứng tốt cho tiêu chí với các kiến thức như: Các kiến thức về ứng dụng | M33: Đáp ứng tốt cho tiêu chí với các kiến thức như: lập trình, ứng dụng Python trong phát triển web, AI, và khoa học dữ liệu đóng góp vào phát triển một số ngành, lĩnh vực công nghiệp công nghệ số | R33: Đáp ứng tốt cho tiêu chí với các kiến thức như: lập trình, ứng dụng Python trong phát triển web, AI, và khoa học dữ liệu | V33: Đáp ứng tốt cho tiêu chí với các kiến thức như: Nội dung môn học đóng góp vào phát triển khoa học và công nghệ, đổi mới sáng tạo, chuyển đổi số | X33: Đáp ứng tốt cho tiêu chí với các kiến thức như: Đóng góp chung vào nội dung phát triển, trọng dụng nhân lực chất lượng cao, nhân tài đáp ứng yêu cầu phát triển khoa học, công nghệ, đổi mới sáng tạo và chuyển đổi số | Y33: Đáp ứng tốt cho tiêu chí với các kiến thức như: Đóng góp chung vào nội dung đẩy mạnh chuyển đổi số, hình thành công dân số, phát triển văn hóa số. | AB33: =COUNTA(H33:AA33) -> 7
A34: 29 | B34: INT1319 | C34: Hệ điều hành | D34: Kỳ 5 | E34: Cơ sở ngành | F34: 3 | G34: Bắt buộc | H34: Đáp ứng tốt cho tiêu chí với các kiến thức như: Giới thiệu nguyên lý hệ điều hành, Các hệ điều hành, Quản lý tiến trình, Quản lý bộ nhớ v.v. đóng góp cho việc phát triển khoa học, công nghệ, đổi mới sáng tạo và chuyển đổi số | K34: Đáp ứng tốt cho tiêu chí với các kiến thức như: Các kiến thức về ứng dụng | M34: Đáp ứng tốt cho tiêu chí với các kiến thức như: Giới thiệu nguyên lý hệ điều hành, Các hệ điều hành, Quản lý tiến trình, Quản lý bộ nhớ v.v. đóng góp vào năng lực cạnh tranh số và chỉ số phát triển Chính phủ điện tử | R34: Đáp ứng tốt cho tiêu chí với các kiến thức như: Giới thiệu nguyên lý hệ điều hành, Các hệ điều hành, Quản lý tiến trình, Quản lý bộ nhớ v.v. | V34: Đáp ứng tốt cho tiêu chí với các kiến thức như: Nội dung môn học đóng góp vào phát triển khoa học và công nghệ, đổi mới sáng tạo, chuyển đổi số | X34: Đáp ứng tốt cho tiêu chí với các kiến thức như: Đóng góp chung vào nội dung phát triển, trọng dụng nhân lực chất lượng cao, nhân tài đáp ứng yêu cầu phát triển khoa học, công nghệ, đổi mới sáng tạo và chuyển đổi số | Y34: Đáp ứng tốt cho tiêu chí với các kiến thức như: Đóng góp chung vào nội dung đẩy mạnh chuyển đổi số, hình thành công dân số, phát triển văn hóa số. | AB34: =COUNTA(H34:AA34) -> 7
A35: 30 | B35: INT1336 | C35: Mạng máy tính | D35: Kỳ 5 | E35: Cơ sở ngành | F35: 3 | G35: Bắt buộc | H35: Đáp ứng tốt cho tiêu chí với các kiến thức như: Giới thiệu chung về mạng máy tính, Tầng ứng dụng, Tầng Internet, Tầng truy nhập mạng đóng góp cho việc phát triển khoa học, công nghệ, đổi mới sáng tạo và chuyển đổi số | J35: Đáp ứng tốt cho tiêu chí với các kiến thức như: Kiến thức về mạng máy tính đóng góp cho yêu cầu kiến thức về hạ tầng | K35: Đáp ứng tốt cho tiêu chí với các kiến thức như: Các kiến thức về ứng dụng | M35: Đáp ứng tốt cho tiêu chí với các kiến thức như: Giới thiệu chung về mạng máy tính, Tầng ứng dụng, Tầng vận tải, Tầng Internet v.v. đóng góp vào năng lực cạnh tranh số và chỉ số phát triển Chính phủ điện tử | P35: Đáp ứng tốt cho tiêu chí với các kiến thức như: Giới thiệu chung về mạng máy tính, Tầng ứng dụng, Tầng vận tải, Tầng Internet đóng góp vào điện toán đám mây | R35: Đáp ứng tốt cho tiêu chí với các kiến thức như: Giới thiệu chung về mạng máy tính, Tầng ứng dụng, Tầng Internet, Tầng truy nhập mạng | V35: Đáp ứng tốt cho tiêu chí với các kiến thức như: Nội dung môn học đóng góp vào phát triển khoa học và công nghệ, đổi mới sáng tạo, chuyển đổi số | X35: Đáp ứng tốt cho tiêu chí với các kiến thức như: Đóng góp chung vào nội dung phát triển, trọng dụng nhân lực chất lượng cao, nhân tài đáp ứng yêu cầu phát triển khoa học, công nghệ, đổi mới sáng tạo và chuyển đổi số | Y35: Đáp ứng tốt cho tiêu chí với các kiến thức như: Đóng góp chung vào nội dung đẩy mạnh chuyển đổi số, hình thành công dân số, phát triển văn hóa số. | AB35: =COUNTA(H35:AA35) -> 9
A36: 31 | B36: INT1332 | C36: Lập trình hướng đối tượng | D36: Kỳ 5 | E36: Cơ sở ngành | F36: 3 | G36: Bắt buộc | H36: Đáp ứng tốt cho tiêu chí với các kiến thức như: Ngôn ngữ Java, Tổ chức bộ nhớ, Cách thức tổ chức các lớp, Cách thực thi chương trình của Java v.v. đóng góp cho việc phát triển khoa học, công nghệ, đổi mới sáng tạo và chuyển đổi số | K36: Đáp ứng tốt cho tiêu chí với các kiến thức như: Các kiến thức về ứng dụng | M36: Đáp ứng tốt cho tiêu chí với các kiến thức như: Ngôn ngữ Java, Tổ chức bộ nhớ, Cách thức tổ chức các lớp, Cách thực thi chương trình của Java v.v. đóng góp vào phát triển một số ngành, lĩnh vực công nghiệp công nghệ số | R36: Đáp ứng tốt cho tiêu chí với các kiến thức như: Ngôn ngữ Java, Tổ chức bộ nhớ, Cách thức tổ chức các lớp, Cách thực thi chương trình của Java v.v. | V36: Đáp ứng tốt cho tiêu chí với các kiến thức như: Nội dung môn học đóng góp vào phát triển khoa học và công nghệ, đổi mới sáng tạo, chuyển đổi số | X36: Đáp ứng tốt cho tiêu chí với các kiến thức như: Đóng góp chung vào nội dung phát triển, trọng dụng nhân lực chất lượng cao, nhân tài đáp ứng yêu cầu phát triển khoa học, công nghệ, đổi mới sáng tạo và chuyển đổi số | Y36: Đáp ứng tốt cho tiêu chí với các kiến thức như: Đóng góp chung vào nội dung đẩy mạnh chuyển đổi số, hình thành công dân số, phát triển văn hóa số. | AB36: =COUNTA(H36:AA36) -> 7
A37: 32 | B37: INT1313 | C37: Cơ sở dữ liệu | D37: Kỳ 5 | E37: Cơ sở ngành | F37: 3 | G37: Bắt buộc | H37: Đáp ứng tốt cho tiêu chí với các kiến thức như: Thiết kế, Xây dựng, Nhập liệu, Tạo lập, Truy vấn... cơ sở dữ liệu đóng góp cho việc phát triển khoa học, công nghệ, đổi mới sáng tạo và chuyển đổi số | J37: Đáp ứng tốt cho tiêu chí với các kiến thức như: Kiến thức về CSDL đóng góp cho yêu cầu kiến thức về dữ liệu | K37: Đáp ứng tốt cho tiêu chí với các kiến thức như: Các kiến thức về ứng dụng | M37: Đáp ứng tốt cho tiêu chí với các kiến thức như: Thiết kế, Xây dựng, Nhập liệu, Tạo lập, Truy vấn... cơ sở dữ liệu đóng góp vào phát triển một số ngành, lĩnh vực công nghiệp công nghệ số | R37: Đáp ứng tốt cho tiêu chí với các kiến thức như: Thiết kế, Xây dựng, Nhập liệu, Tạo lập, Truy vấn... cơ sở dữ liệu | V37: Đáp ứng tốt cho tiêu chí với các kiến thức như: Nội dung môn học đóng góp vào phát triển khoa học và công nghệ, đổi mới sáng tạo, chuyển đổi số | X37: Đáp ứng tốt cho tiêu chí với các kiến thức như: Đóng góp chung vào nội dung phát triển, trọng dụng nhân lực chất lượng cao, nhân tài đáp ứng yêu cầu phát triển khoa học, công nghệ, đổi mới sáng tạo và chuyển đổi số | Y37: Đáp ứng tốt cho tiêu chí với các kiến thức như: Đóng góp chung vào nội dung đẩy mạnh chuyển đổi số, hình thành công dân số, phát triển văn hóa số. | AB37: =COUNTA(H37:AA37) -> 8
A38: 33 | C38: Tiếng Anh (Course 3 Plus) | D38: Kỳ 5 | E38: Giáo dục Đại cương | F38: 2 | G38: Bắt buộc | H38: Đáp ứng tốt cho tiêu chí với các kiến thức như: Các kiến thức ngoại ngữ, ngôn ngữ học góp phần phát triển nhanh lực lượng sản xuất hiện đại | R38: Đáp ứng tốt cho tiêu chí với các kiến thức như: Các kiến thức ngoại ngữ, ngôn ngữ học | X38: Đáp ứng tốt cho tiêu chí với các kiến thức như: Đóng góp chung vào nội dung phát triển, trọng dụng nhân lực chất lượng cao, nhân tài đáp ứng yêu cầu phát triển khoa học, công nghệ, đổi mới sáng tạo và chuyển đổi số | AB38: =COUNTA(H38:AA38) -> 3
A39: 34 | B39: INT1434 | C39: Lập trình web | D39: Kỳ 6 | E39: Chuyên ngành | F39: 3 | G39: Bắt buộc | H39: Đáp ứng tốt cho tiêu chí với các kiến thức như: Tổng quan về lập trình web; Lập trình phía Client với CSS và JavaScript; Lập trình phía server với JSP và JDBC; Các nền tảng hỗ trợ phát triển ứng dụng web trên J2EE đóng góp cho việc phát triển khoa học, công nghệ, đổi mới sáng tạo và chuyển đổi số | K39: Đáp ứng tốt cho tiêu chí với các kiến thức như: Các kiến thức về ứng dụng | M39: Đáp ứng tốt cho tiêu chí với các kiến thức như: Tổng quan về lập trình web; Lập trình phía Client với CSS và JavaScript; Lập trình phía server với JSP và JDBC; Các nền tảng hỗ trợ phát triển ứng dụng web trên J2EE v.v. đóng góp vào phát triển một số ngành, lĩnh vực công nghiệp công nghệ số | P39: Đáp ứng tốt cho tiêu chí với các kiến thức như: Tổng quan về lập trình web; Lập trình phía Client với CSS và JavaScript; Lập trình phía server với JSP và JDBC; Các nền tảng hỗ trợ phát triển ứng dụng web trên J2EE v.v. đóng góp vào internet vạn vật, điện toán đám mây | R39: Đáp ứng tốt cho tiêu chí với các kiến thức như: Tổng quan về lập trình web; Lập trình phía Client với CSS và JavaScript; Lập trình phía server với JSP và JDBC; Các nền tảng hỗ trợ phát triển ứng dụng web trên J2EE | V39: Đáp ứng tốt cho tiêu chí với các kiến thức như: Nội dung môn học đóng góp vào phát triển khoa học và công nghệ, đổi mới sáng tạo, chuyển đổi số | X39: Đáp ứng tốt cho tiêu chí với các kiến thức như: Đóng góp chung vào nội dung phát triển, trọng dụng nhân lực chất lượng cao, nhân tài đáp ứng yêu cầu phát triển khoa học, công nghệ, đổi mới sáng tạo và chuyển đổi số | Y39: Đáp ứng tốt cho tiêu chí với các kiến thức như: Đóng góp chung vào nội dung đẩy mạnh chuyển đổi số, hình thành công dân số, phát triển văn hóa số. | AB39: =COUNTA(H39:AA39) -> 8
A40: 35 | B40: INT1303 | C40: An toàn và bảo mật hệ thống thông tin | D40: Kỳ 6 | E40: Cơ sở ngành | F40: 3 | G40: Bắt buộc | H40: Đáp ứng tốt cho tiêu chí với các kiến thức như: Các yêu cầu đảm bảo an toàn hệ thống thông tin; Các kỹ thuật và công nghệ đảm bảo an toàn thông tin đóng góp cho việc phát triển khoa học, công nghệ, đổi mới sáng tạo và chuyển đổi số | K40: Đáp ứng tốt cho tiêu chí với các kiến thức như: Các kiến thức về ứng dụng | L40: Đáp ứng tốt cho tiêu chí với các kiến thức như: Các yêu cầu đảm bảo an toàn hệ thống thông tin; Các kỹ thuật và công nghệ đảm bảo an toàn thông tin | M40: Đáp ứng tốt cho tiêu chí với các kiến thức như: Các yêu cầu đảm bảo an toàn hệ thống thông tin; Các kỹ thuật và công nghệ đảm bảo an toàn thông tin đóng góp vào năng lực cạnh tranh số và chỉ số phát triển Chính phủ điện tử | Q40: Đáp ứng tốt cho tiêu chí với các kiến thức như: Nội dung môn học đóng góp vào an toàn, an ninh không gian mạng, an ninh dữ liệu và bảo vệ dữ liệu. | R40: Đáp ứng tốt cho tiêu chí với các kiến thức như: Các yêu cầu đảm bảo an toàn hệ thống thông tin; Các kỹ thuật và công nghệ đảm bảo an toàn thông tin | V40: Đáp ứng tốt cho tiêu chí với các kiến thức như: Nội dung môn học đóng góp vào phát triển khoa học và công nghệ, đổi mới sáng tạo, chuyển đổi số | X40: Đáp ứng tốt cho tiêu chí với các kiến thức như: Đóng góp chung vào nội dung phát triển, trọng dụng nhân lực chất lượng cao, nhân tài đáp ứng yêu cầu phát triển khoa học, công nghệ, đổi mới sáng tạo và chuyển đổi số | Y40: Đáp ứng tốt cho tiêu chí với các kiến thức như: Đóng góp chung vào nội dung đẩy mạnh chuyển đổi số, hình thành công dân số, phát triển văn hóa số, bảo đảm an toàn, an ninh mạng và chủ quyền quốc gia trên nền tảng số và không gian mạng; an ninh, an toàn dữ liệu hợp pháp của tổ chức, cá nhân, doanh nghiệp và chủ quyền an ninh dữ liệu quốc gia. | AB40: =COUNTA(H40:AA40) -> 9
A41: 36 | B41: INT1340 | C41: Nhập môn công nghệ phần mềm | D41: Kỳ 6 | E41: Cơ sở ngành | F41: 3 | G41: Bắt buộc | H41: Đáp ứng tốt cho tiêu chí với các kiến thức như: Tổng quan công nghệ phần mềm, Các mô hình quy chuẩn chất lượng CMM, Mô hình vòng đời phát triển phần mềm, Kiểm thử, Thiết kế CSDL đóng góp cho việc phát triển khoa học, công nghệ, đổi mới sáng tạo và chuyển đổi số | K41: Đáp ứng tốt cho tiêu chí với các kiến thức như: Các kiến thức về ứng dụng | M41: Đáp ứng tốt cho tiêu chí với các kiến thức như: Tổng quan công nghệ phần mềm, Các mô hình quy chuẩn chất lượng CMM, Mô hình vòng đời phát triển phần mềm, Kiểm thử, Thiết kế CSDL v.v. đóng góp vào phát triển một số ngành, lĩnh vực công nghiệp công nghệ số | R41: Đáp ứng tốt cho tiêu chí với các kiến thức như: Tổng quan công nghệ phần mềm, Các mô hình quy chuẩn chất lượng CMM, Mô hình vòng đời phát triển phần mềm, Kiểm thử, Thiết kế CSDL | V41: Đáp ứng tốt cho tiêu chí với các kiến thức như: Nội dung môn học đóng góp vào phát triển khoa học và công nghệ, đổi mới sáng tạo, chuyển đổi số | X41: Đáp ứng tốt cho tiêu chí với các kiến thức như: Đóng góp chung vào nội dung phát triển, trọng dụng nhân lực chất lượng cao, nhân tài đáp ứng yêu cầu phát triển khoa học, công nghệ, đổi mới sáng tạo và chuyển đổi số | Y41: Đáp ứng tốt cho tiêu chí với các kiến thức như: Đóng góp chung vào nội dung đẩy mạnh chuyển đổi số, hình thành công dân số, phát triển văn hóa số. | AB41: =COUNTA(H41:AA41) -> 7
B42: INT1341 | C42: Nhập môn trí tuệ nhân tạo | D42: Kỳ 6 | E42: Cơ sở ngành | F42: 3 | G42: Bắt buộc | H42: Đáp ứng tốt cho tiêu chí với các kiến thức như: Tổng quan; Giải quyết vấn đề bằng tìm kiếm; Biểu diễn tri thức và suy diễn; Lập luận xấp xỉ và suy diễn xác suất; Học máy đóng góp cho việc phát triển khoa học, công nghệ, đổi mới sáng tạo và chuyển đổi số | K42: Đáp ứng tốt cho tiêu chí với các kiến thức như: Các kiến thức về ứng dụng | M42: Đáp ứng tốt cho tiêu chí với các kiến thức như: Tổng quan; Giải quyết vấn đề bằng tìm kiếm; Biểu diễn tri thức và suy diễn; Lập luận xấp xỉ và suy diễn xác suất; Học máy v.v. đóng góp vào nghiên cứu và phát triển trí tuệ nhân tạo | P42: Đáp ứng tốt cho tiêu chí với các kiến thức như: Tổng quan; Giải quyết vấn đề bằng tìm kiếm; Biểu diễn tri thức và suy diễn; Lập luận xấp xỉ và suy diễn xác suất; Học máy v.v. đóng góp vào nội dung trí tuệ nhân tạo | R42: Đáp ứng tốt cho tiêu chí với các kiến thức như: Tổng quan; Giải quyết vấn đề bằng tìm kiếm; Biểu diễn tri thức và suy diễn; Lập luận xấp xỉ và suy diễn xác suất; Học máy | V42: Đáp ứng tốt cho tiêu chí với các kiến thức như: Nội dung môn học đóng góp vào phát triển khoa học và công nghệ, đổi mới sáng tạo, chuyển đổi số | X42: Đáp ứng tốt cho tiêu chí với các kiến thức như: Đóng góp chung vào nội dung phát triển, trọng dụng nhân lực chất lượng cao, nhân tài đáp ứng yêu cầu phát triển khoa học, công nghệ, đổi mới sáng tạo và chuyển đổi số | Y42: Đáp ứng tốt cho tiêu chí với các kiến thức như: Đóng góp chung vào nội dung đẩy mạnh chuyển đổi số, hình thành công dân số, phát triển văn hóa số. | AB42: =COUNTA(H42:AA42) -> 8
B43: INT14148 | C43: Cơ sở dữ liệu phân tán | D43: Kỳ 6 | E43: Chuyên ngành | F43: 3 | G43: Bắt buộc | H43: Đáp ứng tốt cho tiêu chí với các kiến thức như: Khái niệm cơ bản về cơ sở dữ liệu phân tán;Thiết kế các hệ cơ sở dữ liệu phân tán; Tổng quan về xử lý truy vấn; Quản lý giao dịch; Điện toán đám mây đóng góp cho việc phát triển khoa học, công nghệ, đổi mới sáng tạo và chuyển đổi số | J43: Đáp ứng tốt cho tiêu chí với các kiến thức như: Kiến thức về CSDL phân tán đóng góp cho yêu cầu kiến thức về dữ liệu | K43: Đáp ứng tốt cho tiêu chí với các kiến thức như: Các kiến thức về ứng dụng | M43: Đáp ứng tốt cho tiêu chí với các kiến thức như: Khái niệm cơ bản về cơ sở dữ liệu phân tán;Thiết kế các hệ cơ sở dữ liệu phân tán; Tổng quan về xử lý truy vấn; Quản lý giao dịch; Điện toán đám mây v.v. đóng góp vào phát triển một số ngành, lĩnh vực công nghiệp công nghệ số | P43: Đáp ứng tốt cho tiêu chí với các kiến thức như: Khái niệm cơ bản về cơ sở dữ liệu phân tán;Thiết kế các hệ cơ sở dữ liệu phân tán; Tổng quan về xử lý truy vấn; Quản lý giao dịch; Điện toán đám mây v.v. đóng góp vào nội dung điện toán đám mây | R43: Đáp ứng tốt cho tiêu chí với các kiến thức như: Khái niệm cơ bản về cơ sở dữ liệu phân tán;Thiết kế các hệ cơ sở dữ liệu phân tán; Tổng quan về xử lý truy vấn; Quản lý giao dịch; Điện toán đám mây | V43: Đáp ứng tốt cho tiêu chí với các kiến thức như: Nội dung môn học đóng góp vào phát triển khoa học và công nghệ, đổi mới sáng tạo, chuyển đổi số | X43: Đáp ứng tốt cho tiêu chí với các kiến thức như: Đóng góp chung vào nội dung phát triển, trọng dụng nhân lực chất lượng cao, nhân tài đáp ứng yêu cầu phát triển khoa học, công nghệ, đổi mới sáng tạo và chuyển đổi số | Y43: Đáp ứng tốt cho tiêu chí với các kiến thức như: Đóng góp chung vào nội dung đẩy mạnh chuyển đổi số, hình thành công dân số, phát triển văn hóa số, bảo đảm an toàn, an ninh mạng và chủ quyền quốc gia trên nền tảng số và không gian mạng; an ninh, an toàn dữ liệu hợp pháp của tổ chức, cá nhân, doanh nghiệp và chủ quyền an ninh dữ liệu quốc gia. | AB43: =COUNTA(H43:AA43) -> 9
A44: 37 | B44: INT13147 | C44: Thực tập cơ sở | D44: Kỳ 6 | E44: Cơ sở ngành | F44: 4 | G44: Bắt buộc | H44: Đáp ứng tốt cho tiêu chí với các kiến thức như: Nắm bắt các công nghệ mới đóng góp cho việc phát triển khoa học, công nghệ, đổi mới sáng tạo và chuyển đổi số | K44: Đáp ứng tốt cho tiêu chí với các kiến thức như: Các kiến thức về ứng dụng | M44: Đáp ứng tốt cho tiêu chí với các kiến thức như: Tìm hiểu công nghệ mới, đổi mới sáng tạo v.v. đóng góp vào phát triển một số ngành, lĩnh vực công nghiệp công nghệ số | R44: Đáp ứng tốt cho tiêu chí với các kiến thức như: Công nghệ mới, đổi mới sáng tạo | V44: Đáp ứng tốt cho tiêu chí với các kiến thức như: Nội dung môn học đóng góp vào phát triển khoa học và công nghệ, đổi mới sáng tạo, chuyển đổi số | X44: Đáp ứng tốt cho tiêu chí với các kiến thức như: Đóng góp chung vào nội dung phát triển, trọng dụng nhân lực chất lượng cao, nhân tài đáp ứng yêu cầu phát triển khoa học, công nghệ, đổi mới sáng tạo và chuyển đổi số | Y44: Đáp ứng tốt cho tiêu chí với các kiến thức như: Đóng góp chung vào nội dung đẩy mạnh chuyển đổi số, hình thành công dân số, phát triển văn hóa số. | AB44: =COUNTA(H44:AA44) -> 7
A45: 38 | C45: Kỹ năng mềm 3 | D45: Kỳ 6 | E45: Giáo dục Đại cương | G45: Lựa chọn tự do | X45: Đáp ứng tốt cho tiêu chí với các kiến thức như: Đóng góp chung vào nội dung phát triển, trọng dụng nhân lực chất lượng cao, nhân tài đáp ứng yêu cầu phát triển khoa học, công nghệ, đổi mới sáng tạo và chuyển đổi số | AB45: =COUNTA(H45:AA45) -> 1
A46: 39 | B46: INT1314 | C46: Xử lí ảnh | D46: Kỳ 7 | E46: Chuyên ngành | F46: 3 | G46: Bắt buộc | H46: Đáp ứng tốt cho tiêu chí với các kiến thức như: Các kỹ thuật, phương pháp, thuật toán xử lý ảnh đóng góp cho việc phát triển khoa học, công nghệ, đổi mới sáng tạo và chuyển đổi số | K46: Đáp ứng tốt cho tiêu chí với các kiến thức như: Các kiến thức về ứng dụng | M46: Đáp ứng tốt cho tiêu chí với các kiến thức như: Giới thiệu tổng quan xử lý ảnh; Biến đổi cường độ và lọc không gian; Xử lý ảnh màu; Xử lý ảnh hình thái học; Phân đoạn ảnh; Trích xuất đặc trưng; Phân loại ảnh, Ứng dụng XLA v.v. đóng góp vào nghiên cứu, phát triển trí tuệ nhân tạo và phát triển một số ngành, lĩnh vực công nghiệp công nghệ số | R46: Đáp ứng tốt cho tiêu chí với các kiến thức như: Giới thiệu tổng quan xử lý ảnh; Biến đổi cường độ và lọc không gian; Xử lý ảnh màu; Xử lý ảnh hình thái học; Phân đoạn ảnh; Trích xuất đặc trưng; Phân loại ảnh, Ứng dụng XLA v.v. | V46: Đáp ứng tốt cho tiêu chí với các kiến thức như: Nội dung môn học đóng góp vào phát triển khoa học và công nghệ, đổi mới sáng tạo, chuyển đổi số | X46: Đáp ứng tốt cho tiêu chí với các kiến thức như: Đóng góp chung vào nội dung phát triển, trọng dụng nhân lực chất lượng cao, nhân tài đáp ứng yêu cầu phát triển khoa học, công nghệ, đổi mới sáng tạo và chuyển đổi số | Y46: Đáp ứng tốt cho tiêu chí với các kiến thức như: Đóng góp chung vào nội dung đẩy mạnh chuyển đổi số, hình thành công dân số, phát triển văn hóa số. | AB46: =COUNTA(H46:AA46) -> 7
A47: 42 | B47: INT1450 | C47: Quản lí dự án phần mềm | D47: Kỳ 7 | E47: Cơ sở ngành | F47: 3 | G47: Bắt buộc | H47: Đáp ứng tốt cho tiêu chí với các kiến thức như: Các tiến trình xử lý và tổ chức dự án; Lập kế hoạch dự án; Phân rã công việc và Ước lượng; Quản lý cấu hình; Quản lý tài nguyên con người đóng góp cho việc phát triển khoa học, công nghệ, đổi mới sáng tạo và chuyển đổi số | K47: Đáp ứng tốt cho tiêu chí với các kiến thức như: Các kiến thức về ứng dụng | M47: Đáp ứng tốt cho tiêu chí với các kiến thức như: Các tiến trình xử lý và tổ chức dự án; Lập kế hoạch dự án; Phân rã công việc và Ước lượng; Quản lý cấu hình; Quản lý tài nguyên con người v.v. đóng góp vào phát triển một số ngành, lĩnh vực công nghiệp công nghệ số | R47: Đáp ứng tốt cho tiêu chí với các kiến thức như: Các tiến trình xử lý và tổ chức dự án; Lập kế hoạch dự án; Phân rã công việc và Ước lượng; Quản lý cấu hình; Quản lý tài nguyên con người | V47: Đáp ứng tốt cho tiêu chí với các kiến thức như: Nội dung môn học đóng góp vào phát triển khoa học và công nghệ, đổi mới sáng tạo, chuyển đổi số | X47: Đáp ứng tốt cho tiêu chí với các kiến thức như: Đóng góp chung vào nội dung phát triển, trọng dụng nhân lực chất lượng cao, nhân tài đáp ứng yêu cầu phát triển khoa học, công nghệ, đổi mới sáng tạo và chuyển đổi số | Y47: Đáp ứng tốt cho tiêu chí với các kiến thức như: Đóng góp chung vào nội dung đẩy mạnh chuyển đổi số, hình thành công dân số, phát triển văn hóa số. | AB47: =COUNTA(H47:AA47) -> 7
A48: 40 | B48: INT1342 | C48: Phân tích và thiết kế HTTT | D48: Kỳ 7 | E48: Cơ sở ngành | F48: 3 | G48: Bắt buộc | H48: Đáp ứng tốt cho tiêu chí với các kiến thức như: Các kiểu HTTT, Phân tích yêu cầu, Các công nghệ cho phát triển các kiểu hệ thống phần mềm; Phân tích động; Lựa chọn công nghệ, Mô hình hóa HTTT đóng góp cho việc phát triển khoa học, công nghệ, đổi mới sáng tạo và chuyển đổi số | K48: Đáp ứng tốt cho tiêu chí với các kiến thức như: Các kiến thức về ứng dụng | M48: Đáp ứng tốt cho tiêu chí với các kiến thức như: Các kiểu HTTT, Phân tích yêu cầu, Các công nghệ cho phát triển các kiểu hệ thống phần mềm; Phân tích động; Lựa chọn công nghệ, Mô hình hóa HTTT v.v. đóng góp vào phát triển một số ngành, lĩnh vực công nghiệp công nghệ số | R48: Đáp ứng tốt cho tiêu chí với các kiến thức như: Các kiểu HTTT, Phân tích yêu cầu, Các công nghệ cho phát triển các kiểu hệ thống phần mềm; Phân tích động; Lựa chọn công nghệ, Mô hình hóa HTTT | V48: Đáp ứng tốt cho tiêu chí với các kiến thức như: Nội dung môn học đóng góp vào phát triển khoa học và công nghệ, đổi mới sáng tạo, chuyển đổi số | X48: Đáp ứng tốt cho tiêu chí với các kiến thức như: Đóng góp chung vào nội dung phát triển, trọng dụng nhân lực chất lượng cao, nhân tài đáp ứng yêu cầu phát triển khoa học, công nghệ, đổi mới sáng tạo và chuyển đổi số | Y48: Đáp ứng tốt cho tiêu chí với các kiến thức như: Đóng góp chung vào nội dung đẩy mạnh chuyển đổi số, hình thành công dân số, phát triển văn hóa số, bảo đảm an toàn, an ninh mạng và chủ quyền quốc gia trên nền tảng số và không gian mạng; an ninh, an toàn dữ liệu hợp pháp của tổ chức, cá nhân, doanh nghiệp và chủ quyền an ninh dữ liệu quốc gia. | AB48: =COUNTA(H48:AA48) -> 7
A49: 41 | C49: Chọn theo chuyên ngành | D49: Kỳ 7 | E49: Chuyên ngành | F49: 3 | G49: Bắt buộc | AB49: =COUNTA(H49:AA49) -> 0
B50: INT14151 | C50: Phát triển hệ thống thông minh | D50: Kỳ 7 | E50: Chuyên ngành | F50: 3 | G50: Bắt buộc | H50: Đáp ứng tốt cho tiêu chí với các kiến thức như: Phân tích ra quyết định, Hệ thống thông minh, học máy, thuật toán trò chơi, áp dụng trí tuệ nhân tạo v.v. đóng góp cho việc phát triển khoa học, công nghệ, đổi mới sáng tạo và chuyển đổi số | K50: Đáp ứng tốt cho tiêu chí với các kiến thức như: Các kiến thức về ứng dụng | M50: Đáp ứng tốt cho tiêu chí với các kiến thức như: Phân tích ra quyết định, Hệ thống thông minh, học máy, thuật toán trò chơi, áp dụng trí tuệ nhân tạo v.v. đóng góp vào phát triển một số ngành, lĩnh vực công nghiệp công nghệ số | R50: Đáp ứng tốt cho tiêu chí với các kiến thức như: Phân tích ra quyết định, Hệ thống thông minh, học máy, thuật toán trò chơi, áp dụng trí tuệ nhân tạo v.v. | V50: Đáp ứng tốt cho tiêu chí với các kiến thức như: Nội dung môn học đóng góp vào phát triển khoa học và công nghệ, đổi mới sáng tạo, chuyển đổi số | X50: Đáp ứng tốt cho tiêu chí với các kiến thức như: Đóng góp chung vào nội dung phát triển, trọng dụng nhân lực chất lượng cao, nhân tài đáp ứng yêu cầu phát triển khoa học, công nghệ, đổi mới sáng tạo và chuyển đổi số | Y50: Đáp ứng tốt cho tiêu chí với các kiến thức như: Đóng góp chung vào nội dung đẩy mạnh chuyển đổi số, hình thành công dân số, phát triển văn hóa số. | AB50: =COUNTA(H50:AA50) -> 7
B51: INT14149 | C51: IOT và ứng dụng | D51: Kỳ 7 | E51: Chuyên ngành | F51: 3 | G51: Bắt buộc | H51: Đáp ứng tốt cho tiêu chí với các kiến thức như: IoT, học máy, xử lý-truyền nhận dữ liệu, cảm biến v.v. đóng góp cho việc phát triển khoa học, công nghệ, đổi mới sáng tạo và chuyển đổi số | K51: Đáp ứng tốt cho tiêu chí với các kiến thức như: Các kiến thức về ứng dụng | M51: Đáp ứng tốt cho tiêu chí với các kiến thức như: IoT, học máy, xử lý-truyền nhận dữ liệu, cảm biến v.v. đóng góp vào phát triển một số ngành, lĩnh vực công nghiệp công nghệ số | P51: Đáp ứng tốt cho tiêu chí với các kiến thức như: IoT, học máy, xử lý-truyền nhận dữ liệu, cảm biến v.v. đóng góp vào nội dung internet vạn vật | R51: Đáp ứng tốt cho tiêu chí với các kiến thức như: IoT, học máy, xử lý-truyền nhận dữ liệu, cảm biến v.v. | V51: Đáp ứng tốt cho tiêu chí với các kiến thức như: Nội dung môn học đóng góp vào phát triển khoa học và công nghệ, đổi mới sáng tạo, chuyển đổi số | X51: Đáp ứng tốt cho tiêu chí với các kiến thức như: Đóng góp chung vào nội dung phát triển, trọng dụng nhân lực chất lượng cao, nhân tài đáp ứng yêu cầu phát triển khoa học, công nghệ, đổi mới sáng tạo và chuyển đổi số | Y51: Đáp ứng tốt cho tiêu chí với các kiến thức như: Đóng góp chung vào nội dung đẩy mạnh chuyển đổi số, hình thành công dân số, phát triển văn hóa số. | AB51: =COUNTA(H51:AA51) -> 8
C52: Môn tự chọn 1 (chọn 1 trong 12 môn bên dưới) | D52: Kỳ 7 | E52: Chuyên ngành | F52: 3 | G52: Lựa chọn bắt buộc | AB52: =COUNTA(H52:AA52) -> 0
C53: Môn tự chọn 2 (chọn 1 trong 12 môn bên dưới) | D53: Kỳ 7 | E53: Chuyên ngành | F53: 3 | G53: Lựa chọn bắt buộc | AB53: =COUNTA(H53:AA53) -> 0
C54: Môn tự chọn 3 (chọn 1 trong 12 môn bên dưới) | D54: Kỳ 8 | E54: Chuyên ngành | F54: 3 | G54: Lựa chọn bắt buộc | AB54: =COUNTA(H54:AA54) -> 0
B55: INT1447 | C55: Phát triển phần mềm hướng Agent | D55: Kỳ 8 | E55: Chuyên ngành | F55: 3 | G55: Lựa chọn bắt buộc | H55: Đáp ứng tốt cho tiêu chí với các kiến thức như: Phương pháp luận phát triển phần mềm hướng agent, Tương tác trong hệ đa agent, Ứng dụng, Hệ đa agent thông minh v.v. đóng góp cho việc phát triển khoa học, công nghệ, đổi mới sáng tạo và chuyển đổi số | K55: Đáp ứng tốt cho tiêu chí với các kiến thức như: Các kiến thức về ứng dụng | M55: Đáp ứng tốt cho tiêu chí với các kiến thức như: Phương pháp luận phát triển phần mềm hướng agent, Tương tác trong hệ đa agent, Ứng dụng, Hệ đa agent thông minh v.v. đóng góp vào phát triển một số ngành, lĩnh vực công nghiệp công nghệ số | R55: Đáp ứng tốt cho tiêu chí với các kiến thức như: Phương pháp luận phát triển phần mềm hướng agent, Tương tác trong hệ đa agent, Ứng dụng, Hệ đa agent thông minh v.v. | V55: Đáp ứng tốt cho tiêu chí với các kiến thức như: Nội dung môn học đóng góp vào phát triển khoa học và công nghệ, đổi mới sáng tạo, chuyển đổi số | X55: Đáp ứng tốt cho tiêu chí với các kiến thức như: Đóng góp chung vào nội dung phát triển, trọng dụng nhân lực chất lượng cao, nhân tài đáp ứng yêu cầu phát triển khoa học, công nghệ, đổi mới sáng tạo và chuyển đổi số | Y55: Đáp ứng tốt cho tiêu chí với các kiến thức như: Đóng góp chung vào nội dung đẩy mạnh chuyển đổi số, hình thành công dân số, phát triển văn hóa số. | AB55: =COUNTA(H55:AA55) -> 7
B56: INT1460 | C56: Tương tác người máy | D56: Kỳ 8 | E56: Chuyên ngành | F56: 3 | G56: Lựa chọn bắt buộc | H56: Đáp ứng tốt cho tiêu chí với các kiến thức như: Khái niệm tương tác người máy, Mô hình thiết kế hệ thống lấy người dùng làm trung tâm (UCSD), Mô hình người dùng đóng góp cho việc phát triển khoa học, công nghệ, đổi mới sáng tạo và chuyển đổi số | K56: Đáp ứng tốt cho tiêu chí với các kiến thức như: Các kiến thức về ứng dụng | M56: Đáp ứng tốt cho tiêu chí với các kiến thức như: Khái niệm tương tác người máy, Mô hình thiết kế hệ thống lấy người dùng làm trung tâm (UCSD), Mô hình người dùng v.v. đóng góp vào phát triển một số ngành, lĩnh vực công nghiệp công nghệ số | R56: Đáp ứng tốt cho tiêu chí với các kiến thức như: Khái niệm tương tác người máy, Mô hình thiết kế hệ thống lấy người dùng làm trung tâm (UCSD), Mô hình người dùng | V56: Đáp ứng tốt cho tiêu chí với các kiến thức như: Nội dung môn học đóng góp vào phát triển khoa học và công nghệ, đổi mới sáng tạo, chuyển đổi số | X56: Đáp ứng tốt cho tiêu chí với các kiến thức như: Đóng góp chung vào nội dung phát triển, trọng dụng nhân lực chất lượng cao, nhân tài đáp ứng yêu cầu phát triển khoa học, công nghệ, đổi mới sáng tạo và chuyển đổi số | Y56: Đáp ứng tốt cho tiêu chí với các kiến thức như: Đóng góp chung vào nội dung đẩy mạnh chuyển đổi số, hình thành công dân số, phát triển văn hóa số. | AB56: =COUNTA(H56:AA56) -> 7
B57: INT14101 | C57: Cấu trúc dữ liệu và giải thuật nâng cao trên Java | D57: Kỳ 8 | E57: Chuyên ngành | F57: 3 | G57: Lựa chọn bắt buộc | H57: Đáp ứng tốt cho tiêu chí với các kiến thức như: Thuật toán và một số vấn đề liên quan; Sắp xếp và tìm kiếm; Đồ thị đóng góp cho việc phát triển khoa học, công nghệ, đổi mới sáng tạo và chuyển đổi số | K57: Đáp ứng tốt cho tiêu chí với các kiến thức như: Các kiến thức về ứng dụng | M57: Đáp ứng tốt cho tiêu chí với các kiến thức như: Thuật toán và một số vấn đề liên quan; Sắp xếp và tìm kiếm; Đồ thị v.v. đóng góp vào phát triển một số ngành, lĩnh vực công nghiệp công nghệ số | R57: Đáp ứng tốt cho tiêu chí với các kiến thức như: Thuật toán và một số vấn đề liên quan; Sắp xếp và tìm kiếm; Đồ thị | V57: Đáp ứng tốt cho tiêu chí với các kiến thức như: Nội dung môn học đóng góp vào phát triển khoa học và công nghệ, đổi mới sáng tạo, chuyển đổi số | X57: Đáp ứng tốt cho tiêu chí với các kiến thức như: Đóng góp chung vào nội dung phát triển, trọng dụng nhân lực chất lượng cao, nhân tài đáp ứng yêu cầu phát triển khoa học, công nghệ, đổi mới sáng tạo và chuyển đổi số | Y57: Đáp ứng tốt cho tiêu chí với các kiến thức như: Đóng góp chung vào nội dung đẩy mạnh chuyển đổi số, hình thành công dân số, phát triển văn hóa số. | AB57: =COUNTA(H57:AA57) -> 7
B58: INT14152 | C58: Xây dựng phần mềm an toàn | D58: Kỳ 8 | E58: Chuyên ngành | F58: 3 | G58: Lựa chọn bắt buộc | H58: Đáp ứng tốt cho tiêu chí với các kiến thức như: Phát triển phần mềm an toàn, bảo mật phần mềm, Quy trình phát triển phần mềm an toàn (SSD), SDLC đóng góp cho việc phát triển khoa học, công nghệ, đổi mới sáng tạo và chuyển đổi số | K58: Đáp ứng tốt cho tiêu chí với các kiến thức như: Các kiến thức về ứng dụng | M58: Đáp ứng tốt cho tiêu chí với các kiến thức như: Phát triển phần mềm an toàn, bảo mật phần mềm, Quy trình phát triển phần mềm an toàn (SSD), SDLC v.v. đóng góp vào phát triển một số ngành, lĩnh vực công nghiệp công nghệ số | R58: Đáp ứng tốt cho tiêu chí với các kiến thức như: Phát triển phần mềm an toàn, bảo mật phần mềm, Quy trình phát triển phần mềm an toàn (SSD), SDLC | V58: Đáp ứng tốt cho tiêu chí với các kiến thức như: Nội dung môn học đóng góp vào phát triển khoa học và công nghệ, đổi mới sáng tạo, chuyển đổi số | X58: Đáp ứng tốt cho tiêu chí với các kiến thức như: Đóng góp chung vào nội dung phát triển, trọng dụng nhân lực chất lượng cao, nhân tài đáp ứng yêu cầu phát triển khoa học, công nghệ, đổi mới sáng tạo và chuyển đổi số | Y58: Đáp ứng tốt cho tiêu chí với các kiến thức như: Đóng góp chung vào nội dung đẩy mạnh chuyển đổi số, hình thành công dân số, phát triển văn hóa số, bảo đảm an toàn, an ninh mạng và chủ quyền quốc gia trên nền tảng số và không gian mạng; an ninh, an toàn dữ liệu hợp pháp của tổ chức, cá nhân, doanh nghiệp và chủ quyền an ninh dữ liệu quốc gia. | AB58: =COUNTA(H58:AA58) -> 7
B59: INT1433 | C59: Lập trình mạng | D59: Kỳ 8 | E59: Chuyên ngành | F59: 3 | G59: Lựa chọn bắt buộc | H59: Đáp ứng tốt cho tiêu chí với các kiến thức như: Những vấn đề cơ bản về lập trình mạng; Lập trình mạng với Socket; Lập trình phân tán với RMI; Lập trình ứng dụng Web và J2EE đóng góp cho việc phát triển khoa học, công nghệ, đổi mới sáng tạo và chuyển đổi số | K59: Đáp ứng tốt cho tiêu chí với các kiến thức như: Các kiến thức về ứng dụng | M59: Đáp ứng tốt cho tiêu chí với các kiến thức như: Những vấn đề cơ bản về lập trình mạng; Lập trình mạng với Socket; Lập trình phân tán với RMI; Lập trình ứng dụng Web và J2EE v.v. đóng góp vào phát triển một số ngành, lĩnh vực công nghiệp công nghệ số | P59: Đáp ứng tốt cho tiêu chí với các kiến thức như: Những vấn đề cơ bản về lập trình mạng; Lập trình mạng với Socket; Lập trình phân tán với RMI; Lập trình ứng dụng Web và J2EE v.v. đóng góp vào nội dung internet vạn vật và điện toán đám mây | R59: Đáp ứng tốt cho tiêu chí với các kiến thức như: Những vấn đề cơ bản về lập trình mạng; Lập trình mạng với Socket; Lập trình phân tán với RMI; Lập trình ứng dụng Web và J2EE | V59: Đáp ứng tốt cho tiêu chí với các kiến thức như: Nội dung môn học đóng góp vào phát triển khoa học và công nghệ, đổi mới sáng tạo, chuyển đổi số | X59: Đáp ứng tốt cho tiêu chí với các kiến thức như: Đóng góp chung vào nội dung phát triển, trọng dụng nhân lực chất lượng cao, nhân tài đáp ứng yêu cầu phát triển khoa học, công nghệ, đổi mới sáng tạo và chuyển đổi số | Y59: Đáp ứng tốt cho tiêu chí với các kiến thức như: Đóng góp chung vào nội dung đẩy mạnh chuyển đổi số, hình thành công dân số, phát triển văn hóa số. | AB59: =COUNTA(H59:AA59) -> 8
B60: INT1421 | C60: Hệ trợ giúp quyết định | D60: Kỳ 8 | E60: Chuyên ngành | F60: 3 | G60: Lựa chọn bắt buộc | H60: Đáp ứng tốt cho tiêu chí với các kiến thức như: Khái niệm hệ thống DSS, Đặc điểm của hệ thống DSS, Các yếu tố thành công và thất bại của DSS, Các công cụ phần mềm của hệ DSS, GDSS, APS v.v. đóng góp cho việc phát triển khoa học, công nghệ, đổi mới sáng tạo và chuyển đổi số | K60: Đáp ứng tốt cho tiêu chí với các kiến thức như: Các kiến thức về ứng dụng | M60: Đáp ứng tốt cho tiêu chí với các kiến thức như: Khái niệm hệ thống DSS, Đặc điểm của hệ thống DSS, Các yếu tố thành công và thất bại của DSS, Các công cụ phần mềm của hệ DSS, GDSS, APS v.v. đóng góp vào phát triển một số ngành, lĩnh vực công nghiệp công nghệ số | R60: Đáp ứng tốt cho tiêu chí với các kiến thức như: Khái niệm hệ thống DSS, Đặc điểm của hệ thống DSS, Các yếu tố thành công và thất bại của DSS, Các công cụ phần mềm của hệ DSS, GDSS, APS v.v. | V60: Đáp ứng tốt cho tiêu chí với các kiến thức như: Nội dung môn học đóng góp vào phát triển khoa học và công nghệ, đổi mới sáng tạo, chuyển đổi số | X60: Đáp ứng tốt cho tiêu chí với các kiến thức như: Đóng góp chung vào nội dung phát triển, trọng dụng nhân lực chất lượng cao, nhân tài đáp ứng yêu cầu phát triển khoa học, công nghệ, đổi mới sáng tạo và chuyển đổi số | Y60: Đáp ứng tốt cho tiêu chí với các kiến thức như: Đóng góp chung vào nội dung đẩy mạnh chuyển đổi số, hình thành công dân số, phát triển văn hóa số. | AB60: =COUNTA(H60:AA60) -> 7
B61: INT1404 | C61: Các hệ thống dựa trên tri thức | D61: Kỳ 8 | E61: Chuyên ngành | F61: 3 | G61: Lựa chọn bắt buộc | H61: Đáp ứng tốt cho tiêu chí với các kiến thức như: Ứng dụng thực tiễn, Bài toán Chẩn đoán, Kho tri thức, Lập trình logic, Tìm kiếm, Lập kế hoạch, Lập luận, Các luật v.v. đóng góp cho việc phát triển khoa học, công nghệ, đổi mới sáng tạo và chuyển đổi số | K61: Đáp ứng tốt cho tiêu chí với các kiến thức như: Các kiến thức về ứng dụng | M61: Đáp ứng tốt cho tiêu chí với các kiến thức như: Ứng dụng thực tiễn, Bài toán Chẩn đoán, Kho tri thức, Lập trình logic, Tìm kiếm, Lập kế hoạch, Lập luận, Các luật v.v. đóng góp vào phát triển một số ngành, lĩnh vực công nghiệp công nghệ số | R61: Đáp ứng tốt cho tiêu chí với các kiến thức như: Ứng dụng thực tiễn, Bài toán Chẩn đoán, Kho tri thức, Lập trình logic, Tìm kiếm, Lập kế hoạch, Lập luận, Các luật v.v. | V61: Đáp ứng tốt cho tiêu chí với các kiến thức như: Nội dung môn học đóng góp vào phát triển khoa học và công nghệ, đổi mới sáng tạo, chuyển đổi số | X61: Đáp ứng tốt cho tiêu chí với các kiến thức như: Đóng góp chung vào nội dung phát triển, trọng dụng nhân lực chất lượng cao, nhân tài đáp ứng yêu cầu phát triển khoa học, công nghệ, đổi mới sáng tạo và chuyển đổi số | Y61: Đáp ứng tốt cho tiêu chí với các kiến thức như: Đóng góp chung vào nội dung đẩy mạnh chuyển đổi số, hình thành công dân số, phát triển văn hóa số. | AB61: =COUNTA(H61:AA61) -> 7
B62: INT1418 | C62: Hệ cơ sở dữ liệu đa phương tiện | D62: Kỳ 8 | E62: Chuyên ngành | F62: 3 | G62: Lựa chọn bắt buộc | H62: Đáp ứng tốt cho tiêu chí với các kiến thức như: Tổng quan về CSDL đa phương tiện, Quản trị, Kiến trúc, CSDL đa chiều, Ngôn ngữ Truy vấn v.v. đóng góp cho việc phát triển khoa học, công nghệ, đổi mới sáng tạo và chuyển đổi số | J62: Đáp ứng tốt cho tiêu chí với các kiến thức như: Kiến thức về hệ CSDL đa phương tiện đóng góp cho yêu cầu kiến thức về dữ liệu | K62: Đáp ứng tốt cho tiêu chí với các kiến thức như: Các kiến thức về ứng dụng | M62: Đáp ứng tốt cho tiêu chí với các kiến thức như: Tổng quan về CSDL đa phương tiện, Quản trị, Kiến trúc, CSDL đa chiều, Ngôn ngữ Truy vấn v.v. đóng góp vào phát triển một số ngành, lĩnh vực công nghiệp công nghệ số | R62: Đáp ứng tốt cho tiêu chí với các kiến thức như: Tổng quan về CSDL đa phương tiện, Quản trị, Kiến trúc, CSDL đa chiều, Ngôn ngữ Truy vấn v.v. | V62: Đáp ứng tốt cho tiêu chí với các kiến thức như: Nội dung môn học đóng góp vào phát triển khoa học và công nghệ, đổi mới sáng tạo, chuyển đổi số | X62: Đáp ứng tốt cho tiêu chí với các kiến thức như: Đóng góp chung vào nội dung phát triển, trọng dụng nhân lực chất lượng cao, nhân tài đáp ứng yêu cầu phát triển khoa học, công nghệ, đổi mới sáng tạo và chuyển đổi số | Y62: Đáp ứng tốt cho tiêu chí với các kiến thức như: Đóng góp chung vào nội dung đẩy mạnh chuyển đổi số, hình thành công dân số, phát triển văn hóa số. | AB62: =COUNTA(H62:AA62) -> 8
B63: INT14181 | C63: Quản trị nghiệp vụ thông minh | D63: Kỳ 8 | E63: Chuyên ngành | F63: 3 | G63: Lựa chọn bắt buộc | H63: Đáp ứng tốt cho tiêu chí với các kiến thức như: Hệ thống thông tin kinh doanh, phân tích dữ liệu, hỗ trợ quyết định kinh doanh, công cụ BI v.v. đóng góp cho việc phát triển khoa học, công nghệ, đổi mới sáng tạo và chuyển đổi số | K63: Đáp ứng tốt cho tiêu chí với các kiến thức như: Các kiến thức về ứng dụng | M63: Đáp ứng tốt cho tiêu chí với các kiến thức như: Hệ thống thông tin kinh doanh, phân tích dữ liệu, hỗ trợ quyết định kinh doanh, công cụ BI v.v. đóng góp vào năng lực cạnh tranh số và chỉ số phát triển Chính phủ điện tử | R63: Đáp ứng tốt cho tiêu chí với các kiến thức như: Hệ thống thông tin kinh doanh, phân tích dữ liệu, hỗ trợ quyết định kinh doanh, công cụ BI v.v. | V63: Đáp ứng tốt cho tiêu chí với các kiến thức như: Nội dung môn học đóng góp vào phát triển khoa học và công nghệ, đổi mới sáng tạo, chuyển đổi số | X63: Đáp ứng tốt cho tiêu chí với các kiến thức như: Đóng góp chung vào nội dung phát triển, trọng dụng nhân lực chất lượng cao, nhân tài đáp ứng yêu cầu phát triển khoa học, công nghệ, đổi mới sáng tạo và chuyển đổi số | Y63: Đáp ứng tốt cho tiêu chí với các kiến thức như: Đóng góp chung vào nội dung đẩy mạnh chuyển đổi số, hình thành công dân số, phát triển văn hóa số. | AB63: =COUNTA(H63:AA63) -> 7
B64: INT1445 | C64: Phát triển hệ thống thông tin quản lý | D64: Kỳ 8 | E64: Chuyên ngành | F64: 3 | G64: Lựa chọn bắt buộc | H64: Đáp ứng tốt cho tiêu chí với các kiến thức như: Vòng đời phát triển hệ thống, Hệ thống thông minh kinh doanh (BIS), Lập kế hoạch nguồn lực doanh nghiệp (ERP), Dữ liệu và hệ quản trị cơ sở dữ liệu, Hệ thống thông tin quản lý (MIS), Điện toán đám mây, Hệ thống hỗ trợ quyết định (DSS), Hệ thống hỗ trợ điều hành (ESS), Tích hợp ứng dụng doanh nghiệp (EAI), Hệ thống quản lý tri thức (KMS), Hệ thống quản lý nội dung (CMS), Quản lý quan hệ khách hàng (CRM), Quản lý chuỗi cung ứng (SCM) đóng góp cho việc phát triển khoa học, công nghệ, đổi mới sáng tạo và chuyển đổi số | K64: Đáp ứng tốt cho tiêu chí với các kiến thức như: Các kiến thức về ứng dụng | M64: Đáp ứng tốt cho tiêu chí với các kiến thức như: Vòng đời phát triển hệ thống, Hệ thống thông minh kinh doanh (BIS), Lập kế hoạch nguồn lực doanh nghiệp (ERP), Dữ liệu và hệ quản trị cơ sở dữ liệu, Hệ thống thông tin quản lý (MIS), Điện toán đám mây, Hệ thống hỗ trợ quyết định (DSS), Hệ thống hỗ trợ điều hành (ESS), Tích hợp ứng dụng doanh nghiệp (EAI), Hệ thống quản lý tri thức (KMS), Hệ thống quản lý nội dung (CMS), Quản lý quan hệ khách hàng (CRM), Quản lý chuỗi cung ứng (SCM) v.v. đóng góp vào phát triển một số ngành, lĩnh vực công nghiệp công nghệ số | R64: Đáp ứng tốt cho tiêu chí với các kiến thức như: Vòng đời phát triển hệ thống, Hệ thống thông minh kinh doanh (BIS), Lập kế hoạch nguồn lực doanh nghiệp (ERP), Dữ liệu và hệ quản trị cơ sở dữ liệu, Hệ thống thông tin quản lý (MIS), Điện toán đám mây, Hệ thống hỗ trợ quyết định (DSS), Hệ thống hỗ trợ điều hành (ESS), Tích hợp ứng dụng doanh nghiệp (EAI), Hệ thống quản lý tri thức (KMS), Hệ thống quản lý nội dung (CMS), Quản lý quan hệ khách hàng (CRM), Quản lý chuỗi cung ứng (SCM) | V64: Đáp ứng tốt cho tiêu chí với các kiến thức như: Nội dung môn học đóng góp vào phát triển khoa học và công nghệ, đổi mới sáng tạo, chuyển đổi số | X64: Đáp ứng tốt cho tiêu chí với các kiến thức như: Đóng góp chung vào nội dung phát triển, trọng dụng nhân lực chất lượng cao, nhân tài đáp ứng yêu cầu phát triển khoa học, công nghệ, đổi mới sáng tạo và chuyển đổi số | Y64: Đáp ứng tốt cho tiêu chí với các kiến thức như: Đóng góp chung vào nội dung đẩy mạnh chuyển đổi số, hình thành công dân số, phát triển văn hóa số. | AB64: =COUNTA(H64:AA64) -> 7
B65: INT14150 | C65: Nhập môn khoa học dữ liệu | D65: Kỳ 8 | E65: Chuyên ngành | F65: 3 | G65: Lựa chọn bắt buộc | H65: Đáp ứng tốt cho tiêu chí với các kiến thức như: Học máy, Hệ khuyến nghị, Lọc dựa trên nội dung, Lọc cộng tác, Thu thập dữ liệu, SQL, Giảm chiều và biến đổi dữ liệu, Học có giám sát, NoSQL, Học kết hợp, Các hệ khuyến nghị lai, Tối ưu truy vấn, Co giãn và chuẩn hóa dữ liệu đóng góp cho việc phát triển khoa học, công nghệ, đổi mới sáng tạo và chuyển đổi số | J65: Đáp ứng tốt cho tiêu chí với các kiến thức như: Kiến thức về khoa học dữ liệu đóng góp cho yêu cầu kiến thức về dữ liệu | K65: Đáp ứng tốt cho tiêu chí với các kiến thức như: Các kiến thức về ứng dụng | M65: Đáp ứng tốt cho tiêu chí với các kiến thức như: Học máy, Hệ khuyến nghị, Lọc dựa trên nội dung, Lọc cộng tác, Thu thập dữ liệu, SQL, Giảm chiều và biến đổi dữ liệu, Học có giám sát, NoSQL, Học kết hợp, Các hệ khuyến nghị lai, Tối ưu truy vấn, Co giãn và chuẩn hóa dữ liệu v.v. đóng góp vào phát triển một số ngành, lĩnh vực công nghiệp công nghệ số | R65: Đáp ứng tốt cho tiêu chí với các kiến thức như: Học máy, Hệ khuyến nghị, Lọc dựa trên nội dung, Lọc cộng tác, Thu thập dữ liệu, SQL, Giảm chiều và biến đổi dữ liệu, Học có giám sát, NoSQL, Học kết hợp, Các hệ khuyến nghị lai, Tối ưu truy vấn, Co giãn và chuẩn hóa dữ liệu | V65: Đáp ứng tốt cho tiêu chí với các kiến thức như: Nội dung môn học đóng góp vào phát triển khoa học và công nghệ, đổi mới sáng tạo, chuyển đổi số | X65: Đáp ứng tốt cho tiêu chí với các kiến thức như: Đóng góp chung vào nội dung phát triển, trọng dụng nhân lực chất lượng cao, nhân tài đáp ứng yêu cầu phát triển khoa học, công nghệ, đổi mới sáng tạo và chuyển đổi số | Y65: Đáp ứng tốt cho tiêu chí với các kiến thức như: Đóng góp chung vào nội dung đẩy mạnh chuyển đổi số, hình thành công dân số, phát triển văn hóa số. | AB65: =COUNTA(H65:AA65) -> 8
C66: Chọn theo chuyên ngành | D66: Kỳ 8 | E66: Chuyên ngành | F66: 3 | G66: Bắt buộc | AB66: =COUNTA(H66:AA66) -> 0
B67: INT14178 | C67: Phân tích yêu cầu phần mềm | D67: Kỳ 8 | E67: Chuyên ngành | F67: 3 | G67: Bắt buộc | H67: Đáp ứng tốt cho tiêu chí với các kiến thức như: Phân tích yêu cầu, kỹ thuật quản lý yêu cầu, đặc tả yêu cầu, phương pháp thu thập và phân tích yêu cầu đóng góp cho việc phát triển khoa học, công nghệ, đổi mới sáng tạo và chuyển đổi số | K67: Đáp ứng tốt cho tiêu chí với các kiến thức như: Các kiến thức về ứng dụng | M67: Đáp ứng tốt cho tiêu chí với các kiến thức như: Phân tích yêu cầu, kỹ thuật quản lý yêu cầu, đặc tả yêu cầu, phương pháp thu thập và phân tích yêu cầu v.v. đóng góp vào phát triển một số ngành, lĩnh vực công nghiệp công nghệ số | R67: Đáp ứng tốt cho tiêu chí với các kiến thức như: Phân tích yêu cầu, kỹ thuật quản lý yêu cầu, đặc tả yêu cầu, phương pháp thu thập và phân tích yêu cầu | V67: Đáp ứng tốt cho tiêu chí với các kiến thức như: Nội dung môn học đóng góp vào phát triển khoa học và công nghệ, đổi mới sáng tạo, chuyển đổi số | X67: Đáp ứng tốt cho tiêu chí với các kiến thức như: Đóng góp chung vào nội dung phát triển, trọng dụng nhân lực chất lượng cao, nhân tài đáp ứng yêu cầu phát triển khoa học, công nghệ, đổi mới sáng tạo và chuyển đổi số | Y67: Đáp ứng tốt cho tiêu chí với các kiến thức như: Đóng góp chung vào nội dung đẩy mạnh chuyển đổi số, hình thành công dân số, phát triển văn hóa số. | AB67: =COUNTA(H67:AA67) -> 7
A68: 43 | B68: INT1461 | C68: Xây dựng các hệ thống nhúng | D68: Kỳ 8 | E68: Chuyên ngành | F68: 3 | G68: Bắt buộc | H68: Đáp ứng tốt cho tiêu chí với các kiến thức như: Giới thiệu chung, Các thành phần phần cứng của hệ thống nhúng, Các thành phần phần mềm của hệ thống nhúng, Thiết kế và cài đặt các hệ thống nhúng đóng góp cho việc phát triển khoa học, công nghệ, đổi mới sáng tạo và chuyển đổi số | K68: Đáp ứng tốt cho tiêu chí với các kiến thức như: Các kiến thức về ứng dụng | M68: Đáp ứng tốt cho tiêu chí với các kiến thức như: Giới thiệu chung, Các thành phần phần cứng của hệ thống nhúng, Các thành phần phần mềm của hệ thống nhúng, Thiết kế và cài đặt các hệ thống nhúng v.v. đóng góp vào phát triển một số ngành, lĩnh vực công nghiệp công nghệ số | R68: Đáp ứng tốt cho tiêu chí với các kiến thức như: Giới thiệu chung, Các thành phần phần cứng của hệ thống nhúng, Các thành phần phần mềm của hệ thống nhúng, Thiết kế và cài đặt các hệ thống nhúng | V68: Đáp ứng tốt cho tiêu chí với các kiến thức như: Nội dung môn học đóng góp vào phát triển khoa học và công nghệ, đổi mới sáng tạo, chuyển đổi số | X68: Đáp ứng tốt cho tiêu chí với các kiến thức như: Đóng góp chung vào nội dung phát triển, trọng dụng nhân lực chất lượng cao, nhân tài đáp ứng yêu cầu phát triển khoa học, công nghệ, đổi mới sáng tạo và chuyển đổi số | Y68: Đáp ứng tốt cho tiêu chí với các kiến thức như: Đóng góp chung vào nội dung đẩy mạnh chuyển đổi số, hình thành công dân số, phát triển văn hóa số. | AB68: =COUNTA(H68:AA68) -> 7
A69: 44 | C69: Chọn theo chuyên ngành | D69: Kỳ 8 | E69: Chuyên ngành | F69: 3 | G69: Bắt buộc | AB69: =COUNTA(H69:AA69) -> 0
A70: 45 | B70: INT1427 | C70: Kiến trúc và thiết kế phần mềm | D70: Kỳ 8 | E70: Chuyên ngành | F70: 3 | G70: Bắt buộc | H70: Đáp ứng tốt cho tiêu chí với các kiến thức như: Các công nghệ cho phát triển phần mềm hướng thành phần, Kiến trúc EJB, Phân loại mẫu thiết kế, Biểu diễn UML thiết kế của phần mềm đóng góp cho việc phát triển khoa học, công nghệ, đổi mới sáng tạo và chuyển đổi số | K70: Đáp ứng tốt cho tiêu chí với các kiến thức như: Các kiến thức về ứng dụng | M70: Đáp ứng tốt cho tiêu chí với các kiến thức như: Các công nghệ cho phát triển phần mềm hướng thành phần, Kiến trúc EJB, Phân loại mẫu thiết kế, Biểu diễn UML thiết kế của phần mềm v.v. đóng góp vào phát triển một số ngành, lĩnh vực công nghiệp công nghệ số | R70: Đáp ứng tốt cho tiêu chí với các kiến thức như: Các công nghệ cho phát triển phần mềm hướng thành phần, Kiến trúc EJB, Phân loại mẫu thiết kế, Biểu diễn UML thiết kế của phần mềm | V70: Đáp ứng tốt cho tiêu chí với các kiến thức như: Nội dung môn học đóng góp vào phát triển khoa học và công nghệ, đổi mới sáng tạo, chuyển đổi số | X70: Đáp ứng tốt cho tiêu chí với các kiến thức như: Đóng góp chung vào nội dung phát triển, trọng dụng nhân lực chất lượng cao, nhân tài đáp ứng yêu cầu phát triển khoa học, công nghệ, đổi mới sáng tạo và chuyển đổi số | Y70: Đáp ứng tốt cho tiêu chí với các kiến thức như: Đóng góp chung vào nội dung đẩy mạnh chuyển đổi số, hình thành công dân số, phát triển văn hóa số. | AB70: =COUNTA(H70:AA70) -> 7
A71: 46 | B71: INT1405 | C71: Các hệ thống phân tán | D71: Kỳ 8 | E71: Chuyên ngành | F71: 3 | G71: Bắt buộc | H71: Đáp ứng tốt cho tiêu chí với các kiến thức như: Công nghệ phát triển hệ thống phân tán, Kiến trúc hệ thống phân tán, Nhất quán và nhân bản, Bảo mật, Chịu lỗi v.v. đóng góp cho việc phát triển khoa học, công nghệ, đổi mới sáng tạo và chuyển đổi số | J71: Đáp ứng tốt cho tiêu chí với các kiến thức như: Kiến thức về các hệ thống phân tán đóng góp cho yêu cầu kiến thức về hạ tầng | K71: Đáp ứng tốt cho tiêu chí với các kiến thức như: Các kiến thức về ứng dụng | M71: Đáp ứng tốt cho tiêu chí với các kiến thức như: Công nghệ phát triển hệ thống phân tán, Kiến trúc hệ thống phân tán, Nhất quán và nhân bản, Bảo mật, Chịu lỗi v.v. đóng góp vào phát triển một số ngành, lĩnh vực công nghiệp công nghệ số | P71: Đáp ứng tốt cho tiêu chí với các kiến thức như: Công nghệ phát triển hệ thống phân tán, Kiến trúc hệ thống phân tán, Nhất quán và nhân bản, Bảo mật, Chịu lỗi v.v. đóng góp vào nội dung internet vạn vật, điện toán đám mây | R71: Đáp ứng tốt cho tiêu chí với các kiến thức như: Công nghệ phát triển hệ thống phân tán, Kiến trúc hệ thống phân tán, Nhất quán và nhân bản, Bảo mật, Chịu lỗi v.v. | V71: Đáp ứng tốt cho tiêu chí với các kiến thức như: Nội dung môn học đóng góp vào phát triển khoa học và công nghệ, đổi mới sáng tạo, chuyển đổi số | X71: Đáp ứng tốt cho tiêu chí với các kiến thức như: Đóng góp chung vào nội dung phát triển, trọng dụng nhân lực chất lượng cao, nhân tài đáp ứng yêu cầu phát triển khoa học, công nghệ, đổi mới sáng tạo và chuyển đổi số | Y71: Đáp ứng tốt cho tiêu chí với các kiến thức như: Đóng góp chung vào nội dung đẩy mạnh chuyển đổi số, hình thành công dân số, phát triển văn hóa số, bảo đảm an toàn, an ninh mạng và chủ quyền quốc gia trên nền tảng số và không gian mạng; an ninh, an toàn dữ liệu hợp pháp của tổ chức, cá nhân, doanh nghiệp và chủ quyền an ninh dữ liệu quốc gia. | AB71: =COUNTA(H71:AA71) -> 9
A72: 47 | C72: Chọn theo chuyên ngành | D72: Kỳ 8 | E72: Chuyên ngành | F72: 3 | G72: Bắt buộc | AB72: =COUNTA(H72:AA72) -> 0
A73: 48 | B73: INT1416 | C73: Đảm bảo chất lượng phần mềm | D73: Kỳ 8 | E73: Chuyên ngành | F73: 3 | G73: Bắt buộc | H73: Đáp ứng tốt cho tiêu chí với các kiến thức như: Áp dụng công cụ SQA trong dự án, Phạm vi của các tiêu chuẩn quản lý chất lượng, Công cụ kiểm thử bảo mật đóng góp cho việc phát triển khoa học, công nghệ, đổi mới sáng tạo và chuyển đổi số | K73: Đáp ứng tốt cho tiêu chí với các kiến thức như: Các kiến thức về ứng dụng | M73: Đáp ứng tốt cho tiêu chí với các kiến thức như: Áp dụng công cụ SQA trong dự án, Phạm vi của các tiêu chuẩn quản lý chất lượng, Công cụ kiểm thử bảo mật v.v. đóng góp vào phát triển một số ngành, lĩnh vực công nghiệp công nghệ số | R73: Đáp ứng tốt cho tiêu chí với các kiến thức như: Áp dụng công cụ SQA trong dự án, Phạm vi của các tiêu chuẩn quản lý chất lượng, Công cụ kiểm thử bảo mật | V73: Đáp ứng tốt cho tiêu chí với các kiến thức như: Nội dung môn học đóng góp vào phát triển khoa học và công nghệ, đổi mới sáng tạo, chuyển đổi số | X73: Đáp ứng tốt cho tiêu chí với các kiến thức như: Đóng góp chung vào nội dung phát triển, trọng dụng nhân lực chất lượng cao, nhân tài đáp ứng yêu cầu phát triển khoa học, công nghệ, đổi mới sáng tạo và chuyển đổi số | Y73: Đáp ứng tốt cho tiêu chí với các kiến thức như: Đóng góp chung vào nội dung đẩy mạnh chuyển đổi số, hình thành công dân số, phát triển văn hóa số. | AB73: =COUNTA(H73:AA73) -> 7
A74: 49 | B74: INT1422 | C74: Kho dữ liệu và khai phá dữ liệu | D74: Kỳ 8 | E74: Chuyên ngành | F74: 3 | G74: Bắt buộc | H74: Đáp ứng tốt cho tiêu chí với các kiến thức như: Tổng quan, Tích hợp các lược đồ dữ liệu, Xây dựng kho dữ liệu phục vụ hỗ trợ quyết định, Chuyển đổi và tích hợp dữ liệu, Các phương pháp khai phá dữ liệu phức tạp | J74: Đáp ứng tốt cho tiêu chí với các kiến thức như: Kiến thức về kho dữ liệu và khai phá dữ liệu đóng góp cho yêu cầu kiến thức về dữ liệu, dữ liệu lớn | K74: Đáp ứng tốt cho tiêu chí với các kiến thức như: Các kiến thức về ứng dụng | M74: Đáp ứng tốt cho tiêu chí với các kiến thức như: Tổng quan, Tích hợp các lược đồ dữ liệu, Xây dựng kho dữ liệu phục vụ hỗ trợ quyết định, Chuyển đổi và tích hợp dữ liệu, Các phương pháp khai phá dữ liệu phức tạp v.v. đóng góp vào phát triển một số ngành, lĩnh vực công nghiệp công nghệ số | P74: Đáp ứng tốt cho tiêu chí với các kiến thức như: Tổng quan, Tích hợp các lược đồ dữ liệu, Xây dựng kho dữ liệu phục vụ hỗ trợ quyết định, Chuyển đổi và tích hợp dữ liệu, Các phương pháp khai phá dữ liệu phức tạp v.v. đóng góp vào nội dung dữ liệu lớn | R74: Đáp ứng tốt cho tiêu chí với các kiến thức như: Tổng quan, Tích hợp các lược đồ dữ liệu, Xây dựng kho dữ liệu phục vụ hỗ trợ quyết định, Chuyển đổi và tích hợp dữ liệu, Các phương pháp khai phá dữ liệu phức tạp | V74: Đáp ứng tốt cho tiêu chí với các kiến thức như: Nội dung môn học đóng góp vào phát triển khoa học và công nghệ, đổi mới sáng tạo, chuyển đổi số | X74: Đáp ứng tốt cho tiêu chí với các kiến thức như: Đóng góp chung vào nội dung phát triển, trọng dụng nhân lực chất lượng cao, nhân tài đáp ứng yêu cầu phát triển khoa học, công nghệ, đổi mới sáng tạo và chuyển đổi số | Y74: Đáp ứng tốt cho tiêu chí với các kiến thức như: Đóng góp chung vào nội dung đẩy mạnh chuyển đổi số, hình thành công dân số, phát triển văn hóa số. | AB74: =COUNTA(H74:AA74) -> 9
C75: Chọn theo chuyên ngành | D75: Kỳ 8 | E75: Chuyên ngành | F75: 3 | G75: Bắt buộc | AB75: =COUNTA(H75:AA75) -> 0
B76: INT1449 | C76: Phát triển ứng dụng cho thiết bị di động | D76: Kỳ 8 | E76: Chuyên ngành | F76: 3 | G76: Bắt buộc | H76: Đáp ứng tốt cho tiêu chí với các kiến thức như: Tổng quan về phát triển ứng dụng di động, Phát triển ứng dụng đa nền tảng-mạng, Giới thiệu Hệ sinh thái di động, Giới thiệu Hệ điều hành di động, Giới thiệu ngôn ngữ lập trình cho ứng dụng di động, Thiết lập môi trường lập trình ứng dụng di động (Android), Kiến thức cơ bản về ngôn ngữ lập trình ứng dụng di động đóng góp cho việc phát triển khoa học, công nghệ, đổi mới sáng tạo và chuyển đổi số | K76: Đáp ứng tốt cho tiêu chí với các kiến thức như: Các kiến thức về ứng dụng | M76: Đáp ứng tốt cho tiêu chí với các kiến thức như: Tổng quan về phát triển ứng dụng di động, Phát triển ứng dụng đa nền tảng-mạng, Giới thiệu Hệ sinh thái di động, Giới thiệu Hệ điều hành di động, Giới thiệu ngôn ngữ lập trình cho ứng dụng di động, Thiết lập môi trường lập trình ứng dụng di động (Android), Kiến thức cơ bản về ngôn ngữ lập trình ứng dụng di động v.v. đóng góp vào phát triển một số ngành, lĩnh vực công nghiệp công nghệ số | P76: Đáp ứng tốt cho tiêu chí với các kiến thức như: Tổng quan về phát triển ứng dụng di động, Phát triển ứng dụng đa nền tảng-mạng, Giới thiệu Hệ sinh thái di động, Giới thiệu Hệ điều hành di động, Giới thiệu ngôn ngữ lập trình cho ứng dụng di động, Thiết lập môi trường lập trình ứng dụng di động (Android), Kiến thức cơ bản về ngôn ngữ lập trình ứng dụng di động v.v. đóng góp vào nội dung internet vạn vật, điện toán đám mây | R76: Đáp ứng tốt cho tiêu chí với các kiến thức như: Tổng quan về phát triển ứng dụng di động, Phát triển ứng dụng đa nền tảng-mạng, Giới thiệu Hệ sinh thái di động, Giới thiệu Hệ điều hành di động, Giới thiệu ngôn ngữ lập trình cho ứng dụng di động, Thiết lập môi trường lập trình ứng dụng di động (Android), Kiến thức cơ bản về ngôn ngữ lập trình ứng dụng di động | V76: Đáp ứng tốt cho tiêu chí với các kiến thức như: Nội dung môn học đóng góp vào phát triển khoa học và công nghệ, đổi mới sáng tạo, chuyển đổi số | X76: Đáp ứng tốt cho tiêu chí với các kiến thức như: Đóng góp chung vào nội dung phát triển, trọng dụng nhân lực chất lượng cao, nhân tài đáp ứng yêu cầu phát triển khoa học, công nghệ, đổi mới sáng tạo và chuyển đổi số | Y76: Đáp ứng tốt cho tiêu chí với các kiến thức như: Đóng góp chung vào nội dung đẩy mạnh chuyển đổi số, hình thành công dân số, phát triển văn hóa số. | AB76: =COUNTA(H76:AA76) -> 8
A77: 50 | B77: INT1445 | C77: Phát triển hệ thống thương mại điện tử | D77: Kỳ 8 | E77: Chuyên ngành | F77: 3 | G77: Bắt buộc | H77: Đáp ứng tốt cho tiêu chí với các kiến thức như: Tổng quan về hệ thống thương mại điện tử, Kinh doanh trực tuyến, Xây dựng chức năng quản lý thông tin khách hàng, Thiết kế chi tiết hệ thống thương mại điện tử, Phát triển hệ thống thương mại điện tử, Một số tính năng nâng cao v,v, đóng góp cho việc phát triển khoa học, công nghệ, đổi mới sáng tạo và chuyển đổi số | K77: Đáp ứng tốt cho tiêu chí với các kiến thức như: Các kiến thức về ứng dụng | M77: Đáp ứng tốt cho tiêu chí với các kiến thức như: Tổng quan về hệ thống thương mại điện tử, Kinh doanh trực tuyến, Xây dựng chức năng quản lý thông tin khách hàng, Thiết kế chi tiết hệ thống thương mại điện tử, Phát triển hệ thống thương mại điện tử, Một số tính năng nâng cao v.v. đóng góp vào phát triển một số ngành, lĩnh vực công nghiệp công nghệ số | R77: Đáp ứng tốt cho tiêu chí với các kiến thức như: Tổng quan về hệ thống thương mại điện tử, Kinh doanh trực tuyến, Xây dựng chức năng quản lý thông tin khách hàng, Thiết kế chi tiết hệ thống thương mại điện tử, Phát triển hệ thống thương mại điện tử, Một số tính năng nâng cao v,v, | V77: Đáp ứng tốt cho tiêu chí với các kiến thức như: Nội dung môn học đóng góp vào phát triển khoa học và công nghệ, đổi mới sáng tạo, chuyển đổi số | X77: Đáp ứng tốt cho tiêu chí với các kiến thức như: Đóng góp chung vào nội dung phát triển, trọng dụng nhân lực chất lượng cao, nhân tài đáp ứng yêu cầu phát triển khoa học, công nghệ, đổi mới sáng tạo và chuyển đổi số | Y77: Đáp ứng tốt cho tiêu chí với các kiến thức như: Đóng góp chung vào nội dung đẩy mạnh chuyển đổi số, hình thành công dân số, phát triển văn hóa số. | AB77: =COUNTA(H77:AA77) -> 7
C78: Phương pháp luận NCKH | D78: Kỳ 8 | E78: Giáo dục Đại cương | F78: 3 | G78: Bắt buộc | H78: Đáp ứng tốt cho tiêu chí với các kiến thức như: Khái niệm, tổ chức, yêu cầu, xây dựng đề cương, các phương pháp NCKH, viết báo cáo, bài báo khoa học v.v. đóng góp cho toàn bộ tiêu chí | K78: Đáp ứng tốt cho tiêu chí với các kiến thức như: Các kiến thức về ứng dụng | M78: Đáp ứng tốt cho tiêu chí với các kiến thức như: Khái niệm, tổ chức, yêu cầu, xây dựng đề cương, các phương pháp NCKH, viết báo cáo, bài báo khoa học v.v. đóng góp vào tiềm lực, trình độ khoa học, công nghệ và đổi mới sáng tạo | R78: Đáp ứng tốt cho tiêu chí với các kiến thức như: Khái niệm, tổ chức, yêu cầu, xây dựng đề cương, các phương pháp NCKH, viết báo cáo, bài báo khoa học v.v. | X78: Đáp ứng tốt cho tiêu chí với các kiến thức như: Đóng góp chung vào nội dung phát triển, trọng dụng nhân lực chất lượng cao, nhân tài đáp ứng yêu cầu phát triển khoa học, công nghệ, đổi mới sáng tạo và chuyển đổi số | AB78: =COUNTA(H78:AA78) -> 5
B79: INT | C79: Thực tập tốt nghiệp | D79: Kỳ 9 | E79: Tốt nghiệp | F79: 6 | G79: Bắt buộc | H79: Đáp ứng tốt cho tiêu chí với các kiến thức như: Phát triển kỹ năng chuyên môn, kỹ năng làm việc trong môi trường doanh nghiệp, các kiến thức thực tế, tính chuyên nghiệp v.v. đóng góp cho việc phát triển khoa học, công nghệ, đổi mới sáng tạo và chuyển đổi số | K79: Đáp ứng tốt cho tiêu chí với các kiến thức như: Các kiến thức về ứng dụng | M79: Đáp ứng tốt cho tiêu chí với các kiến thức như: Phát triển kỹ năng chuyên môn, kỹ năng làm việc trong môi trường doanh nghiệp, các kiến thức thực tế, tính chuyên nghiệp v.v. đóng góp vào phát triển một số ngành, lĩnh vực công nghiệp công nghệ số | R79: Đáp ứng tốt cho tiêu chí với các kiến thức như: Phát triển kỹ năng chuyên môn, kỹ năng làm việc trong môi trường doanh nghiệp, các kiến thức thực tế, tính chuyên nghiệp v.v. | V79: Đáp ứng tốt cho tiêu chí với các kiến thức như: Nội dung môn học đóng góp vào phát triển khoa học và công nghệ, đổi mới sáng tạo, chuyển đổi số | X79: Đáp ứng tốt cho tiêu chí với các kiến thức như: Đóng góp chung vào nội dung phát triển, trọng dụng nhân lực chất lượng cao, nhân tài đáp ứng yêu cầu phát triển khoa học, công nghệ, đổi mới sáng tạo và chuyển đổi số | Y79: Đáp ứng tốt cho tiêu chí với các kiến thức như: Đóng góp chung vào nội dung đẩy mạnh chuyển đổi số, hình thành công dân số, phát triển văn hóa số. | AB79: =COUNTA(H79:AA79) -> 7
A80: 51 | B80: INT | C80: Đồ án tốt nghiệp | D80: Kỳ 9 | E80: Tốt nghiệp | F80: 6 | G80: Bắt buộc | H80: Đáp ứng tốt cho tiêu chí với các kiến thức như: Từ chủ đề, nội dung nghiên cứu của đồ án trong lĩnh vực CNTT đóng góp cho việc phát triển khoa học, công nghệ, đổi mới sáng tạo và chuyển đổi số | K80: Đáp ứng tốt cho tiêu chí với các kiến thức như: Các kiến thức về ứng dụng | M80: Đáp ứng tốt cho tiêu chí với các kiến thức như: Từ chủ đề, nội dung nghiên cứu của đồ án v.v. đóng góp vào phát triển một số ngành, lĩnh vực công nghiệp công nghệ số | R80: Đáp ứng tốt cho tiêu chí với các kiến thức như: Từ chủ đề, nội dung nghiên cứu của đồ án | V80: Đáp ứng tốt cho tiêu chí với các kiến thức như: Nội dung môn học đóng góp vào phát triển khoa học và công nghệ, đổi mới sáng tạo, chuyển đổi số | X80: Đáp ứng tốt cho tiêu chí với các kiến thức như: Đóng góp chung vào nội dung phát triển, trọng dụng nhân lực chất lượng cao, nhân tài đáp ứng yêu cầu phát triển khoa học, công nghệ, đổi mới sáng tạo và chuyển đổi số | Y80: Đáp ứng tốt cho tiêu chí với các kiến thức như: Đóng góp chung vào nội dung đẩy mạnh chuyển đổi số, hình thành công dân số, phát triển văn hóa số. | AB80: =COUNTA(H80:AA80) -> 7
A81: Count all | H81: =COUNTA(H4:H80) -> 66 | I81: =COUNTA(I4:I80) -> 6 | J81: =COUNTA(J4:J80) -> 13 | K81: =COUNTA(K4:K80) -> 53 | L81: =COUNTA(L4:L80) -> 2 | M81: =COUNTA(M4:M80) -> 58 | N81: =COUNTA(N4:N80) -> 0 | O81: =COUNTA(O4:O80) -> 0 | ... AA81: =COUNTA(AA4:AA80) -> 0
H82: Toàn bộ tiêu chí được đáp ứng | I82: Toàn bộ tiêu chí được đáp ứng | J82: Bổ sung nội dung: đảm bảo nguồn nhân lực trình độ cao | K82: Bổ sung nội dung: tự chủ về công nghệ | L82: Bổ sung nội dung: an ninh mạng | M82: Bổ sung nội dung: Tối thiểu có 5 doanh nghiệp công nghệ số ngang tầm các nước tiên tiến | N82: Cần bổ sung, cải tiến CTĐT: Tiêu chí này không có môn học nào đáp ứng rõ ràng | O82: Cần bổ sung, cải tiến CTĐT: Tiêu chí này không có môn học nào đáp ứng rõ ràng | P82: Bổ sung nội dung: hạ tầng dung lượng siêu lớn, băng thông siêu rộng, đô thị thông minh, thu hút ít nhất 3 tổ chức, doanh nghiệp công nghệ hàng đầu thế giới | Q82: Bổ sung nội dung: Quản lý nhà nước từ Trung ương đến địa phương trên môi trường số, kết nối và vận hành thông suốt giữa các cơ quan v.v. | R82: Toàn bộ tiêu chí được đáp ứng | S82: Cần bổ sung, cải tiến CTĐT: Tiêu chí này không có môn học nào đáp ứng rõ ràng | T82: Cần bổ sung, cải tiến CTĐT: Tiêu chí này không có môn học nào đáp ứng rõ ràng | U82: Bổ sung nội dung: người đứng đầu trực tiếp phụ trách, chỉ đạo; bố trí cán bộ phù hợp số lượng, trình độ; phát huy tính thần sáng tạo...; tuyên truyền...; phong trào...; tôn vinh v.v. | V82: Bổ sung nội dung: thí điểm đối với những vấn đề thực tiễn đặt ra, nâng cao hiệu quả quản lý nhà nước, thu hút, sử dụng có hiệu quả mọi nguồn lực | W82: Cần bổ sung, cải tiến CTĐT: Tiêu chí này không có môn học nào đáp ứng rõ ràng | X82: Bổ sung nội dung: các nội dung cụ thể như đầu tư, cơ chế chính sách, xây dựng trường lớp, đội ngũ giảng viên, nhân lực v.v. | Y82: Bổ sung nội dung: các nội dung cụ thể như đầu tư, cơ chế chính sách, xây dựng trường lớp, đội ngũ giảng viên, nhân lực v.v. | Z82: Cần bổ sung, cải tiến CTĐT: Tiêu chí này không có môn học nào đáp ứng rõ ràng | AA82: Cần bổ sung, cải tiến CTĐT: Tiêu chí này không có môn học nào đáp ứng rõ ràng

Sheet C.M. Khung năng lực số 8 bậc re
H1: Link trích dẫn: https://thuvienphapluat.vn/van-ban/Giao-duc/Thong-tu-02-2025-TT-BGDDT-quy-dinh-Khung-nang-luc-so-cho-nguoi-hoc-625668.aspx
H2: I. Khai thác dữ liệu và thông tin: Xác định được rõ nhu cầu thông tin, xác định được vị trí và truy xuất được dữ liệu, thông tin và nội dung số. Đánh giá được mức độ liên quan của nguồn và nội dung của chúng. | K2: II. Giao tiếp và hợp tác trong môi trường số Tương tác, giao tiếp và hợp tác thông qua công nghệ số đồng thời nhận thức rõ được sự đa dạng về văn hóa và thế hệ. Tham gia và đóng góp cho xã hội thông qua các dịch vụ công và tư và thực hiện quyền công dân. Quản lý danh tính số và danh tiếng của bản thân. | Q2: III. Sáng tạo nội dung số Tạo lập và biên tập được nội dung số. Cải tiến và kết hợp được thông tin và nội dung vào vốn tri thức sẵn có trong khi đó hiểu được hệ thống giấy phép và bản quyền liên quan đến quá trình sáng tạo nội dung số. Biết được cách đưa ra các hướng dẫn có thể hiểu được cho hệ thống máy tính. | U2: IV. An toàn Bảo vệ các thiết bị, nội dung, dữ liệu cá nhân và quyền riêng tư trong môi trường số. Bảo vệ sức khỏe thể chất và tinh thần, đồng thời nhận biết các công nghệ số giúp tăng cường thịnh vượng xã hội và sự hòa hợp trong xã hội. Nhận thức về tác động môi trường của công nghệ số và việc sử công nghệ số. | Y2: V. Giải quyết vấn đề Nhận diện được nhu cầu và các vấn đề cũng như giải quyết các vấn đề và tình huống trong môi trường số. Sử dụng được các công cụ kỹ thuật số để đổi mới quy trình và sản phẩm. Cập nhật được sự tiến bộ của công nghệ số. | AC2: VI. Ứng dụng trí tuệ nhân tạo Ứng dụng AI trong học tập, làm việc và cuộc sống một cách có đạo đức và trách nhiệm.
A3: STT | B3: Mã học phần | C3: Học phần | D3: Học kỳ | E3: Khối kiến thức/ Khối học tập | F3: Số tín chỉ | G3: Bắt buộc/ lựa chọn bắt buộc/ lựa chọn tự do | H3: 1. Duyệt, tìm kiếm và lọc dữ liệu, thông tin và nội dung số: Xác định được nhu cầu thông tin, tìm kiếm được dữ liệu, thông tin và nội dung trong môi trường số, truy cập chúng và khai thác được kết quả tìm kiếm. Tạo và cập nhật được chiến lược tìm kiếm. | I3: 2. Đánh giá dữ liệu, thông tin và nội dung số: Phân tích, so sánh và đánh giá được độ tin cậy và tính xác thực của nguồn dữ liệu, thông tin và nội dung số. Phân tích, giải thích và đánh giá được dữ liệu, thông tin và nội dung số. | J3: 3. Quản lý dữ liệu, thông tin và nội dung số: Tổ chức, lưu trữ và truy xuất được dữ liệu, thông tin và nội dung trong môi trường số. Tổ chức và sắp xếp được chúng trong một môi trường có cấu trúc. | K3: 4. Tương tác thông qua công nghệ số: Tương tác thông qua các công nghệ số khác nhau và nhận biết được phương tiện giao tiếp số nào phù hợp cho một bối cảnh cụ thể. | L3: 5. Chia sẻ thông tin và nội dung thông qua công nghệ số: Chia sẻ dữ liệu, thông tin và nội dung số với người khác thông qua các công nghệ số phù hợp. Đóng vai trò là người trung gian, hiểu biết về thực hành trích dẫn và ghi chú nguồn. | M3: 6. Sử dụng công nghệ số để thực hiện trách nhiệm công dân: Tham gia đóng góp cho xã hội thông qua việc sử dụng các dịch vụ số công và tư. Tìm kiếm được cơ hội, để trao quyền và thu hút công dân thông qua các công nghệ số phù hợp. | N3: 7. Hợp tác thông qua công nghệ số Sử dụng được các công cụ và công nghệ số cho các quá trình hợp tác cũng như để cùng xây dựng và đồng sáng tạo dữ liệu, tài nguyên và kiến thức. | O3: 8. Thực hiện quy tắc ứng xử trên mạng Nhận thức được các chuẩn mực hành vi và kiến thức khi sử dụng công nghệ số và tương tác trong môi trường số. Điều chỉnh được các chiến lược giao tiếp phù hợp với đối tượng cụ thể và nhận thức được sự đa dạng về văn hóa và thế hệ trong môi trường số. | P3: 9. Quản lý danh tính số Tạo và quản lý được một hoặc nhiều danh tính số để bảo vệ danh tiếng của bản thân, làm việc với dữ liệu mà một người tạo ra bằng nhiều công cụ, môi trường và dịch vụ số. | Q3: 10. Phát triển nội dung số Tạo và chỉnh sửa được nội dung số ở các định dạng khác nhau, nhằm thể hiện bản thân thông qua các phương tiện số. | R3: 11. Tích hợp và tạo lập lại nội dung số Sửa đổi, tinh chỉnh và tích hợp được thông tin và nội dung mới vào khối kiến thức và tài nguyên hiện có để tạo ra nội dung và kiến thức mới, độc đáo và phù hợp. | S3: 12. Thực thi bản quyền và giấy phép Hiểu được cách áp dụng bản quyền và giấy phép cho thông tin và nội dung số. | T3: 13. Lập trình Lập kế hoạch và phát triển được một chuỗi các câu lệnh dễ hiểu cho một hệ thống máy tính để giải quyết một vấn đề nhất định hoặc thực hiện một nhiệm vụ cụ thể. | U3: 14. Bảo vệ thiết bị Bảo vệ được các thiết bị và nội dung số cũng như hiểu rõ các rủi ro và mối đe dọa trong môi trường kỹ thuật số. Biết được các biện pháp an toàn và bảo mật cũng như có sự quan tâm đúng mức đến độ tin cậy và quyền riêng tư. | V3: 15. Bảo vệ dữ liệu cá nhân và quyền riêng tư Bảo vệ được dữ liệu cá nhân và quyền riêng tư trong môi trường số. Hiểu được cách sử dụng và chia sẻ thông tin định danh cá nhân một cách an toàn, có khả năng bảo vệ bản thân và người khác. Hiểu được cách các dịch vụ số sử dụng “Chính sách Quyền riêng tư” để thông báo phương thức sử dụng dữ liệu cá nhân. | W3: 16. Bảo vệ sức khỏe và an sinh số Tránh được rủi ro và đe dọa đến sức khỏe thể chất và tinh thần khi sử dụng công nghệ số. Bảo vệ được bản thân và người khác khỏi nguy cơ trong môi trường số (ví dụ: bắt nạt trên mạng). Nhận biết được những công nghệ số giúp tăng cường thịnh vượng xã hội và sự hòa hợp trong xã hội. | X3: 17. Bảo vệ môi trường Nhận thức được tác động của công nghệ số và việc sử dụng công nghệ số đối với môi trường. | Y3: 18. Giải quyết các vấn đề kỹ thuật Xác định được các vấn đề kỹ thuật khi vận hành thiết bị, sử dụng môi trường số và giải quyết chúng (từ xử lý sự cố đến giải quyết các vấn đề phức tạp hơn). | Z3: 19. Xác định nhu cầu và giải pháp công nghệ Đánh giá được nhu cầu và xác định, đánh giá, lựa chọn, sử dụng các công cụ số cùng với các giải pháp công nghệ khả thi để giải quyết chúng. Điều chỉnh và tùy chỉnh được môi trường số theo nhu cầu cá nhân (ví dụ: khả năng tiếp cận). | AA3: 20. Sử dụng sáng tạo công nghệ số Sử dụng được các công cụ và công nghệ số để tạo ra kiến thức, đổi mới quy trình và sản phẩm. Gắn kết cá nhân và tập thể vào quá trình xử lý nhận thức để hiểu và giải quyết các vấn đề mang tính khái niệm và các tình huống có vấn đề trong môi trường số. | AB3: 21. Xác định các vấn đề cần cải thiện về năng lực số Hiểu được năng lực số của chính mình cần được cải thiện hoặc cập nhật ở đâu. Có thể hỗ trợ người khác phát triển năng lực số của họ. Tìm kiếm được cơ hội phát triển bản thân và cập nhật sự phát triển công nghệ số. | AC3: 22. Hiểu biết về AI (trong đó có Gen AI) Hiểu được cách AI ảnh hưởng đến cuộc sống hằng ngày và vai trò của AI trong các lĩnh vực khác nhau. Nắm vững được nguyên tắc hoạt động của AI, khả năng và hạn chế của AI. | AD3: 23. Sử dụng AI có đạo đức và trách nhiệm Sử dụng hiệu quả các hệ thống AI và hiểu rõ ứng dụng thực tế của chúng. Sử dụng được AI để tạo nội dung, khám phá kiến thức và giải quyết các vấn đề trong công việc, học tập và cuộc sống hàng ngày. | AE3: 24. Đánh giá các công cụ AI Đánh giá và lọc được thông tin từ các nguồn được tạo ra hoặc xử lý bằng AI, để hiểu rõ hơn về tính đáng tin cậy và cách sử dụng thông tin đó. Đánh giá được AI trên các khía cạnh minh bạch, an toàn, đạo đức và tác động. | AF3: Count all
A4: 1 | C4: Triết học Mác Lênin | D4: Kỳ 1 | E4: Giáo dục Đại cương | F4: 3 | G4: Bắt buộc | AF4: =COUNTA(H4:AE4) -> 0
A5: 2 | C5: Giải tích 1 | D5: Kỳ 1 | E5: Giáo dục Đại cương | F5: 3 | G5: Bắt buộc | AF5: =COUNTA(H5:AE5) -> 0
A6: 3 | C6: Tin học cơ sở 1 | D6: Kỳ 1 | E6: Giáo dục Đại cương | F6: 2 | G6: Bắt buộc | H6: Đáp ứng tốt cho tiêu chí với các kiến thức như: Làm quen với các công cụ duyệt, tìm kiếm khai thác dữ liệu, thông tin | J6: Đáp ứng tốt cho tiêu chí với các kiến thức như: Quản lý File và thư mục trong Windows | K6: Đáp ứng tốt cho tiêu chí với các kiến thức như: Mạng máy tính, Các cách thức gửi - nhận thông tin, email, file, dữ liệu v.v. qua mạng | L6: Đáp ứng tốt cho tiêu chí với các kiến thức như: Internet, sử dụng các ứng dụng mail, web v.v. chia sẻ thông tin | M6: Đáp ứng tốt cho tiêu chí với các kiến thức như: Sử dụng internet, các app di động để thực hiện các thủ tục nhà nước, học tập, tài chính v.v. | N6: Đáp ứng tốt cho tiêu chí với các kiến thức như: Hợp tác trên các nền tảng số chia sẻ phổ biến như Google documents, Microsoft Office 365 v.v. | O6: Đáp ứng tốt cho tiêu chí với các kiến thức như: Mức độ làm quen khi hợp tác làm việc trên các nền tảng số chia sẻ qua internet v.v. | P6: Đáp ứng tốt cho tiêu chí với các kiến thức như: Mức độ làm quen khi quản lý tài khoản internet trong quá trình hợp tác làm việc trên các nền tảng số chia sẻ qua internet v.v. | Q6: Đáp ứng tốt cho tiêu chí với các kiến thức như: Tạo nội dung số sử dụng các ứng dụng cơ bản như Microsoft Word, Excel, PowerPoint v.v. | R6: Đáp ứng tốt cho tiêu chí với các kiến thức như: Lập bảng biểu, Sử dụng công thức, hàm, sắp xếp, Phương pháp tạo và hiển thị Slide từ các nội dung số khác | T6: Đáp ứng tốt cho tiêu chí với các kiến thức như: Khái niệm giải thuật, Các phương pháp diễn tả giải thuật | U6: Đáp ứng tốt cho tiêu chí với các kiến thức như: Cơ bản về virus máy tính và phương pháp phòng chống, sử dụng và bảo quản máy tính an toàn, phù hợp v.v. | V6: Đáp ứng tốt cho tiêu chí với các kiến thức như: Virus máy tính và phương pháp phòng chống, Sử dụng và bảo quản máy tính | W6: Đáp ứng tốt cho tiêu chí với các kiến thức như: Kiến thức cơ bản về các công nghệ số hữu ích, các nguy cơ trong môi trường số và các biện pháp phòng tránh cơ bản | Y6: Đáp ứng tốt cho tiêu chí với các kiến thức như: Xác định các vấn đề kỹ thuật và phương pháp giải quyết trong tin học cơ sở | Z6: Đáp ứng tốt cho tiêu chí với các kiến thức như: Xác định nhu cầu và giải pháp công nghệ trong tin học cơ sở | AF6: =COUNTA(H6:AE6) -> 16
A7: 4 | C7: Đại số | D7: Kỳ 1 | E7: Giáo dục Đại cương | F7: 3 | G7: Bắt buộc | AF7: =COUNTA(H7:AE7) -> 0
A8: 5 | C8: Giáo dục thể chất 1 | D8: Kỳ 1 | E8: Giáo dục Đại cương | G8: Bắt buộc | AF8: =COUNTA(H8:AE8) -> 0
A9: 6 | C9: Giáo dục quốc phòng | D9: Kỳ 1 | E9: Giáo dục Đại cương | G9: Bắt buộc | AF9: =COUNTA(H9:AE9) -> 0
A10: 7 | C10: Kinh tế chính trị Mác Lênin | D10: Kỳ 2 | E10: Giáo dục Đại cương | F10: 2 | G10: Bắt buộc | AF10: =COUNTA(H10:AE10) -> 0
A11: 8 | C11: Tiếng Anh (Course 1) | D11: Kỳ 2 | E11: Giáo dục Đại cương | F11: 4 | G11: Bắt buộc | AF11: =COUNTA(H11:AE11) -> 0
A12: 9 | C12: Giải tích 2 | D12: Kỳ 2 | E12: Giáo dục Đại cương | F12: 3 | G12: Bắt buộc | AF12: =COUNTA(H12:AE12) -> 0
A13: 10 | C13: Vật lý ứng dụng | D13: Kỳ 2 | E13: Giáo dục Đại cương | F13: 4 | G13: Bắt buộc | AF13: =COUNTA(H13:AE13) -> 0
A14: 11 | B14: INT1155 | C14: Tin học cơ sở 2 | D14: Kỳ 2 | E14: Giáo dục Đại cương | F14: 2 | G14: Bắt buộc | H14: Đáp ứng tốt cho tiêu chí với các kiến thức như: Cách duyệt, tìm kiếm dữ liệu trên các file, thư mục dùng ngôn ngữ C... | J14: Đáp ứng tốt cho tiêu chí với các kiến thức như: Tổ chức dữ liệu vào-ra của phần mềm C v.v. | T14: Đáp ứng tốt cho tiêu chí với các kiến thức như: Toàn bộ môn học liên quan đến lập trình C | Y14: Đáp ứng tốt cho tiêu chí với các kiến thức như: Xác định các vấn đề kỹ thuật và phương pháp giải quyết trong lập trình C | Z14: Đáp ứng tốt cho tiêu chí với các kiến thức như: Xác định nhu cầu và giải pháp công nghệ trong lập trình C | AF14: =COUNTA(H14:AE14) -> 5
A15: 12 | C15: Kỹ thuật số | D15: Kỳ 2 | E15: Giáo dục Đại cương | F15: 2 | G15: Bắt buộc | Y15: Đáp ứng tốt cho tiêu chí với các kiến thức như: Xác định các vấn đề kỹ thuật và phương pháp giải quyết trong kỹ thuật số | Z15: Đáp ứng tốt cho tiêu chí với các kiến thức như: Xác định nhu cầu và giải pháp công nghệ trong kỹ thuật số | AF15: =COUNTA(H15:AE15) -> 2
A16: 13 | C16: Pháp luật đại cương | D16: Kỳ 2 | E16: Giáo dục Đại cương | F16: 2 | G16: Bắt buộc | S16: Đáp ứng tốt cho tiêu chí với các kiến thức như: Bản quyền, các quy định cơ bản về sở hữu trí tuệ | AF16: =COUNTA(H16:AE16) -> 1
A17: 14 | C17: Giáo dục thể chất 2 | D17: Kỳ 2 | E17: Giáo dục Đại cương | G17: Bắt buộc | AF17: =COUNTA(H17:AE17) -> 0
C18: Chủ nghĩa xã hội khoa học | D18: Kỳ 3 | E18: Giáo dục Đại cương | F18: 2 | G18: Bắt buộc | AF18: =COUNTA(H18:AE18) -> 0
C19: Tiếng Anh (Course 2) | D19: Kỳ 3 | E19: Giáo dục Đại cương | F19: 4 | G19: Bắt buộc | AF19: =COUNTA(H19:AE19) -> 0
A20: 15 | B20: INT1358 | C20: Toán rời rạc 1 | D20: Kỳ 3 | E20: Cơ sở ngành | F20: 3 | G20: Bắt buộc | H20: Đáp ứng tốt cho tiêu chí với các kiến thức như: Chiến lược tìm kiếm vét cạn... | T20: Đáp ứng tốt cho tiêu chí với các kiến thức như: Cài đặt các thuật toán toán rời rạc | Y20: Đáp ứng tốt cho tiêu chí với các kiến thức như: Xác định các vấn đề kỹ thuật và phương pháp giải quyết trong toán rời rạc | Z20: Đáp ứng tốt cho tiêu chí với các kiến thức như: Xác định nhu cầu và giải pháp công nghệ trong toán rời rạc | AF20: =COUNTA(H20:AE20) -> 4
A21: 16 | C21: Xác suất thống kê | D21: Kỳ 3 | E21: Giáo dục Đại cương | F21: 3 | G21: Bắt buộc | I21: Đáp ứng tốt cho tiêu chí với các kiến thức như: Các phương pháp phân tích, xử lý dữ hiệu trong thống kê như trung bình, phương sai, kiểm định giả thuyết v.v. | AF21: =COUNTA(H21:AE21) -> 1
A22: 17 | B22: ELE1330 | C22: Xử lý tín hiệu số | D22: Kỳ 3 | E22: Cơ sở ngành | F22: 2 | G22: Bắt buộc | I22: Đáp ứng tốt cho tiêu chí với các kiến thức như: Các phương pháp phân tích, xử lý tín hiệu | T22: Đáp ứng tốt cho tiêu chí với các kiến thức như: Lập trình phân tích, xử lý tín hiệu | Y22: Đáp ứng tốt cho tiêu chí với các kiến thức như: Xác định các vấn đề kỹ thuật và phương pháp giải quyết trong xử lý tín hiệu số | Z22: Đáp ứng tốt cho tiêu chí với các kiến thức như: Xác định nhu cầu và giải pháp công nghệ trong xử lý tín hiệu số | AF22: =COUNTA(H22:AE22) -> 4
A23: 18 | B23: INT1339 | C23: Ngôn ngữ lập trình C++ | D23: Kỳ 3 | E23: Cơ sở ngành | F23: 3 | G23: Bắt buộc | H23: Đáp ứng tốt cho tiêu chí với các kiến thức như: Cách duyệt, tìm kiếm dữ liệu trên các file, thư mục dùng C++... | J23: Đáp ứng tốt cho tiêu chí với các kiến thức như: Tổ chức dữ liệu vào-ra của hệ thống v.v. | T23: Đáp ứng tốt cho tiêu chí với các kiến thức như: Toàn bộ nội dung môn học | Y23: Đáp ứng tốt cho tiêu chí với các kiến thức như: Xác định các vấn đề kỹ thuật và phương pháp giải quyết trong lập trình C++ | Z23: Đáp ứng tốt cho tiêu chí với các kiến thức như: Xác định nhu cầu và giải pháp công nghệ trong lập trình C++ | AF23: =COUNTA(H23:AE23) -> 5
A24: 19 | C24: Kỹ năng mềm 1 | D24: Kỳ 3 | E24: Giáo dục Đại cương | G24: Lựa chọn tự do | AF24: =COUNTA(H24:AE24) -> 0
A25: 20 | C25: Tư tưởng Hồ Chí Minh | D25: Kỳ 4 | E25: Giáo dục Đại cương | F25: 2 | G25: Bắt buộc | AF25: =COUNTA(H25:AE25) -> 0
A26: 21 | C26: Tiếng Anh (Course 3) | D26: Kỳ 4 | E26: Giáo dục Đại cương | F26: 4 | G26: Bắt buộc | AF26: =COUNTA(H26:AE26) -> 0
A27: 22 | B27: INT130145 | C27: Kiến trúc máy tính | D27: Kỳ 4 | E27: Cơ sở ngành | F27: 3 | G27: Bắt buộc | T27: Đáp ứng tốt cho tiêu chí với các kiến thức như: Lập trình Assembly | Y27: Đáp ứng tốt cho tiêu chí với các kiến thức như: Xác định các vấn đề kỹ thuật và phương pháp giải quyết với kiến trúc máy tính | Z27: Đáp ứng tốt cho tiêu chí với các kiến thức như: Xác định nhu cầu và giải pháp công nghệ với kiến trúc máy tính | AF27: =COUNTA(H27:AE27) -> 3
A28: 23 | B28: INT1359 | C28: Toán rời rạc 2 | D28: Kỳ 4 | E28: Cơ sở ngành | F28: 3 | G28: Bắt buộc | H28: Đáp ứng tốt cho tiêu chí với các kiến thức như: Chiến lược duyệt theo chiều sâu, chiều rộng v.v. | J28: Đáp ứng tốt cho tiêu chí với các kiến thức như: Các phương pháp tổ chức dữ liệu dạng đồ thị v.v. | T28: Đáp ứng tốt cho tiêu chí với các kiến thức như: Cài đặt các thuật toán đồ thị | Y28: Đáp ứng tốt cho tiêu chí với các kiến thức như: Xác định các vấn đề kỹ thuật và phương pháp giải quyết trong lý thuyết đồ thị | Z28: Đáp ứng tốt cho tiêu chí với các kiến thức như: Xác định nhu cầu và giải pháp công nghệ trong lý thuyết đồ thị | AF28: =COUNTA(H28:AE28) -> 5
A29: 24 | B29: INT1306 | C29: Cấu trúc dữ liệu và giải thuật | D29: Kỳ 4 | E29: Cơ sở ngành | F29: 3 | G29: Bắt buộc | H29: Đáp ứng tốt cho tiêu chí với các kiến thức như: Các giải thuật duyệt dữ liệu... | T29: Đáp ứng tốt cho tiêu chí với các kiến thức như: Cài đặt các thuật toán cho các cấu trúc dữ liệu khác nhau | Y29: Đáp ứng tốt cho tiêu chí với các kiến thức như: Xác định các vấn đề kỹ thuật và các giải thuật với các cấu trúc dữ liệu | Z29: Đáp ứng tốt cho tiêu chí với các kiến thức như: Xác định các vấn đề kỹ thuật và các giải thuật với các cấu trúc dữ liệu | AF29: =COUNTA(H29:AE29) -> 4
A30: 25 | B30: ELE1319 | C30: Lý thuyết thông tin | D30: Kỳ 4 | E30: Cơ sở ngành | F30: 3 | G30: Bắt buộc | Y30: Đáp ứng tốt cho tiêu chí với các kiến thức như: Xác định các vấn đề kỹ thuật và phương pháp giải quyết trong lý thuyết thông tin | Z30: Đáp ứng tốt cho tiêu chí với các kiến thức như: Xác định nhu cầu và giải pháp công nghệ trong lý thuyết thông tin | AF30: =COUNTA(H30:AE30) -> 2
A31: 26 | C31: Kỹ năng mềm 2 | D31: Kỳ 4 | E31: Giáo dục Đại cương | G31: Lựa chọn tự do | AF31: =COUNTA(H31:AE31) -> 0
A32: 27 | C32: Lịch sử Đảng cộng sản Việt Nam | D32: Kỳ 5 | E32: Giáo dục Đại cương | F32: 2 | G32: Bắt buộc | AF32: =COUNTA(H32:AE32) -> 0
A33: 28 | B33: INT13162 | C33: Lập trình với Python | D33: Kỳ 5 | E33: Cơ sở ngành | F33: 3 | G33: Bắt buộc | H33: Đáp ứng tốt cho tiêu chí với các kiến thức như: Xây dựng công cụ tim kiếm dữ liệu dùng Python | J33: Đáp ứng tốt cho tiêu chí với các kiến thức như: Tổ chức dữ liệu vào-ra của hệ thống v.v. | T33: Đáp ứng tốt cho tiêu chí với các kiến thức như: Toàn bộ các chương đều liên quan đến lập trình | Y33: Đáp ứng tốt cho tiêu chí với các kiến thức như: Xác định các vấn đề kỹ thuật và phương pháp giải quyết trong lập trình Python | Z33: Đáp ứng tốt cho tiêu chí với các kiến thức như: Xác định nhu cầu và giải pháp công nghệ trong lập trình Python | AF33: =COUNTA(H33:AE33) -> 5
A34: 29 | B34: INT1319 | C34: Hệ điều hành | D34: Kỳ 5 | E34: Cơ sở ngành | F34: 3 | G34: Bắt buộc | J34: Đáp ứng tốt cho tiêu chí với các kiến thức như: Khái niệm file, Cấu trúc file, Cấp phát không gian cho file, Quản lý không gian trên đĩa của các Hệ điều hành v.v. | T34: Đáp ứng tốt cho tiêu chí với các kiến thức như: Cài đặt các thuật toán của hệ điều hành | U34: Đáp ứng tốt cho tiêu chí với các kiến thức như: Bảo mật hệ thống file, chống xung đột v.v. | V34: Đáp ứng tốt cho tiêu chí với các kiến thức như: Bảo mật hệ thống file, chống xung đột v.v. | W34: Đáp ứng tốt cho tiêu chí với các kiến thức như: Bảo mật hệ thống file, dữ liệu tránh các nguy cơ v.v. | Y34: Đáp ứng tốt cho tiêu chí với các kiến thức như: Xác định các vấn đề kỹ thuật và phương pháp giải quyết với các hệ điều hành | Z34: Đáp ứng tốt cho tiêu chí với các kiến thức như: Xác định nhu cầu và giải pháp công nghệ với các hệ điều hành | AF34: =COUNTA(H34:AE34) -> 7
A35: 30 | B35: INT1336 | C35: Mạng máy tính | D35: Kỳ 5 | E35: Cơ sở ngành | F35: 3 | G35: Bắt buộc | Y35: Đáp ứng tốt cho tiêu chí với các kiến thức như: Xác định các vấn đề kỹ thuật và phương pháp giải quyết với mạng máy tính | Z35: Đáp ứng tốt cho tiêu chí với các kiến thức như: Xác định nhu cầu và giải pháp công nghệ với mạng máy tính | AF35: =COUNTA(H35:AE35) -> 2
A36: 31 | B36: INT1332 | C36: Lập trình hướng đối tượng | D36: Kỳ 5 | E36: Cơ sở ngành | F36: 3 | G36: Bắt buộc | H36: Đáp ứng tốt cho tiêu chí với các kiến thức như: Xây dựng công cụ tim kiếm dữ liệu với lập trình hướng đối tượng | J36: Đáp ứng tốt cho tiêu chí với các kiến thức như: Tổ chức dữ liệu vào-ra của hệ thống v.v. | T36: Đáp ứng tốt cho tiêu chí với các kiến thức như: Cài đặt các thuật toán theo tiếp cận hướng đối tượng | Y36: Đáp ứng tốt cho tiêu chí với các kiến thức như: Xác định các vấn đề kỹ thuật và phương pháp giải quyết với lập trình hướng đối tượng | Z36: Đáp ứng tốt cho tiêu chí với các kiến thức như: Xác định nhu cầu và giải pháp công nghệ với lập trình hướng đối tượng | AF36: =COUNTA(H36:AE36) -> 5
A37: 32 | B37: INT1313 | C37: Cơ sở dữ liệu | D37: Kỳ 5 | E37: Cơ sở ngành | F37: 3 | G37: Bắt buộc | H37: Đáp ứng tốt cho tiêu chí với các kiến thức như: Phương pháp, công cụ truy vấn dữ liệu | I37: Đáp ứng tốt cho tiêu chí với các kiến thức như: Phủ và sự tương đương của tập phụ thuộc hàm, phân tích phụ thuộc hàm của dữ liệu v.v. | J37: Đáp ứng tốt cho tiêu chí với các kiến thức như: Tổ chức dữ liệu của CSDL v.v. | R37: Đáp ứng tốt cho tiêu chí với các kiến thức như: Áp dụng kiến thức, các truy vấn SQL tạo lập nội dung mới theo yêu cầu. | T37: Đáp ứng tốt cho tiêu chí với các kiến thức như: Viết các lệnh truy vấn SQL | Y37: Đáp ứng tốt cho tiêu chí với các kiến thức như: Xác định các vấn đề kỹ thuật và phương pháp giải quyết trong xây dựng và quản trị các cơ sở dữ liệu | Z37: Đáp ứng tốt cho tiêu chí với các kiến thức như: Xác định nhu cầu và giải pháp công nghệ trong xây dựng và quản trị các cơ sở dữ liệu | AF37: =COUNTA(H37:AE37) -> 7
A38: 33 | C38: Tiếng Anh (Course 3 Plus) | D38: Kỳ 5 | E38: Giáo dục Đại cương | F38: 2 | G38: Bắt buộc | AF38: =COUNTA(H38:AE38) -> 0
A39: 34 | B39: INT1434 | C39: Lập trình web | D39: Kỳ 6 | E39: Chuyên ngành | F39: 3 | G39: Bắt buộc | H39: Đáp ứng tốt cho tiêu chí với các kiến thức như: Xây dựng công cụ tim kiếm dữ liệu trên nền tảng web | J39: Đáp ứng tốt cho tiêu chí với các kiến thức như: Tổ chức dữ liệu vào-ra của phần mềm v.v. | K39: Đáp ứng tốt cho tiêu chí với các kiến thức như: Lập trình web phía client, Lập trình web phía server, truyền thông v.v. | T39: Đáp ứng tốt cho tiêu chí với các kiến thức như: Toàn bộ các chương đều liên quan đến lập trình | Y39: Đáp ứng tốt cho tiêu chí với các kiến thức như: Xác định các vấn đề kỹ thuật và phương pháp giải quyết trong lập trình web | Z39: Đáp ứng tốt cho tiêu chí với các kiến thức như: Xác định nhu cầu và giải pháp công nghệ trong lập trình web | AF39: =COUNTA(H39:AE39) -> 6
A40: 35 | B40: INT1303 | C40: An toàn và bảo mật hệ thống thông tin | D40: Kỳ 6 | E40: Cơ sở ngành | F40: 3 | G40: Bắt buộc | J40: Đáp ứng tốt cho tiêu chí với các kiến thức như: Tổ chức dữ liệu vào-ra của hệ thống đảm bảo an toàn v.v. | U40: Đáp ứng tốt cho tiêu chí với các kiến thức như: Các dạng tấn công, các dạng mất an toàn, các công cụ và phương pháp bảo mật ứng dung, dữ liệu trong hệ thống thông tin. | V40: Đáp ứng tốt cho tiêu chí với các kiến thức như: Nắm được các dạng tấn công, các dạng mất an toàn, các công cụ và phương pháp bảo mật ứng dung, dữ liệu trong hệ thống thông tin. | W40: Đáp ứng tốt cho tiêu chí với các kiến thức như: Nắm được các dạng tấn công, các dạng mất an toàn, các công cụ và phương pháp bảo mật ứng dung, dữ liệu trong hệ thống thông tin. | Y40: Đáp ứng tốt cho tiêu chí với các kiến thức như: Xác định các vấn đề kỹ thuật và phương pháp giải quyết trong an toàn và bảo mật các hệ thống thông tin | Z40: Đáp ứng tốt cho tiêu chí với các kiến thức như: Xác định nhu cầu và giải pháp công nghệ trong an toàn và bảo mật các hệ thống thông tin | AF40: =COUNTA(H40:AE40) -> 6
A41: 36 | B41: INT1340 | C41: Nhập môn công nghệ phần mềm | D41: Kỳ 6 | E41: Cơ sở ngành | F41: 3 | G41: Bắt buộc | Y41: Đáp ứng tốt cho tiêu chí với các kiến thức như: Xác định các vấn đề kỹ thuật và phương pháp giải quyết trong công nghệ phần mềm | Z41: Đáp ứng tốt cho tiêu chí với các kiến thức như: Xác định nhu cầu và giải pháp công nghệ trong công nghệ phần mềm | AF41: =COUNTA(H41:AE41) -> 2
B42: INT1341 | C42: Nhập môn trí tuệ nhân tạo | D42: Kỳ 6 | E42: Cơ sở ngành | F42: 3 | G42: Bắt buộc | H42: Đáp ứng tốt cho tiêu chí với các kiến thức như: Các phương pháp tìm kiếm trong trí tuệ nhân tạo | I42: Đáp ứng tốt cho tiêu chí với các kiến thức như: Lập luận xấp xỉ, suy diễn xác suất, ứng dụng phân tích - chẩn đoán bệnh y tế, lỗi máy tính v.v. | T42: Đáp ứng tốt cho tiêu chí với các kiến thức như: Cài đặt các thuật toán trí tuệ nhân tạo v.v. | Y42: Đáp ứng tốt cho tiêu chí với các kiến thức như: Xác định các vấn đề kỹ thuật và phương pháp giải quyết sử dụng học máy | Z42: Đáp ứng tốt cho tiêu chí với các kiến thức như: Xác định nhu cầu và giải pháp công nghệ sử dụng học máy | AC42: Đáp ứng tốt cho tiêu chí với các kiến thức như: Hiểu biết cơ bản về AI | AD42: Đáp ứng tốt cho tiêu chí với các kiến thức như: Ứng dụng AI có trách nhiệm | AF42: =COUNTA(H42:AE42) -> 7
B43: INT14148 | C43: Cơ sở dữ liệu phân tán | D43: Kỳ 6 | E43: Chuyên ngành | F43: 3 | G43: Bắt buộc | H43: Đáp ứng tốt cho tiêu chí với các kiến thức như: Truy vẫn trên CSDL phân tán | J43: Đáp ứng tốt cho tiêu chí với các kiến thức như: Tổ chức dữ liệu của CSDL v.v. | K43: Đáp ứng tốt cho tiêu chí với các kiến thức như: Tương tác, truyền thông, trao đổi dữ liệu phân tán thông qua các giao thức, công nghệ số v.v. | T43: Đáp ứng tốt cho tiêu chí với các kiến thức như: Cài đặt các thuật toán phân tán | U43: Đáp ứng tốt cho tiêu chí với các kiến thức như: Kiểm soát truy cập, an ninh dữ liệu... | Y43: Đáp ứng tốt cho tiêu chí với các kiến thức như: Xác định các vấn đề kỹ thuật và phương pháp giải quyết với các hệ cơ sở dữ liệu phân tán | Z43: Đáp ứng tốt cho tiêu chí với các kiến thức như: Xác định nhu cầu và giải pháp công nghệ với các hệ cơ sở dữ liệu phân tán | AF43: =COUNTA(H43:AE43) -> 7
A44: 37 | B44: INT13147 | C44: Thực tập cơ sở | D44: Kỳ 6 | E44: Cơ sở ngành | F44: 4 | G44: Bắt buộc | T44: Đáp ứng tốt cho tiêu chí với các kiến thức như: Xây dựng ứng dụng demo | Y44: Đáp ứng tốt cho tiêu chí với các kiến thức như: Xác định các vấn đề kỹ thuật và phương pháp giải quyết với các bài toán thực tập cơ sở | Z44: Đáp ứng tốt cho tiêu chí với các kiến thức như: Xác định nhu cầu và giải pháp công nghệ với các bài toán thực tập cơ sở | AF44: =COUNTA(H44:AE44) -> 3
A45: 38 | C45: Kỹ năng mềm 3 | D45: Kỳ 6 | E45: Giáo dục Đại cương | G45: Lựa chọn tự do | AF45: =COUNTA(H45:AE45) -> 0
A46: 39 | B46: INT1314 | C46: Xử lí ảnh | D46: Kỳ 7 | E46: Chuyên ngành | F46: 3 | G46: Bắt buộc | H46: Đáp ứng tốt cho tiêu chí với các kiến thức như: Tìm kiếm thông tin trên ảnh... | I46: Đáp ứng tốt cho tiêu chí với các kiến thức như: Phân tích ảnh và đánh giá chất lượng ảnh, đánh giá nhiễu, mô hình nhiễu v.v. | J46: Đáp ứng tốt cho tiêu chí với các kiến thức như: Quản lý và lưu trữ ảnh và các thông tin của ảnh v.v. | Q46: Đáp ứng tốt cho tiêu chí với các kiến thức như: Tạo nội dung số theo định dạng ảnh v.v. | R46: Đáp ứng tốt cho tiêu chí với các kiến thức như: Áp dụng kiến thức lập trình và xử lý ảnh, cải thiện ảnh, soạn thảo ảnh v.v. | T46: Đáp ứng tốt cho tiêu chí với các kiến thức như: Lập trình thuật toán xử lý ảnh | Y46: Đáp ứng tốt cho tiêu chí với các kiến thức như: Xác định các vấn đề kỹ thuật và phương pháp giải quyết trong xử lý ảnh | Z46: Đáp ứng tốt cho tiêu chí với các kiến thức như: Xác định nhu cầu và giải pháp công nghệ trong xử lý ảnh | AC46: Đáp ứng tốt cho tiêu chí với các kiến thức như: AI trong xử lý ảnh | AD46: Đáp ứng tốt cho tiêu chí với các kiến thức như: Đánh giá công cụ AI trong xử lý ảnh | AF46: =COUNTA(H46:AE46) -> 10
A47: 42 | B47: INT1450 | C47: Quản lí dự án phần mềm | D47: Kỳ 7 | E47: Cơ sở ngành | F47: 3 | G47: Bắt buộc | J47: Đáp ứng tốt cho tiêu chí với các kiến thức như: Tổ chức các loại dữ liệu khác nhau của dự án v.v. | Y47: Đáp ứng tốt cho tiêu chí với các kiến thức như: Xác định các vấn đề kỹ thuật và phương pháp giải quyết trong quản lý dự án phần mềm | Z47: Đáp ứng tốt cho tiêu chí với các kiến thức như: Xác định nhu cầu và giải pháp công nghệ trong quản lý dự án phần mềm | AF47: =COUNTA(H47:AE47) -> 3
A48: 40 | B48: INT1342 | C48: Phân tích và thiết kế HTTT | D48: Kỳ 7 | E48: Cơ sở ngành | F48: 3 | G48: Bắt buộc | J48: Đáp ứng tốt cho tiêu chí với các kiến thức như: Tổ chức dữ liệu vào-ra của hệ thống v.v. | Y48: Đáp ứng tốt cho tiêu chí với các kiến thức như: Xác định các vấn đề kỹ thuật và phương pháp giải quyết trong phân tích và thiết kế hệ thống thông tin | Z48: Đáp ứng tốt cho tiêu chí với các kiến thức như: Xác định nhu cầu và giải pháp công nghệ trong phân tích và thiết kế hệ thống thông tin | AF48: =COUNTA(H48:AE48) -> 3
A49: 41 | C49: Chọn theo chuyên ngành | D49: Kỳ 7 | E49: Chuyên ngành | F49: 3 | G49: Bắt buộc | AF49: =COUNTA(H49:AE49) -> 0
B50: INT14151 | C50: Phát triển hệ thống thông minh | D50: Kỳ 7 | E50: Chuyên ngành | F50: 3 | G50: Bắt buộc | T50: Đáp ứng tốt cho tiêu chí với các kiến thức như: Lập trình, phát triển thuật toán học máy | Y50: Đáp ứng tốt cho tiêu chí với các kiến thức như: Xác định các vấn đề kỹ thuật và phương pháp giải quyết trong phát triển hệ thống thông minh | Z50: Đáp ứng tốt cho tiêu chí với các kiến thức như: Xác định nhu cầu và giải pháp công nghệ trong phát triển hệ thống thông minh | AC50: Đáp ứng tốt cho tiêu chí với các kiến thức như: Hiểu biết về AI, ứng dụng trong hệ thống thông minh | AD50: Đáp ứng tốt cho tiêu chí với các kiến thức như: Sử dụng AI có đạo đức, trách nhiệm | AF50: =COUNTA(H50:AE50) -> 5
B51: INT14149 | C51: IOT và ứng dụng | D51: Kỳ 7 | E51: Chuyên ngành | F51: 3 | G51: Bắt buộc | T51: Đáp ứng tốt cho tiêu chí với các kiến thức như: Cài đặt các thuật toán, kết nối, điều khiển thiết bị IoT | Y51: Đáp ứng tốt cho tiêu chí với các kiến thức như: Xác định các vấn đề kỹ thuật và phương pháp giải quyết với các hệ thống IoT và ứng dụng | Z51: Đáp ứng tốt cho tiêu chí với các kiến thức như: Xác định nhu cầu và giải pháp công nghệ với các hệ thống IoT và ứng dụng | AC51: Đáp ứng tốt cho tiêu chí với các kiến thức như: Ứng dụng học máy trong phân tích dữ liệu cảm biến | AF51: =COUNTA(H51:AE51) -> 4
C52: Môn tự chọn 1 (chọn 1 trong 12 môn bên dưới) | D52: Kỳ 7 | E52: Chuyên ngành | F52: 3 | G52: Lựa chọn bắt buộc | AF52: =COUNTA(H52:AE52) -> 0
C53: Môn tự chọn 2 (chọn 1 trong 12 môn bên dưới) | D53: Kỳ 7 | E53: Chuyên ngành | F53: 3 | G53: Lựa chọn bắt buộc | AF53: =COUNTA(H53:AE53) -> 0
C54: Môn tự chọn 3 (chọn 1 trong 12 môn bên dưới) | D54: Kỳ 8 | E54: Chuyên ngành | F54: 3 | G54: Lựa chọn bắt buộc | AF54: =COUNTA(H54:AE54) -> 0
B55: INT1447 | C55: Phát triển phần mềm hướng Agent | D55: Kỳ 8 | E55: Chuyên ngành | F55: 3 | G55: Lựa chọn bắt buộc | T55: Đáp ứng tốt cho tiêu chí với các kiến thức như: Cài đặt các thuật toán hệ đa agent | Y55: Đáp ứng tốt cho tiêu chí với các kiến thức như: Xác định các vấn đề kỹ thuật và phương pháp giải quyết với các phần mềm hướng agent | Z55: Đáp ứng tốt cho tiêu chí với các kiến thức như: Xác định nhu cầu và giải pháp công nghệ với các phần mềm hướng agent | AF55: =COUNTA(H55:AE55) -> 3
B56: INT1460 | C56: Tương tác người máy | D56: Kỳ 8 | E56: Chuyên ngành | F56: 3 | G56: Lựa chọn bắt buộc | W56: Đáp ứng tốt cho tiêu chí với các kiến thức như: Có khái niệm cơ bản về nhân trắc học - sự phù hợp của cơ thể con người trong tương tác người - máy | Y56: Đáp ứng tốt cho tiêu chí với các kiến thức như: Xác định các vấn đề kỹ thuật và phương pháp giải quyết trong tương tác người-máy | Z56: Đáp ứng tốt cho tiêu chí với các kiến thức như: Xác định nhu cầu và giải pháp công nghệ trong tương tác người-máy | AF56: =COUNTA(H56:AE56) -> 3
B57: INT14101 | C57: Cấu trúc dữ liệu và giải thuật nâng cao trên Java | D57: Kỳ 8 | E57: Chuyên ngành | F57: 3 | G57: Lựa chọn bắt buộc | H57: Đáp ứng tốt cho tiêu chí với các kiến thức như: Tìm kiếm trên các cấu trúc dữ liệu nâng cao, xây dựng công cụ tìm kiếm nâng cao với Java... | T57: Đáp ứng tốt cho tiêu chí với các kiến thức như: Lập trình Java | Y57: Đáp ứng tốt cho tiêu chí với các kiến thức như: Xác định các vấn đề kỹ thuật và phương pháp giải quyết sử dụng các cấu trúc dữ liệu và giải thuật nâng cao trên Java | Z57: Đáp ứng tốt cho tiêu chí với các kiến thức như: Xác định nhu cầu và giải pháp công nghệ sử dụng các cấu trúc dữ liệu và giải thuật nâng cao trên Java | AF57: =COUNTA(H57:AE57) -> 4
B58: INT14152 | C58: Xây dựng phần mềm an toàn | D58: Kỳ 8 | E58: Chuyên ngành | F58: 3 | G58: Lựa chọn bắt buộc | J58: Đáp ứng tốt cho tiêu chí với các kiến thức như: Tổ chức dữ liệu vào-ra của hệ thống để đảm bảo an toàn v.v. | U58: Đáp ứng tốt cho tiêu chí với các kiến thức như: Các vấn đề về bảo mật, các nguy cơ mất an toàn, xây dựng phần mềm an toàn | V58: Đáp ứng tốt cho tiêu chí với các kiến thức như: Hiểu được các vấn đề về bảo mật, các nguy cơ mất an toàn | W58: Đáp ứng tốt cho tiêu chí với các kiến thức như: Hiểu được các vấn đề về bảo mật, các nguy cơ mất an toàn | Y58: Đáp ứng tốt cho tiêu chí với các kiến thức như: Xác định các vấn đề kỹ thuật và phương pháp giải quyết trong xây dựng phần mềm an toàn | Z58: Đáp ứng tốt cho tiêu chí với các kiến thức như: Xác định nhu cầu và giải pháp công nghệ trong xây dựng phần mềm an toàn | AF58: =COUNTA(H58:AE58) -> 6
B59: INT1433 | C59: Lập trình mạng | D59: Kỳ 8 | E59: Chuyên ngành | F59: 3 | G59: Lựa chọn bắt buộc | H59: Đáp ứng tốt cho tiêu chí với các kiến thức như: Tìm kiếm, lọc dữ liệu trên mạng... | J59: Đáp ứng tốt cho tiêu chí với các kiến thức như: Tổ chức dữ liệu vào-ra của hệ thống v.v. | K59: Đáp ứng tốt cho tiêu chí với các kiến thức như: Tương tác số, truyền thông, các giao thức truyền thông khác nhau v.v. | T59: Đáp ứng tốt cho tiêu chí với các kiến thức như: Lập trình mạng | Y59: Đáp ứng tốt cho tiêu chí với các kiến thức như: Xác định các vấn đề kỹ thuật và phương pháp giải quyết trong lập trình mạng | Z59: Đáp ứng tốt cho tiêu chí với các kiến thức như: Xác định nhu cầu và giải pháp công nghệ trong lập trình mạng | AF59: =COUNTA(H59:AE59) -> 6
B60: INT1421 | C60: Hệ trợ giúp quyết định | D60: Kỳ 8 | E60: Chuyên ngành | F60: 3 | G60: Lựa chọn bắt buộc | Y60: Đáp ứng tốt cho tiêu chí với các kiến thức như: Xác định các vấn đề kỹ thuật và phương pháp giải quyết với các hệ trợ giúp ra quyết định | Z60: Đáp ứng tốt cho tiêu chí với các kiến thức như: Xác định nhu cầu và giải pháp công nghệ với các hệ trợ giúp ra quyết định | AF60: =COUNTA(H60:AE60) -> 2
B61: INT1404 | C61: Các hệ thống dựa trên tri thức | D61: Kỳ 8 | E61: Chuyên ngành | F61: 3 | G61: Lựa chọn bắt buộc | H61: Đáp ứng tốt cho tiêu chí với các kiến thức như: Các thuật toán tìm kiếm v.v. trong các hệ dựa trên tri thức | I61: Đáp ứng tốt cho tiêu chí với các kiến thức như: Đánh giá thông tin không chắc chắn, chuẩn đoán v.v. trong các hệ dựa trên tri thức | Y61: Đáp ứng tốt cho tiêu chí với các kiến thức như: Xác định các vấn đề kỹ thuật và phương pháp giải quyết với các hệ thống dựa trên tri thức | Z61: Đáp ứng tốt cho tiêu chí với các kiến thức như: Xác định nhu cầu và giải pháp công nghệ với các hệ thống dựa trên tri thức | AF61: =COUNTA(H61:AE61) -> 4
B62: INT1418 | C62: Hệ cơ sở dữ liệu đa phương tiện | D62: Kỳ 8 | E62: Chuyên ngành | F62: 3 | G62: Lựa chọn bắt buộc | H62: Đáp ứng tốt cho tiêu chí với các kiến thức như: Hệ thống truy vấn thông tin văn bản, Các kỹ thuật chỉ số hóa và truy vấn dữ liệu trên CSDL đa phương tiện | J62: Đáp ứng tốt cho tiêu chí với các kiến thức như: Tổ chức dữ liệu vào-ra của hệ thống v.v. | T62: Đáp ứng tốt cho tiêu chí với các kiến thức như: Ngôn ngữ thao tác dữ liệu đa phương tiện. | Y62: Đáp ứng tốt cho tiêu chí với các kiến thức như: Xác định các vấn đề kỹ thuật và phương pháp giải quyết với các hệ cơ sở dữ liệu đa phương tiện | Z62: Đáp ứng tốt cho tiêu chí với các kiến thức như: Xác định nhu cầu và giải pháp công nghệ với các hệ cơ sở dữ liệu đa phương tiện | AF62: =COUNTA(H62:AE62) -> 5
B63: INT14181 | C63: Quản trị nghiệp vụ thông minh | D63: Kỳ 8 | E63: Chuyên ngành | F63: 3 | G63: Lựa chọn bắt buộc | I63: Đáp ứng tốt cho tiêu chí với các kiến thức như: Đánh giá, làm sạch dữ liệu, thông tin kinh doanh v.v. | V63: Đáp ứng tốt cho tiêu chí với các kiến thức như: Kiến thức về quyền riêng tư và bảo mật dữ liệu trong BI | W63: Đáp ứng tốt cho tiêu chí với các kiến thức như: Kiến thức về quyền riêng tư và bảo mật dữ liệu trong BI | Y63: Đáp ứng tốt cho tiêu chí với các kiến thức như: Xác định các vấn đề kỹ thuật và phương pháp giải quyết trong quản trị doanh nghiệp thông minh | Z63: Đáp ứng tốt cho tiêu chí với các kiến thức như: Xác định nhu cầu và giải pháp công nghệ trong quản trị doanh nghiệp thông minh | AF63: =COUNTA(H63:AE63) -> 5
B64: INT1445 | C64: Phát triển hệ thống thông tin quản lý | D64: Kỳ 8 | E64: Chuyên ngành | F64: 3 | G64: Lựa chọn bắt buộc | J64: Đáp ứng tốt cho tiêu chí với các kiến thức như: Tổ chức dữ liệu vào-ra của hệ thống v.v. | T64: Đáp ứng tốt cho tiêu chí với các kiến thức như: Lập trình các hệ thống thông tin quản lý | W64: Đáp ứng tốt cho tiêu chí với các kiến thức như: Kiến thức về các hệ thống thông tin quản lý giúp nhận biết những công nghệ số giúp tăng cường thịnh vượng xã hội và sự hòa hợp trong xã hội | Y64: Đáp ứng tốt cho tiêu chí với các kiến thức như: Xác định các vấn đề kỹ thuật và phương pháp giải quyết với các hệ thống thông tin quản lý | Z64: Đáp ứng tốt cho tiêu chí với các kiến thức như: Xác định nhu cầu và giải pháp công nghệ với các hệ thống thông tin quản lý | AF64: =COUNTA(H64:AE64) -> 5
B65: INT14150 | C65: Nhập môn khoa học dữ liệu | D65: Kỳ 8 | E65: Chuyên ngành | F65: 3 | G65: Lựa chọn bắt buộc | H65: Đáp ứng tốt cho tiêu chí với các kiến thức như: Thu thập dữ liệu, truy vấn dữ liệu... | I65: Đáp ứng tốt cho tiêu chí với các kiến thức như: Kiểm định giả thuyết | T65: Đáp ứng tốt cho tiêu chí với các kiến thức như: Cài đặt các thuật toán xử lý dữ liệu | Y65: Đáp ứng tốt cho tiêu chí với các kiến thức như: Xác định các vấn đề kỹ thuật và phương pháp giải quyết của khoa học dữ liệu | Z65: Đáp ứng tốt cho tiêu chí với các kiến thức như: Xác định nhu cầu và giải pháp công nghệ của khoa học dữ liệu | AC65: Đáp ứng tốt cho tiêu chí với các kiến thức như: Học máy trong khoa học dữ liệu | AF65: =COUNTA(H65:AE65) -> 6
C66: Chọn theo chuyên ngành | D66: Kỳ 8 | E66: Chuyên ngành | F66: 3 | G66: Bắt buộc | AF66: =COUNTA(H66:AE66) -> 0
B67: INT14178 | C67: Phân tích yêu cầu phần mềm | D67: Kỳ 8 | E67: Chuyên ngành | F67: 3 | G67: Bắt buộc | Y67: Đáp ứng tốt cho tiêu chí với các kiến thức như: Xác định các vấn đề kỹ thuật và phương pháp giải quyết trong phân tích yêu cầu phần mềm | Z67: Đáp ứng tốt cho tiêu chí với các kiến thức như: Xác định nhu cầu và giải pháp công nghệ trong phân tích yêu cầu phần mềm | AF67: =COUNTA(H67:AE67) -> 2
A68: 43 | B68: INT1461 | C68: Xây dựng các hệ thống nhúng | D68: Kỳ 8 | E68: Chuyên ngành | F68: 3 | G68: Bắt buộc | J68: Đáp ứng tốt cho tiêu chí với các kiến thức như: Tổ chức dữ liệu vào-ra của hệ thống v.v. | T68: Đáp ứng tốt cho tiêu chí với các kiến thức như: Lập trình nhúng | Y68: Đáp ứng tốt cho tiêu chí với các kiến thức như: Xác định các vấn đề kỹ thuật và phương pháp giải quyết với các hệ thống nhúng | Z68: Đáp ứng tốt cho tiêu chí với các kiến thức như: Xác định nhu cầu và giải pháp công nghệ với các hệ thống nhúng | AF68: =COUNTA(H68:AE68) -> 4
A69: 44 | C69: Chọn theo chuyên ngành | D69: Kỳ 8 | E69: Chuyên ngành | F69: 3 | G69: Bắt buộc | AF69: =COUNTA(H69:AE69) -> 0
A70: 45 | B70: INT1427 | C70: Kiến trúc và thiết kế phần mềm | D70: Kỳ 8 | E70: Chuyên ngành | F70: 3 | G70: Bắt buộc | J70: Đáp ứng tốt cho tiêu chí với các kiến thức như: Tổ chức dữ liệu, hệ thống thư mục v.v. của phần mềm | Y70: Đáp ứng tốt cho tiêu chí với các kiến thức như: Xác định các vấn đề kỹ thuật và phương pháp giải quyết với kiến trúc và thiết kế phần mềm | Z70: Đáp ứng tốt cho tiêu chí với các kiến thức như: Xác định nhu cầu và giải pháp công nghệ với kiến trúc và thiết kế phần mềm | AF70: =COUNTA(H70:AE70) -> 3
A71: 46 | B71: INT1405 | C71: Các hệ thống phân tán | D71: Kỳ 8 | E71: Chuyên ngành | F71: 3 | G71: Bắt buộc | H71: Đáp ứng tốt cho tiêu chí với các kiến thức như: Tìm kiếm truy vấn thông tin trên các hệ phân tán... | J71: Đáp ứng tốt cho tiêu chí với các kiến thức như: Quản lý dữ liệu trong các hệ thống phân tán | K71: Đáp ứng tốt cho tiêu chí với các kiến thức như: Nắm được các kiểu tương tác, truyền thông phân tán... | T71: Đáp ứng tốt cho tiêu chí với các kiến thức như: Lập trình phân tán | U71: Đáp ứng tốt cho tiêu chí với các kiến thức như: Bảo mật ứng dung, dữ liệu phân tán, khả năng phục hồi, chịu lỗi và xử lý lỗi v.v. | Y71: Đáp ứng tốt cho tiêu chí với các kiến thức như: Xác định các vấn đề kỹ thuật và phương pháp giải quyết với các hệ thống phân tán | Z71: Đáp ứng tốt cho tiêu chí với các kiến thức như: Xác định nhu cầu và giải pháp công nghệ với các hệ thống phân tán | AF71: =COUNTA(H71:AE71) -> 7
A72: 47 | C72: Chọn theo chuyên ngành | D72: Kỳ 8 | E72: Chuyên ngành | F72: 3 | G72: Bắt buộc | AF72: =COUNTA(H72:AE72) -> 0
A73: 48 | B73: INT1416 | C73: Đảm bảo chất lượng phần mềm | D73: Kỳ 8 | E73: Chuyên ngành | F73: 3 | G73: Bắt buộc | U73: Đáp ứng tốt cho tiêu chí với các kiến thức như: Các công cụ kiểm thử an toàn và kiểm thử an toàn phần mềm | Y73: Đáp ứng tốt cho tiêu chí với các kiến thức như: Xác định các vấn đề kỹ thuật và phương pháp giải quyết để đảm bảo chất lượng phần mềm | Z73: Đáp ứng tốt cho tiêu chí với các kiến thức như: Xác định nhu cầu và giải pháp công nghệ để đảm bảo chất lượng phần mềm | AF73: =COUNTA(H73:AE73) -> 3
A74: 49 | B74: INT1422 | C74: Kho dữ liệu và khai phá dữ liệu | D74: Kỳ 8 | E74: Chuyên ngành | F74: 3 | G74: Bắt buộc | H74: Đáp ứng tốt cho tiêu chí với các kiến thức như: Các kỹ thuật khai phá - tìm kiếm thông tin... | I74: Đáp ứng tốt cho tiêu chí với các kiến thức như: Các bài toán và phương pháp cơ bản trong khai phá dữ liệu như phân cụm, cây quyết định v.v. | J74: Đáp ứng tốt cho tiêu chí với các kiến thức như: Các công nghệ và kỹ thuật tích hợp CSDL, Công nghệ kho dữ liệu và phân tích trực tuyến | Y74: Đáp ứng tốt cho tiêu chí với các kiến thức như: Xác định được các bài toán phương pháp giải quyết với kho dữ liệu, khai phá dữ liệu | Z74: Đáp ứng tốt cho tiêu chí với các kiến thức như: Xác định được các bài toán phương pháp giải quyết với kho dữ liệu, khai phá dữ liệu | AF74: =COUNTA(H74:AE74) -> 5
C75: Chọn theo chuyên ngành | D75: Kỳ 8 | E75: Chuyên ngành | F75: 3 | G75: Bắt buộc | AF75: =COUNTA(H75:AE75) -> 0
B76: INT1449 | C76: Phát triển ứng dụng cho thiết bị di động | D76: Kỳ 8 | E76: Chuyên ngành | F76: 3 | G76: Bắt buộc | H76: Đáp ứng tốt cho tiêu chí với các kiến thức như: Phát triển các công cụ, chức năng truy xuất, tìm kiếm thông tin trên thiết bị di động... | J76: Đáp ứng tốt cho tiêu chí với các kiến thức như: Quản lý dữ liệu trong ứng dụng di động | T76: Đáp ứng tốt cho tiêu chí với các kiến thức như: Lập trình ứng dụng di động | Y76: Đáp ứng tốt cho tiêu chí với các kiến thức như: Xác định được các bài toán và cách giải quyết với các thiết bị di động, hiểu lỗi và debug lỗi với các ứng dụng di động | Z76: Đáp ứng tốt cho tiêu chí với các kiến thức như: Xác định được các bài toán và cách giải quyết với các thiết bị di động, hiểu lỗi và debug lỗi với các ứng dụng di động | AF76: =COUNTA(H76:AE76) -> 5
A77: 50 | B77: INT1445 | C77: Phát triển hệ thống thương mại điện tử | D77: Kỳ 8 | E77: Chuyên ngành | F77: 3 | G77: Bắt buộc | H77: Đáp ứng tốt cho tiêu chí với các kiến thức như: Xây dựng chức năng tìm kiếm CSDL trong các hệ TMĐT... | J77: Đáp ứng tốt cho tiêu chí với các kiến thức như: Thiết kế cơ sở dữ liệu | M77: Đáp ứng tốt cho tiêu chí với các kiến thức như: Tìm kiếm được cơ hội thu hút công dân sử dụng các hệ thống thương mại điện tử... | Q77: Đáp ứng tốt cho tiêu chí với các kiến thức như: Đánh giá mặt hàng, thiết kế giao diện, UI-UX, xây dựng nội dung cho hệ thương mại điện tử... | R77: Đáp ứng tốt cho tiêu chí với các kiến thức như: Đánh giá mặt hàng, thiết kế giao diện, UI-UX, xây dựng nội dung cho hệ thương mại điện tử... | T77: Đáp ứng tốt cho tiêu chí với các kiến thức như: Lập trình, xây dựng chức năng của hệ thương mại điện tử | W77: Đáp ứng tốt cho tiêu chí với các kiến thức như: Nắm được vai trò của các hệ thương mại điện tử | Y77: Đáp ứng tốt cho tiêu chí với các kiến thức như: Xác định các vấn đề kỹ thuật và phương pháp giải quyết với các hệ thống thương mại điện tử | Z77: Đáp ứng tốt cho tiêu chí với các kiến thức như: Xác định nhu cầu và giải pháp công nghệ với các hệ thống thương mại điện tử | AF77: =COUNTA(H77:AE77) -> 9
C78: Phương pháp luận NCKH | D78: Kỳ 8 | E78: Giáo dục Đại cương | F78: 3 | G78: Bắt buộc | H78: Đáp ứng tốt cho tiêu chí với các kiến thức như: Kỹ năng tìm kiếm thông tin phục vụ NCKH... | I78: Đáp ứng tốt cho tiêu chí với các kiến thức như: Kỹ năng cơ bản phân tích thông tin phục vụ NCKH... | AF78: =COUNTA(H78:AE78) -> 2
B79: INT | C79: Thực tập tốt nghiệp | D79: Kỳ 9 | E79: Tốt nghiệp | F79: 6 | G79: Bắt buộc | H79: Đáp ứng tốt cho tiêu chí với các kiến thức như: Thực hành tìm kiếm thông tin phục vụ thực tập... | I79: Đáp ứng tốt cho tiêu chí với các kiến thức như: Thực hành phân tích thông tin cho thực tập tốt nghiệp... | J79: Đáp ứng tốt cho tiêu chí với các kiến thức như: Thực hành quản lý dữ liệu của thực tập tốt nghiệp | K79: Đáp ứng tốt cho tiêu chí với các kiến thức như: Thực hành tương tác dùng các công nghệ số trong quá trình thực tập | L79: Đáp ứng tốt cho tiêu chí với các kiến thức như: Thực hành chia sẻ dữ liệu, thông tin v.v. trong quá trình thực tập | M79: Đáp ứng tốt cho tiêu chí với các kiến thức như: Thực hành sử dụng công nghệ số trong quá trình đăng ký thực tập tốt nghiệp v.v. | N79: Đáp ứng tốt cho tiêu chí với các kiến thức như: Thực hành hợp tác qua công nghệ số thực hiện thực tập tốt nghiệp như các hệ thống quản lý code Git v.v. | P79: Đáp ứng tốt cho tiêu chí với các kiến thức như: Quản lý được danh tính số khi thực hành hợp tác qua công nghệ số thực hiện thực tập tốt nghiệp như các hệ thống quản lý code Git v.v. | Q79: Đáp ứng tốt cho tiêu chí với các kiến thức như: Viết báo cáo thực tập | R79: Đáp ứng tốt cho tiêu chí với các kiến thức như: Viết báo cáo thực tập | T79: Đáp ứng tốt cho tiêu chí với các kiến thức như: Lập trình, cài đặt hệ thống theo yêu cầu thực tập | W79: Đáp ứng tốt cho tiêu chí với các kiến thức như: Thực hành xác định được vấn đề thực tế hữu ích cần thiết giải quyết, phát triển đối với doanh nghiệp | Y79: Đáp ứng tốt cho tiêu chí với các kiến thức như: Thực hành nhận dạng và giải quyết vấn đề kỹ thuật trong quá trình thực tập tốt nghiệp | Z79: Đáp ứng tốt cho tiêu chí với các kiến thức như: Thực hành nhận dạng nhu cầu và giải pháp công nghệ trong quá trình thực tập tốt nghiệp | AF79: =COUNTA(H79:AE79) -> 14
A80: 51 | B80: INT | C80: Đồ án tốt nghiệp | D80: Kỳ 9 | E80: Tốt nghiệp | F80: 6 | G80: Bắt buộc | H80: Đáp ứng tốt cho tiêu chí với các kiến thức như: Thực hành tìm kiếm thông tin phục vụ đồ án tốt nghiệp... | I80: Đáp ứng tốt cho tiêu chí với các kiến thức như: Thực hành phân tích thông tin cho đồ án... | J80: Đáp ứng tốt cho tiêu chí với các kiến thức như: Thực hành quản lý dữ liệu của đồ án | K80: Đáp ứng tốt cho tiêu chí với các kiến thức như: Thực hành tương tác dùng các công nghệ số trong quá trình thực hiện đồ án | L80: Đáp ứng tốt cho tiêu chí với các kiến thức như: Thực hành chia sẻ dữ liệu, thông tin v.v. trong quá trình thực hiện đồ án | M80: Đáp ứng tốt cho tiêu chí với các kiến thức như: Thực hành sử dụng công nghệ số trong quá trình đăng ký đồ án v.v. | N80: Đáp ứng tốt cho tiêu chí với các kiến thức như: Thực hành hợp tác qua công nghệ số thực hiện đồ án tốt nghiệp như các hệ thống quản lý code Git v.v. | P80: Đáp ứng tốt cho tiêu chí với các kiến thức như: Quản lý được danh tính số khi thực hành hợp tác qua công nghệ số thực hiện đồ án tốt nghiệp như các hệ thống quản lý code Git v.v. | Q80: Đáp ứng tốt cho tiêu chí với các kiến thức như: Phát triển nội dung số, thiết kế website v.v. theo nội dung đồ án | R80: Đáp ứng tốt cho tiêu chí với các kiến thức như: Phát triển nội dung số, thiết kế website v.v. theo nội dung đồ án | T80: Đáp ứng tốt cho tiêu chí với các kiến thức như: Lập trình, cài đặt hệ thống theo yêu cầu của đồ án | W80: Đáp ứng tốt cho tiêu chí với các kiến thức như: Thực hành xác định được vấn đề thực tế hữu ích cần thiết giải quyết, phát triển trong đồ án | Y80: Đáp ứng tốt cho tiêu chí với các kiến thức như: Thực hành nhận dạng và giải quyết vấn đề kỹ thuật trong quá trình thực hiện đồ án | Z80: Đáp ứng tốt cho tiêu chí với các kiến thức như: Thực hành nhận dạng nhu cầu và giải pháp công nghệ trong quá trình thực hiện đồ án | AF80: =COUNTA(H80:AE80) -> 14
A81: Count all | H81: =COUNTA(H4:H80) -> 25 | I81: =COUNTA(I4:I80) -> 12 | J81: =COUNTA(J4:J80) -> 26 | K81: =COUNTA(K4:K80) -> 7 | L81: =COUNTA(L4:L80) -> 3 | M81: =COUNTA(M4:M80) -> 4 | N81: =COUNTA(N4:N80) -> 3 | O81: =COUNTA(O4:O80) -> 1 | ... AE81: =COUNTA(AE4:AE80) -> 0
A82: Mức độ đáp ứng | H82: Toàn bộ tiêu chí được đáp ứng | I82: Toàn bộ tiêu chí được đáp ứng | J82: Toàn bộ tiêu chí được đáp ứng | K82: Toàn bộ tiêu chí được đáp ứng | L82: Toàn bộ tiêu chí được đáp ứng | M82: Toàn bộ tiêu chí được đáp ứng | N82: Toàn bộ tiêu chí được đáp ứng | O82: Tiêu chí được đáp ứng ở mức độ làm quen | P82: Toàn bộ tiêu chí được đáp ứng | Q82: Toàn bộ tiêu chí được đáp ứng | R82: Toàn bộ tiêu chí được đáp ứng | S82: Toàn bộ tiêu chí được đáp ứng ở mức cơ bản | T82: Toàn bộ tiêu chí được đáp ứng | U82: Xem xét bổ sung các nội dung bảo vệ thiết bị, quyền riêng tư | V82: Toàn bộ tiêu chí được đáp ứng ở mức cơ bản | W82: Toàn bộ tiêu chí được đáp ứng ở mức cơ bản | X82: Không có môn học nào đáp ứng rõ ràng | Y82: Toàn bộ tiêu chí được đáp ứng | Z82: Toàn bộ tiêu chí được đáp ứng | AA82: Không có môn học nào đáp ứng rõ ràng | AB82: Không có môn học nào đáp ứng rõ ràng | AC82: Toàn bộ tiêu chí được đáp ứng | AD82: Toàn bộ tiêu chí được đáp ứng | AE82: Không có môn học nào đáp ứng rõ ràng

Sheet 1. C.B. ASSIN revised
H1: Link trích dẫn https://www.asiin.de/files/content/kriterien/ASIIN_SSC_04_Informatics_Computer_Science_2018-03-29.pdf | K1: Chú thích: Màu được đánh dấu theo quy tắc: Làm gì? Với cái gì? Để được gì? Mức độ nào? Bối cảnh nào, hoạc công cụ nào?
H2: 1. Formal, Algorithmic and Mathematical Competencies | K2: 2. Analysis, Design, Implementation and Project Management Competencies | W2: 3. Technological Competencies | Z2: 4. Methodological and Transfer Competencies | AD2: 5. Interdisciplinary Competencies | AI2: 6. Social Competencies and Self-Competencies
H3: 1.1. Computer scientists must describe problems and requirements precisely in order to convert them into suitable data structures and efficient algorithms. | K3: 2.1. Analysis competence includes above all the will and ability to communicate and cooperate with task setters and future system users and to quickly familiarise oneself with new application contexts. | N3: 2.2. Design competencies include the ability to design hardware and software systems that fully meet the requirements. | Q3: 2.3. The ability to professionally create and carefully test larger program systems is a key part of the implementation competence. | T3: 2.4. Project management skills are needed to design work processes and, in particular, to organize one's own and other people's work. | W3: 3.1. Computer scientists must have a broad and very diverse range of specialist skills. This includes knowledge of modern operating systems, computer architecture and computer networks and their application in concrete problems and application contexts. | Z3: 4.1. computer scientists need further methodological skills in professional practice. | AA3: 4.2. The dynamics of the development in the field of computer science require a transfer competence with which they are able to introduce new computer science methods into an often historically grown operational practice. | AD3: 5.1. Graduates must be able to work on tasks in various fields of application under given technical, economic, ecological and social boundary conditions with the means of computer science and to develop appropriate systems. | AI3: 6.1. Communicative skills | AK3: 6.2. Personal competence
A4: STT | B4: Mã học phần | C4: Học phần | D4: Học kỳ | E4: Khối kiến thức/ Khối học tập | F4: Số tín chỉ | G4: Bắt buộc/ lựa chọn bắt buộc/ lựa chọn tự do | H4: 1. For the modelling of problems and facts, abstract logical and algebraic calculations, graph-theoretical notations, formal languages and automata as well as special calculations are used. | I4: 2. To solve a problem, procedures are used to identify the algorithmic core of the problem. Based on these procedures, algorithms are designed, verified and evaluated with regard to their resource requirements. The calculations contained in the algorithms are thus used for appropriate technical communication and evaluation of problem solutions within the framework of cooperative working relationships. | J4: 3. For special areas of information processing, such as signal and image processing, cryptography or pattern recognition, advanced knowledge of analysis, algebra, combinatorics and statistics is required. | K4: 4. Computer scientists must be able to recognize known problems in the application context and be familiar with the associated solution patterns. | L4: 5. They recognize inconsistencies and can deal with unclear requirements. | M4: 6. Complex domains can be modelled and large application tests can be broken down into sub-problems using appropriate interfaces. | N4: 7. Abstraction capability is also indispensable for this, as is solid knowledge of software architecture. | O4: 8. Human-technology interfaces can be designed application-oriented and ergonomically. | P4: 9. Central to the design is the implementation of non-functional requirements such as security, performance, scalability, maintainability, expandability and reliability. | Q4: 10. For this, they should master the common programming paradigms and be familiar with modern software development methods. | R4: 11. For the maintenance and extension of software, the ability to familiarize oneself with existing source code and to develop it further is necessary. | S4: 12. Knowledge of configuration, change, release, and deployment management is important when dealing with larger systems. | T4: 13. For this purpose, the ability to work in a team and the constructive examination of concepts and proposed solutions are essential. | U4: 14. Computer scientists have learned to develop solutions, even with limited resources, that meet generally accepted quality standards and are accepted by all stakeholders. | V4: 15. This requires basic knowledge of estimating and measuring effort and productivity. | W4: 16. In the field of real-time systems and embedded systems, an understanding of the interaction of a computer with its environment, the use of concurrent systems and system-oriented implementation are of great importance. | X4: 17. In the field of databases, not only the theoretical basics but also the process of database design up to the operation of the database-supported application system as well as data analysis and basics of machine learning have to be mastered. | Y4: 18. Increasingly, a sound knowledge of security measures and mechanisms is required. | Z4: 19. For example, they must be able to empirically evaluate IT systems using systematic procedures. | AA4: 20. This transfer competence includes the ability to analyse and evaluate an existing operating context. | AB4: 21. Apply current adequate methods | AC4: 22. Evaluate the newly generated operating context. | AD4: 23. It is important to maintain an open-minded attitude, without which the core competence of information technology cannot fully unfold in practice. | AE4: 24. Computer scientists require a basic knowledge of business administration, since the planning, development and use of all computer systems take place under economic conditions. | AF4: 25. They should also have at least basic legal knowledge, as they often have to negotiate legally binding documents such as framework agreements, project-specific contracts, and license or usage agreements. | AG4: 26. The legal basis of security aspects should also be taken into account, as should questions of copyright and product liability. | AH4: 27. Computer scientists must be aware of the professional ethical framework and be able to assess the effects of their work on future users and on society in its social, economic, organisational, psychological and legal aspects. | AI4: 28. present their ideas and proposed solutions convincingly in writing or orally | AJ4: 29. recognise differing positions and to integrate them into a solution that is appropriate to the subject and the interests at hand. | AK4: 30. computer scientists should be aware of their professional roles, the associated expectations and any role conflicts in communication situations | AL4: 31. be able to contribute to conflict resolution.
A5: 1 | C5: Triết học Mác Lênin | D5: Kỳ 1 | E5: Giáo dục Đại cương | F5: 3 | G5: Bắt buộc | AB5: Đáp ứng tốt cho tiêu chí với các kiến thức: Phương pháp luận tư duy biện chứng v.v. (L) | AD5: Đáp ứng tốt cho tiêu chí với các kiến thức: Phương pháp luận tư duy biện chứng v.v. (L) | AJ5: Đáp ứng tốt cho tiêu chí với các kiến thức như: Nhận thức khách quan, đa chiều, biện chứng (L)
A6: 2 | C6: Giải tích 1 | D6: Kỳ 1 | E6: Giáo dục Đại cương | F6: 3 | G6: Bắt buộc | H6: Đáp ứng tốt cho tiêu chí với các kiến thức như: Các phép tính giải tích trừu tượng (L) | J6: Đáp ứng tốt cho tiêu chí với các kiến thức như: Lý thuyết, ví dụ về dạng đại số của số phức, dạng lượng giác và dạng mũ của số phức, lũy thừa, công thức Moivre, đáp ứng tốt cho tiêu chí (L) | K6: Đáp ứng tốt cho tiêu chí với các kiến thức: Các bài toán và phương pháp giải quyết của Giải tích 1 (L) | M6: Đáp ứng tốt cho tiêu chí với các kiến thức như: Các phương pháp phân trường hợp biện luận, đánh giá v.v. trong giải tích (L) | N6: Đáp ứng tốt cho tiêu chí với các kiến thức: Trừu tượng hóa của toán học (L) | AB6: Đáp ứng tốt cho tiêu chí với các kiến thức: Các quy tắc tính đạo hàm, Đạo hàm của các hàm số sơ cấp (L)
A7: 3 | C7: Tin học cơ sở 1 | D7: Kỳ 1 | E7: Giáo dục Đại cương | F7: 2 | G7: Bắt buộc | I7: Đáp ứng tốt cho tiêu chí với các kiến thức: Một số khái niệm, Giải thuật, Khái niệm giải thuật, Các phương pháp diễn tả giải thuật (L) | K7: Đáp ứng tốt cho tiêu chí với các kiến thức: Một số khái niệm, Giải thuật (L) | M7: Đáp ứng tốt cho tiêu chí với các kiến thức: Các tác vụ lớn như soạn thảo văn bản, presentation v.v. được chia nhỏ thành nhiều phần, chương (L) | P7: Đáp ứng tốt cho tiêu chí với các kiến thức như: Các khái niệm cơ sở về các yêu cầu phi chức năng như an toàn, hiệu năng, tính mở rộng v.v. (L) | Z7: Đáp ứng tốt cho tiêu chí với các kiến thức: Hệ điều hành và các phần mềm hỗ trợ, Sử dụng và bảo quản máy tính (L) | AB7: Đáp ứng tốt cho tiêu chí với các kiến thức: Các chương trình ứng dụng, Chương trình soạn thảo văn bản Microsoft Word, Chương trình bảng tính Excel, Chương trình PowerPoint (L)
A8: 4 | C8: Đại số | D8: Kỳ 1 | E8: Giáo dục Đại cương | F8: 3 | G8: Bắt buộc | H8: Đáp ứng tốt cho tiêu chí với các kiến thức như: Các phép tính đại số trừu tượng (L) | J8: Đáp ứng tốt cho tiêu chí với các kiến thức như: Ứng dụng đại số Boole vào mạng chuyển mạch (L) | K8: Đáp ứng tốt cho tiêu chí với các kiến thức như: Một số phương pháp giải hệ phương trình (L) | M8: Đáp ứng tốt cho tiêu chí với các kiến thức như: Các phương pháp phân trường hợp biện luận, đánh giá v.v. trong đại số (L) | N8: Đáp ứng tốt cho tiêu chí với các kiến thức: Trừu tượng hóa của toán học (L) | AB8: Đáp ứng tốt cho tiêu chí với các kiến thức: Phương pháp tính toán đại số áp dụng trong các phần mềm v.v. (L)
A9: 5 | C9: Giáo dục thể chất 1 | D9: Kỳ 1 | E9: Giáo dục Đại cương | G9: Bắt buộc
A10: 6 | C10: Giáo dục quốc phòng | D10: Kỳ 1 | E10: Giáo dục Đại cương | G10: Bắt buộc
A11: 7 | C11: Kinh tế chính trị Mác Lênin | D11: Kỳ 2 | E11: Giáo dục Đại cương | F11: 2 | G11: Bắt buộc
A12: 8 | C12: Tiếng Anh (Course 1) | D12: Kỳ 2 | E12: Giáo dục Đại cương | F12: 4 | G12: Bắt buộc | M12: Đáp ứng tốt cho tiêu chí với các kiến thức: Bài luận essay được chia nhỏ thành các ý v.v. (L) | AI12: Đáp ứng tốt cho tiêu chí với các kiến thức như: Kỹ năng nói và viết (L)
A13: 9 | C13: Giải tích 2 | D13: Kỳ 2 | E13: Giáo dục Đại cương | F13: 3 | G13: Bắt buộc | H13: Đáp ứng tốt cho tiêu chí với các kiến thức như: Các phép tính giải tích trừu tượng (L) | J13: Đáp ứng tốt cho tiêu chí với các kiến thức như: Ứng dụng của tích phân bội (L) | K13: Đáp ứng tốt cho tiêu chí với các kiến thức như: Khái niệm chung về phương trình vi phân (L) | M13: Đáp ứng tốt cho tiêu chí với các kiến thức như: Các mệnh đề tương đương v.v. (L) | N13: Đáp ứng tốt cho tiêu chí với các kiến thức: Trừu tượng hóa của toán học (L) | AB13: Đáp ứng tốt cho tiêu chí với các kiến thức: Phương pháp tính toán giải tích áp dụng trong các phần mềm v.v. (L)
A14: 10 | C14: Vật lý ứng dụng | D14: Kỳ 2 | E14: Giáo dục Đại cương | F14: 4 | G14: Bắt buộc | K14: Đáp ứng tốt cho tiêu chí với các kiến thức như: Hiểu về nguyên lý hoạt động của phần cứng và hệ thống CNTT giúp nhận diện bài toán tương ứng (L) | N14: Đáp ứng tốt cho tiêu chí với các kiến thức: Trừu tượng hóa của vật lý (L) | O14: Đáp ứng tốt cho tiêu chí với các kiến thức như: Kiến thức về quang học hỗ trợ thiết kế giao diện thị giác dựa trên công nghệ hiển thị (L)
A15: 11 | B15: INT1155 | C15: Tin học cơ sở 2 | D15: Kỳ 2 | E15: Giáo dục Đại cương | F15: 2 | G15: Bắt buộc | H15: Đáp ứng tốt cho tiêu chí với các kiến thức như: Các khái niệm, thao tác cơ bản với biến, hằng v.v. trong lập trình C (L) | I15: Đáp ứng tốt cho tiêu chí với các kiến thức như: Các thuật toán, hàm và chương trình con v.v. trong ngôn ngữ lập trình C (L) | K15: Đáp ứng tốt cho tiêu chí với các kiến thức như: Các vấn đề trong lập trình C và phương pháp giải quyết (L) | L15: Đáp ứng tốt cho tiêu chí với các kiến thức như: Xử lý input không chuẩn (L) | M15: Đáp ứng tốt cho tiêu chí với các kiến thức như: Hàm và chương trình con (L) | O15: Đáp ứng tốt cho tiêu chí với các kiến thức như: Thiết kế input, output thuận tiện theo quy chuẩn (L) | P15: Đáp ứng tốt cho tiêu chí với các kiến thức như: đảm bảo hiệu suất, tốc độ tính toán (L) | Q15: Đáp ứng tốt cho tiêu chí với các kiến thức như: Phát triển hệ thống, kiểm thử phần mềm sử dụng C (L) | R15: Đáp ứng tốt cho tiêu chí với các kiến thức như: Thông qua các chương trình C được giới thiệu (L) | S15: Đáp ứng tốt cho tiêu chí với các kiến thức như: Thông qua việc triển khai các hệ thống được xây dựng (L) | U15: Đáp ứng tốt cho tiêu chí với các kiến thức như: Xây dựng hệ thống trong bối cảnh thực tế (L) | AB15: Đáp ứng tốt cho tiêu chí với các kiến thức: Phương pháp lập trình C áp dụng trong các phần mềm v.v. (L)
A16: 12 | C16: Kỹ thuật số | D16: Kỳ 2 | E16: Giáo dục Đại cương | F16: 2 | G16: Bắt buộc | H16: Đáp ứng tốt cho tiêu chí với các kiến thức như: Cổng logic, Mạch logic tổ hợp (L) | J16: Đáp ứng tốt cho tiêu chí với các kiến thức như: Mạch logic tổ hợp, Mạch logic tuần tự (L) | K16: Đáp ứng tốt cho tiêu chí với các kiến thức như: Mạch logic tổ hợp, Mạch logic tuần tự (L) | N16: Đáp ứng tốt cho tiêu chí với các kiến thức như: Phương pháp biểu diễn chức năng logic, Mô hình toán học của mạch tuần tự (L) | AB16: Đáp ứng tốt cho tiêu chí với các kiến thức: Phương pháp của kỹ thuật số áp dụng trong các phần mềm v.v. (L)
A17: 13 | C17: Pháp luật đại cương | D17: Kỳ 2 | E17: Giáo dục Đại cương | F17: 2 | G17: Bắt buộc | L17: Đáp ứng tốt cho tiêu chí với các kiến thức như: Giải quyết các tình huống pháp lý có nhiều cách hiểu khác nhau, phân tích và chọn hướng giải quyết phù hợp. (L) | M17: Đáp ứng tốt cho tiêu chí với các kiến thức như: Hệ thống hóa các ngành luật thành nhóm điều chỉnh các lĩnh vực cụ thể (hiến pháp, hình sự, dân sự, lao động, kinh doanh). (L) | AF17: Đáp ứng tốt cho tiêu chí với các kiến thức như: Trang bị kiến thức pháp lý cơ bản (L) | AG17: Đáp ứng tốt cho tiêu chí với các kiến thức như: Trang bị các kiến thức cơ bản về bản quyền (L)
A18: 14 | C18: Giáo dục thể chất 2 | D18: Kỳ 2 | E18: Giáo dục Đại cương | G18: Bắt buộc
C19: Chủ nghĩa xã hội khoa học | D19: Kỳ 3 | E19: Giáo dục Đại cương | F19: 2 | G19: Bắt buộc
C20: Tiếng Anh (Course 2) | D20: Kỳ 3 | E20: Giáo dục Đại cương | F20: 4 | G20: Bắt buộc | AI20: Đáp ứng tốt cho tiêu chí với các kiến thức như: Kỹ năng viết và trình bày trong Tiếng Anh (L)
A21: 15 | B21: INT1358 | C21: Toán rời rạc 1 | D21: Kỳ 3 | E21: Cơ sở ngành | F21: 3 | G21: Bắt buộc | H21: Đáp ứng tốt cho tiêu chí với các kiến thức như: Một số kiến thức cơ bản về logic và tập hợp, Logic mệnh đề, Logic vị từ, Tập hợp (M) | I21: Đáp ứng tốt cho tiêu chí với các kiến thức như: Bài toán đếm: Một số nguyên lý đếm cơ bản, Một số phương pháp đếm đặc biệt (M) | J21: Đáp ứng tốt cho tiêu chí với các kiến thức như: Bài toán đếm: Một số nguyên lý đếm cơ bản, Một số phương pháp đếm đặc biệt (M) | K21: Đáp ứng tốt cho tiêu chí với các kiến thức như: Bài toán tối ưu, các bài toán đếm v.v. và các thuật toán giải (M) | M21: Đáp ứng tốt cho tiêu chí với các kiến thức như: Chia bài toán con v.v. (M) | N21: Đáp ứng tốt cho tiêu chí với các kiến thức như: Một số kiến thức cơ bản về logic, tập hợp v.v. (M) | AB21: Đáp ứng tốt cho tiêu chí với các kiến thức: Các phương pháp của toán rời rạc áp dụng trong các phần mềm v.v. (M)
A22: 16 | C22: Xác suất thống kê | D22: Kỳ 3 | E22: Giáo dục Đại cương | F22: 3 | G22: Bắt buộc | H22: Đáp ứng tốt cho tiêu chí với các kiến thức như: Các định nghĩa, tính toán xác suất, Xác suất của biến cố đối, Xác suất có điều kiện, Quy tắc nhân xác suất, Công thức xác suất đầy đủ v.v. (L) | J22: Đáp ứng tốt cho tiêu chí với các kiến thức như: Cơ sở lý thuyết mẫu, Luật phân bố của một số thống kê đặc trưng mẫu v.v. (L) | K22: Đáp ứng tốt cho tiêu chí với các kiến thức như: Các bài toán xác suất thống kê và phương pháp giải quyết v.v. (L) | N22: Đáp ứng tốt cho tiêu chí với các kiến thức như: Biến ngẫu nhiên liên tục, Các tham số đặc trưng của biến ngẫu nhiên v.v. (L) | AB22: Đáp ứng tốt cho tiêu chí với các kiến thức: Các phương pháp của xác suất thống kê áp dụng trong các phần mềm v.v. (L)
A23: 17 | B23: ELE1330 | C23: Xử lý tín hiệu số | D23: Kỳ 3 | E23: Cơ sở ngành | F23: 2 | G23: Bắt buộc | H23: Đáp ứng tốt cho tiêu chí với các kiến thức như: Các khái niệm, tính toán, xử lý tín hiệu và hệ thống rời rạc (M) | I23: Đáp ứng tốt cho tiêu chí với các kiến thức như: Mô hình biểu diễn tín hiệu, hệ thống trong miền tần số rời rạc sử dụng thuật toán FFT v.v. (M) | J23: Đáp ứng tốt cho tiêu chí với các kiến thức như: Bộ lọc số (M) | K23: Đáp ứng tốt cho tiêu chí với các kiến thức như: Bài toán biểu diễn hệ thống trong miền tần số, các bài toán và giải pháp liên quan v.v. (M) | N23: Đáp ứng tốt cho tiêu chí với các kiến thức như: Trừu tượng hóa, biểu diễn tín hiệu và hệ thống trong miền Z (M) | AB23: Đáp ứng tốt cho tiêu chí với các kiến thức: Các phương pháp của xử lý tín hiệu số áp dụng trong các phần mềm v.v. (M)
A24: 18 | B24: INT1339 | C24: Ngôn ngữ lập trình C++ | D24: Kỳ 3 | E24: Cơ sở ngành | F24: 3 | G24: Bắt buộc | H24: Đáp ứng tốt cho tiêu chí với các kiến thức như: Cơ bản về ngôn ngữ C++ như biến, hằng, địa chỉ, lớp, thực thể v.v. (M) | I24: Đáp ứng tốt cho tiêu chí với các kiến thức như: Cơ bản về ngôn ngữ C++ (M) | K24: Đáp ứng tốt cho tiêu chí với các kiến thức như: Lập trình hướng đối tượng trong C++ (M) | L24: Đáp ứng tốt cho tiêu chí với các kiến thức như: Ngoại lệ (M) | M24: Đáp ứng tốt cho tiêu chí với các kiến thức như: Tính kế thừa v.v. (M) | N24: Đáp ứng tốt cho tiêu chí với các kiến thức như: Khái niệm lớp trừu tượng hóa các đối tượng v.v. (M) | O24: Đáp ứng tốt cho tiêu chí với các kiến thức như: Thiết kế input, output thuận tiện theo quy chuẩn (M) | P24: Đáp ứng tốt cho tiêu chí với các kiến thức như: Đảm bảo tính kế thừa, đa hình v.v. (M) | Q24: Đáp ứng tốt cho tiêu chí với các kiến thức như: Phát triển hệ thống, kiểm thử phần mềm sử dụng C++ (M) | R24: Đáp ứng tốt cho tiêu chí với các kiến thức như: Thông qua các chương trình C++ được giới thiệu (M) | S24: Đáp ứng tốt cho tiêu chí với các kiến thức như: Thông qua việc triển khai các hệ thống được xây dựng (M) | AB24: Đáp ứng tốt cho tiêu chí với các kiến thức: Các phương pháp của lập trình C++ áp dụng trong các phần mềm v.v. (M)
A25: 19 | C25: Kỹ năng mềm 1 | D25: Kỳ 3 | E25: Giáo dục Đại cương | G25: Lựa chọn tự do
A26: 20 | C26: Tư tưởng Hồ Chí Minh | D26: Kỳ 4 | E26: Giáo dục Đại cương | F26: 2 | G26: Bắt buộc | AD26: Đáp ứng tốt cho tiêu chí với các kiến thức như: Tư tưởng Hồ Chí Minh là nền tảng tư tưởng và kim chỉ nam giúp rèn luyện tinh thần cởi mở (L)
A27: 21 | C27: Tiếng Anh (Course 3) | D27: Kỳ 4 | E27: Giáo dục Đại cương | F27: 4 | G27: Bắt buộc | AI27: Viết câu mở đoạn, câu kết đoạn và phát triển đoạn văn hoàn chỉnh (L)
A28: 22 | B28: INT130145 | C28: Kiến trúc máy tính | D28: Kỳ 4 | E28: Cơ sở ngành | F28: 3 | G28: Bắt buộc | H28: Đáp ứng tốt cho tiêu chí với các kiến thức như: Khối tính toán số học và lôgic, các phép toán địa chỉ v.v. (M) | I28: Đáp ứng tốt cho tiêu chí với các kiến thức như: Tư duy thuật toán, quy trình chẳng hạn trong hoạt động của bộ nhớ cache (M) | K28: Đáp ứng tốt cho tiêu chí với các kiến thức như: Các vấn đề pipeline: xung đột dữ liệu, xung đột rẽ nhánh, và xung đột tài nguyên (M) | L28: Đáp ứng tốt cho tiêu chí với các kiến thức như: Các vấn đề pipeline: xung đột dữ liệu, xung đột rẽ nhánh, và xung đột tài nguyên (M) | M28: Đáp ứng tốt cho tiêu chí với các kiến thức: Kiến trúc máy tính gồm các khối chức năng như RAM, CPU, khối vào ra v.v. (M) | N28: Đáp ứng tốt cho tiêu chí với các kiến thức như: Kiến trúc SIMD và MIMD (M) | P28: Đáp ứng tốt cho tiêu chí với các kiến thức như: Chính sách thay thế dòng và hiệu năng bộ nhớ Cache (M) | W28: Đáp ứng tốt cho tiêu chí với các kiến thức như: Lập trình hệ thống (system programming) và hướng hệ thống (system-oriented programming) liên quan trực tiếp phần cứng v.v. (M) | AB28: Đáp ứng tốt cho tiêu chí với các kiến thức: Các phương pháp trong kiến trúc máy tính áp dụng trong điện toán v.v. (M)
A29: 23 | B29: INT1359 | C29: Toán rời rạc 2 | D29: Kỳ 4 | E29: Cơ sở ngành | F29: 3 | G29: Bắt buộc | H29: Đáp ứng tốt cho tiêu chí với các kiến thức như: Định nghĩa, biểu diễn, thao tác, tính toán trên đồ thị v.v. (M) | I29: Đáp ứng tốt cho tiêu chí với các kiến thức như: Các thuật toán tìm kiếm trên đồ thị (M) | J29: Đáp ứng tốt cho tiêu chí với các kiến thức như: Đồ thị Euler và Đồ thị Hamilton (M) | K29: Đáp ứng tốt cho tiêu chí với các kiến thức như: Tìm hiểu vai trò của lý thuyết đồ thị (M) | M29: Đáp ứng tốt cho tiêu chí với các kiến thức như: Cây và cây khung của đồ thị (M) | N29: Đáp ứng tốt cho tiêu chí với các kiến thức như: Mô hình hóa các quan hệ thành dạng cấu trúc đồ thị, biểu diễn đồ thị theo các dạng khác nhau v.v. (M) | AB29: Đáp ứng tốt cho tiêu chí với các kiến thức: Các phương pháp của lý thuyết đồ thị áp dụng trong điện toán v.v. (M)
A30: 24 | B30: INT1306 | C30: Cấu trúc dữ liệu và giải thuật | D30: Kỳ 4 | E30: Cơ sở ngành | F30: 3 | G30: Bắt buộc | I30: Đáp ứng tốt cho tiêu chí với các kiến thức như: Thuật toán và giải thuật (M) | K30: Đáp ứng tốt cho tiêu chí với các kiến thức như: Các mô hình thuật toán (M) | M30: Đáp ứng tốt cho tiêu chí với các kiến thức như: Mô hình giải thuật Quy hoạch động (M) | N30: Đáp ứng tốt cho tiêu chí với các kiến thức như: Mô hình hóa dữ liệu theo các cấu trúc kèm theo các thao tác cụ thể với dữ liệu (M) | P30: Đáp ứng tốt cho tiêu chí với các kiến thức như: Sắp xếp và tìm kiếm (M) | AB30: Đáp ứng tốt cho tiêu chí với các kiến thức: Các cấu trúc dữ liệu và giải thuật áp dụng trong điện toán v.v. (M)
A31: 25 | B31: ELE1319 | C31: Lý thuyết thông tin | D31: Kỳ 4 | E31: Cơ sở ngành | F31: 3 | G31: Bắt buộc | H31: Đáp ứng tốt cho tiêu chí với các kiến thức như: Một số cấu trúc đại số cơ bản (M) | I31: Đáp ứng tốt cho tiêu chí với các kiến thức như: Giải mã theo thuật toán chia dịch vòng (M) | K31: Đáp ứng tốt cho tiêu chí với các kiến thức như: Đặt bài toán và các khái niệm cơ bản (M) | AB31: Đáp ứng tốt cho tiêu chí với các kiến thức: Các phương pháp của lý thuyết thông tin áp dụng trong điện toán v.v. (M)
A32: 26 | C32: Kỹ năng mềm 2 | D32: Kỳ 4 | E32: Giáo dục Đại cương | G32: Lựa chọn tự do
A33: 27 | C33: Lịch sử Đảng cộng sản Việt Nam | D33: Kỳ 5 | E33: Giáo dục Đại cương | F33: 2 | G33: Bắt buộc | M33: Đáp ứng tốt cho tiêu chí với các kiến thức như: Xây dựng và bảo vệ chính quyền trong các dai đoạn cách mạng, các tình huống lịch sử (L)
A34: 28 | B34: INT13162 | C34: Lập trình với Python | D34: Kỳ 5 | E34: Cơ sở ngành | F34: 3 | G34: Bắt buộc | H34: Đáp ứng tốt cho tiêu chí với các kiến thức như: Tạo và sử dụng một lớp (M) | I34: Đáp ứng tốt cho tiêu chí với các kiến thức như: Định nghĩa một hàm, các thuật toán với kiểu dữ liệu cảu Python v.v. (M) | K34: Đáp ứng tốt cho tiêu chí với các kiến thức như: Các bài toán và giải pháp liên quan lập trình Python (M) | L34: Đáp ứng tốt cho tiêu chí với các kiến thức như: Ngoại lệ (M) | M34: Đáp ứng tốt cho tiêu chí với các kiến thức như: Truyền một số lượng đối số tùy ý (M) | N34: Đáp ứng tốt cho tiêu chí với các kiến thức như: Làm việc với các lớp và thực thể v.v. (M) | O34: Đáp ứng tốt cho tiêu chí với các kiến thức như: Thiết kế input, output, giao diện phù hợp (M) | P34: Đáp ứng tốt cho tiêu chí với các kiến thức như: Tài khoản người dùng (M) | Q34: Đáp ứng tốt cho tiêu chí với các kiến thức như: Phát triển hệ thống, kiểm thử phần mềm sử dụng Python (M) | R34: Đáp ứng tốt cho tiêu chí với các kiến thức như: Thông qua các chương trình Python được giới thiệu (M) | S34: Đáp ứng tốt cho tiêu chí với các kiến thức như: Thông qua việc triển khai các hệ thống được xây dựng (M) | U34: Đáp ứng tốt cho tiêu chí với các kiến thức như: Xây dựng hệ thống trong bối cảnh thực tế (M) | AB34: Đáp ứng tốt cho tiêu chí với các kiến thức: Các phương pháp lập trình Python áp dụng trong điện toán v.v. (M)
A35: 29 | B35: INT1319 | C35: Hệ điều hành | D35: Kỳ 5 | E35: Cơ sở ngành | F35: 3 | G35: Bắt buộc | H35: Đáp ứng tốt cho tiêu chí với các kiến thức như: Quản lý tiến trình, Quản lý bộ nhớ (M) | I35: Đáp ứng tốt cho tiêu chí với các kiến thức như: Quản lý tiến trình, Quản lý bộ nhớ (M) | K35: Đáp ứng tốt cho tiêu chí với các kiến thức như: Quản lý tiến trình, Quản lý bộ nhớ (M) | L35: Đáp ứng tốt cho tiêu chí với các kiến thức như: Quản lý tiến trình (Tình trạng bế tắc và đói), Quản lý bộ nhớ (Tình trạng trì trệ) (M) | M35: Đáp ứng tốt cho tiêu chí với các kiến thức như: Quản lý tiến trình, Quản lý bộ nhớ (M) | N35: Đáp ứng tốt cho tiêu chí với các kiến thức như: Mô hình trừu tượng hóa hệ điều hành theo các lớp, trừu tượng hóa phần cứng thành các cấu trúc dạng file, ảo hóa bộ nhớ theo địa chỉ ảo v.v. (M) | P35: Đáp ứng tốt cho tiêu chí với các kiến thức như: Giới thiệu hệ điều hành, Hệ thống File, Quản lý bộ nhớ (M) | W35: Đáp ứng tốt cho tiêu chí với các kiến thức như: Kiến thức về các tiến trình song song, kiến thức về hệ thống v.v. (M) | Z35: Đáp ứng tốt cho tiêu chí với các kiến thức như: Kiến thức hệ điều hành giúp đánh giá các hệ điều hành v.v. (M) | AA35: Đáp ứng tốt cho tiêu chí với các kiến thức như: Các kiến thức hệ điều hành giúp phân tích, đánh giá ngữ cảnh vận hành của các hệ thống CNTT (M) | AB35: Đáp ứng tốt cho tiêu chí với các kiến thức: Các phương pháp của hệ điều hành áp dụng trong điện toán v.v. (M)
A36: 30 | B36: INT1336 | C36: Mạng máy tính | D36: Kỳ 5 | E36: Cơ sở ngành | F36: 3 | G36: Bắt buộc | H36: Đáp ứng tốt cho tiêu chí với các kiến thức như: Nguyên tắc định tuyến (M) | I36: Đáp ứng tốt cho tiêu chí với các kiến thức như: Các giao thức định tuyến (M) | K36: Đáp ứng tốt cho tiêu chí với các kiến thức như: Các bài toán và giải pháp liên quan mạng máy tính (M) | L36: Đáp ứng tốt cho tiêu chí với các kiến thức như: Các nguyên lý truyền tin cậy (M) | M36: Đáp ứng tốt cho tiêu chí với các kiến thức như: Các thiết bị: Hub, Bridge, Switch, Router (M) | N36: Đáp ứng tốt cho tiêu chí với các kiến thức như: Các mô hình logic (M) | P36: Đáp ứng tốt cho tiêu chí với các kiến thức như: Các giao thức ICMP, DHCP, ARP, NAT (M) | W36: Đáp ứng tốt cho tiêu chí với các kiến thức như: Kiến thức về các công nghệ không dây, kết nối-điều khiển máy tính và các thiết bị v.v. (M) | Z36: Đáp ứng tốt cho tiêu chí với các kiến thức như: Kiến thức mạng máy tính giúp đánh giá hệ thống mạng (M) | AA36: Đáp ứng tốt cho tiêu chí với các kiến thức như: Các kiến thức mạng máy tính giúp phân tích, đánh giá ngữ cảnh vận hành của các hệ thống CNTT (M) | AB36: Đáp ứng tốt cho tiêu chí với các kiến thức: Các phương pháp của mạng máy tính áp dụng trong điện toán v.v. (M)
A37: 31 | B37: INT1332 | C37: Lập trình hướng đối tượng | D37: Kỳ 5 | E37: Cơ sở ngành | F37: 3 | G37: Bắt buộc | I37: Đáp ứng tốt cho tiêu chí với các kiến thức như: Kế thừa và Đa hình (M) | K37: Đáp ứng tốt cho tiêu chí với các kiến thức như: Các bài toán và giải pháp liên quan lập trình hướng đối tượng (M) | L37: Đáp ứng tốt cho tiêu chí với các kiến thức như: Ngoại lệ (M) | M37: Đáp ứng tốt cho tiêu chí với các kiến thức như: Xử lý mảng và Xâu ký tự (M) | N37: Đáp ứng tốt cho tiêu chí với các kiến thức như: Các khái niệm lớp, đối tượng, đa hình v.v. (M) | O37: Đáp ứng tốt cho tiêu chí với các kiến thức như: Thiết kế input, output thuận tiện theo quy chuẩn (M) | P37: Đáp ứng tốt cho tiêu chí với các kiến thức như: Kế thừa và Đa hình (M) | Q37: Đáp ứng tốt cho tiêu chí với các kiến thức như: Phát triển hệ thống, kiểm thử các phần mềm sử dụng ngôn ngữ lập trình Java (M) | R37: Đáp ứng tốt cho tiêu chí với các kiến thức như: Thông qua các chương trình Java được giới thiệu (M) | S37: Đáp ứng tốt cho tiêu chí với các kiến thức như: Thông qua việc triển khai các hệ thống được xây dựng (M) | U37: Đáp ứng tốt cho tiêu chí với các kiến thức như: Xây dựng hệ thống trong bối cảnh thực tế (M) | AB37: Đáp ứng tốt cho tiêu chí với các kiến thức: Các phương pháp lập trình hướng đối tượng áp dụng trong điện toán v.v. (M)
A38: 32 | B38: INT1313 | C38: Cơ sở dữ liệu | D38: Kỳ 5 | E38: Cơ sở ngành | F38: 3 | G38: Bắt buộc | H38: Đáp ứng tốt cho tiêu chí với các kiến thức như: Các khái niệm, tính toán kiểm tra các dạng chuẩn - norm (M) | I38: Đáp ứng tốt cho tiêu chí với các kiến thức như: Các phương pháp, thuật toán truy vấn dữ liệu v.v. (M) | K38: Đáp ứng tốt cho tiêu chí với các kiến thức như: Các bài toán liên quan CSDL và giải pháp (M) | L38: Đáp ứng tốt cho tiêu chí với các kiến thức như: Chuẩn hóa thiết kế CSDL (M) | M38: Đáp ứng tốt cho tiêu chí với các kiến thức như: Mô hình dữ liệu (M) | N38: Đáp ứng tốt cho tiêu chí với các kiến thức như: Mô hình thực thể liên kết (M) | X38: Đáp ứng tốt cho tiêu chí với các kiến thức như: Thiết kế cơ sở dữ liệu (M) | Z38: Đáp ứng tốt cho tiêu chí với các kiến thức như: Kiến thức cơ sở dữ liệu giúp đánh giá các hệ CSDL (M) | AB38: Đáp ứng tốt cho tiêu chí với các kiến thức: Các phương pháp của CSDL áp dụng trong điện toán v.v. (M)
A39: 33 | C39: Tiếng Anh (Course 3 Plus) | D39: Kỳ 5 | E39: Giáo dục Đại cương | F39: 2 | G39: Bắt buộc | AI39: Đáp ứng tốt cho tiêu chí với các kiến thức như: Năng lực giao tiếp (L)
A40: 34 | B40: INT1434 | C40: Lập trình web | D40: Kỳ 6 | E40: Chuyên ngành | F40: 3 | G40: Bắt buộc | I40: Đáp ứng tốt cho tiêu chí với các kiến thức như: Xây dựng ứng dụng web theo mô hình MVC (H) | K40: Đáp ứng tốt cho tiêu chí với các kiến thức như: Các ứng dụng web và các nền tảng công nghệ, giải pháp hỗ trợ (H) | L40: Đáp ứng tốt cho tiêu chí với các kiến thức như: Ngoại lệ (H) | M40: Đáp ứng tốt cho tiêu chí với các kiến thức như: Các bước tạo kết nối cơ sở dữ liệu (H) | N40: Đáp ứng tốt cho tiêu chí với các kiến thức như: Mô hình ứng dụng 3 tầng MVC (H) | O40: Đáp ứng tốt cho tiêu chí với các kiến thức như: Thiết kế input, output, giao diện phù hợp (H) | P40: Đáp ứng tốt cho tiêu chí với các kiến thức như: Triển khai ứng dụng với các nền tảng web đảm bảo hiệu suất, duy trì, mở rộng v.v. (H) | Q40: Đáp ứng tốt cho tiêu chí với các kiến thức như: Phát triển hệ thống, kiểm thử các phần mềm web (H) | R40: Đáp ứng tốt cho tiêu chí với các kiến thức như: Thông qua các chương trình mẫu được giới thiệu (H) | S40: Đáp ứng tốt cho tiêu chí với các kiến thức như: Thông qua việc triển khai các hệ thống được xây dựng (H) | U40: Đáp ứng tốt cho tiêu chí với các kiến thức như: Xây dựng hệ thống trong bối cảnh thực tế (H) | X40: Đáp ứng tốt cho tiêu chí với các kiến thức như: Giới thiệu về JDBC, CSDL web v.v. (H) | AB40: Đáp ứng tốt cho tiêu chí với các kiến thức: Các phương pháp lập trình web áp dụng trong điện toán v.v. (H)
